Workbook
Name \a: #REF!
Name \AUTOEXEC: #REF!
Name \HOMEPOS: #REF!
Name \k: #REF!
Name \m: #REF!
Name \m1: #REF!
Name \n: #REF!
Name \o: #REF!
Name \s: #REF!
Name \z: #REF!
Name _______________a2: #REF!
Name ____________a2: #REF!
Name ___________a2: #REF!
Name __________a2: #REF!
Name _________a2: #REF!
Name _________A65560: [1]График!#REF!
Name _________E65560: [1]График!#REF!
Name ________a2: #REF!
Name _______A65560: [2]График!#REF!
Name _______E65560: [2]График!#REF!
Name _______SMT1: #REF!
Name _______SMT3: #REF!
Name ______a2: #REF!
Name ______A65560: [1]График!#REF!
Name ______E65560: [1]График!#REF!
Name ______SMT1: #REF!
Name ______SMT3: #REF!
Name _____a2: #REF!
Name _____A65560: [2]График!#REF!
Name _____E65560: [2]График!#REF!
Name _____SMT1: #REF!
Name _____SMT3: #REF!
Name ____a2: #REF!
Name ____A65560: [2]График!#REF!
Name ____E65560: [2]График!#REF!
Name ____SMT1: #REF!
Name ____SMT3: #REF!
Name ___a2: #REF!
Name ___A65560: [2]График!#REF!
Name ___E65560: [2]График!#REF!
Name ___k116: '[3]Зап-3- СЦБ'!#REF!
Name ___k121: '[3]Зап-3- СЦБ'!#REF!
Name ___SMT1: #REF!
Name ___SMT3: #REF!
Name ___SP1: [4]FES!#REF!
Name ___SP10: [4]FES!#REF!
Name ___SP11: [4]FES!#REF!
Name ___SP12: [4]FES!#REF!
Name ___SP13: [4]FES!#REF!
Name ___SP14: [4]FES!#REF!
Name ___SP15: [4]FES!#REF!
Name ___SP16: [4]FES!#REF!
Name ___SP17: [4]FES!#REF!
Name ___SP18: [4]FES!#REF!
Name ___SP19: [4]FES!#REF!
Name ___SP2: [4]FES!#REF!
Name ___SP20: [4]FES!#REF!
Name ___SP3: [4]FES!#REF!
Name ___SP4: [4]FES!#REF!
Name ___SP5: [4]FES!#REF!

Sheet Доп. затраты КТ
A1: Расстояние до ТЭЦ-3, км | B1: 25
A2: Расстояние до полигона Бадалык, км | B2: 20
A3: Температура, °C | B3: 150
I11: 1 | J11: Авторский надзор.
I12: 2 | J12: Затраты на производство работ в зимнее время 4,8% (согласно Письмо_1.PDF).
I13: 3 | J13: Непредвиденные затраты 3% (согласно Письмо_1.PDF).
I14: 4 | J14: =CONCATENATE("На перевозку давальческих материалов в соответствии с прилагаемым письмом о включении стоимости перевозки. Расстояние от ТЭЦ-3 до объекта – ",B1," км. (согласно Письмо_2.PDF).") -> На перевозку давальческих материалов в соответствии с прилагаемым письмом о включении стоимости перевозки. Расстояние от ТЭЦ-3 до объекта – 25 км. (согласно Письмо_2.PDF).
I15: 5 | J15: =ЕСЛИОШИБКА(_xlfn.IFS(И(Исходная!$B$10>=$L$24;Исходная!$B$10<=$M$24;Исходная!$C$10<=$N$24);_xlfn.CONCAT(K24;$P$24;" т.р. (согласно Письмо_3.PDF).");И(Исходная!$B$10>=$L$24;Исходная!$B$10<=$M$24;Исходная!$C$10>=$O$24);_xlfn.CONCAT(K24;$Q$24;" т.р. (согласно Письмо_3.PDF).");И(Исходная!$B$10>=$L$25;Исходная!$C$10<=$N$25);_xlfn.CONCAT($K$25;$P$25;" т.р. (согласно Письмо_3.PDF).");И(Исходная!$B$10>=$L$25;Исходная!$C$10>=$O$25);_xlfn.CONCAT($K$25;$Q$25;" т.р. (согласно Письмо_3.PDF)."));"")
I16: 6 | J16: Прохождение первичного технического освидетельствования трубопроводов тепловой сети – 100 т.р. (согласно Письмо_3.PDF). | K16: =IF(AND(B3>115,ИД!B11>=L26,ИД!C11<=N26,),P26) -> FALSE
I17: 7 | J17: Затраты на разработку проекта организации дорожного движения (ПОДД) – 290 т.р. (согласно Письмо_1, Письмо_4, Протокол).
I18: 8 | J18: =CONCATENATE("Расстояния:",CHAR(10), "- для вывоза мусора и лишнего грунта (Бадалык) – ",B2," км; - временное складирование грунта (Бадалык) – ",B2," км; - вывоз металлолома (ТЭЦ-3) – ",B1," км.") -> Расстояния: - для вывоза мусора и лишнего грунта (Бадалык) – 20 км; - временное складирование грунта (Бадалык) – 20 км; - вывоз металлолома (ТЭЦ-3) – 25 км.
K22: Наименование | L22: Диаметр, мм | N22: Длина, м | P22: Цена, т.р
L23: мин | M23: макс | N23: меньше | O23: больше | P23: меньше | Q23: больше
K24: Получение заключения экспертизы промышленной безопасности на трубопроводы тепловой сети - | L24: 125 | M24: 300 | N24: 100 | O24: 101 | P24: 100 | Q24: 300
K25: Изготовление декларации о соответствии трубопровода тепловой сети требованиям ТР ТС 032/2013 - | L25: 350 | N25: 100 | O25: 101 | P25: 75 | Q25: 100
K26: Прохождение первичного технического освидетельствования трубопроводов тепловой сети - | L26: 100 | N26: 100 | O26: 101 | P26: 30 | Q26: 100

Sheet Свод. см. 1
A2: СВОДНАЯ СМЕТА
A6: =[67]ИД!$A$3 -> Наименование объекта: | C6: =ИД!$B$3 -> Многоквартирные жилые дома. Этап 3. Этап 4. Жилой дом №4", расположенного по адресу: Российская Федерация, Красноярский край, г. Красноярск, ул. Кутузова, кадастровый номер 24:50:0600031:15100, 24:50:0000000:347853
A7: =[67]ИД!$A$4 -> Шифр:
A8: =[67]ИД!$A$5 -> Стадия проектирования: | C8: Рабочая документация (технологическое присоединение)
A9: =[67]ИД!$A$6 -> Наименование проектной организации:
A10: =[67]ИД!$A$2 -> Наименование организации заказчика: | C10: =ИД!$B$2 -> ООО "КСК"
A12: № п/п | B12: Вид работ | D12: Общая стоимость, руб. БЕЗ НДС
A13: 1 | B13: Выполнение инженерно-геодезических изысканий | D13: =#REF! -> #REF!
A14: =A13+1 -> 2 | B14: Выполнение инженерно-геологических изысканий | D14: =#REF! -> #REF!
A15: =A14+1 -> 3 | B15: Выполнение инженерно-гидрометерологических изысканий | D15: =#REF! -> #REF!
A16: =A15+1 -> 4 | B16: Выполнение инженерно-экологических изысканий | D16: =#REF! -> #REF!
A17: =#REF!+1 -> #REF! | D17: =#REF! -> #REF!
A18: 1 | B18: Выполнение проектной документации по наружным сетям водоснабжения 0 | D18: =#REF!*1000 -> #REF!
A19: 2 | B19: Выполнение проектной документации по наружным сетям канализации | D19: =ПИР_НК!F34*1000 -> 514097.95
B20: Итого | D20: =SUM(D18:D19) -> #REF!

Sheet ИД
A1: Номер договора: | F1: 1 | G1: ИГДИ | I1: Договор с ООО «ГеоСтройТех» №Сибиац-22/1419 от 14.12.22, приложение № 2 | L1: Итого, тыс. руб | M1: =SUM(M2:M5) -> #REF! | N1: =K10 -> Стесненность | P1: =E9 -> Сети
A2: Наименование организации заказчика: | B2: ООО "КСК" | F2: 1 | G2: ИГИ | I2: =I1 -> Договор с ООО «ГеоСтройТех» №Сибиац-22/1419 от 14.12.22, приложение № 2 | L2: Изыскания, тыс. руб | M2: =(Изыск._1!F28+Изыск._2!F28+Изыск._3!F28+Изыск._4!F28)/1000 -> 0 | N2: Канальная
A3: Наименование объекта: | B3: Многоквартирные жилые дома. Этап 3. Этап 4. Жилой дом №4", расположенного по адресу: Российская Федерация, Красноярский край, г. Красноярск, ул. Кутузова, кадастровый номер 24:50:0600031:15100, 24:50:0000000:347853 | F3: 1 | G3: ИЭИ | I3: =I1 -> Договор с ООО «ГеоСтройТех» №Сибиац-22/1419 от 14.12.22, приложение № 2 | L3: ПИР, тыс. руб | M3: =#REF!+ПИР_2!F30+ПИР_АСУТП!I39+ПИР_Труд.зат.!H39/1000 -> #REF! | N3: Надземная
A4: Шифр: | F4: 1 | G4: ИГМИ | I4: =I1 -> Договор с ООО «ГеоСтройТех» №Сибиац-22/1419 от 14.12.22, приложение № 2 | L4: =IF(B5=списки!G36,CONCATENATE("Экспертиза,",CHAR(10),"тыс. руб"),IF(B5=списки!G37,CONCATENATE("ЭПБ,",CHAR(10),"тыс. руб"),IF(B5=списки!G38,CONCATENATE("Экспертиза,",CHAR(10),"тыс. руб"),""))) -> ЭПБ, тыс. руб | M4: =IF(B5=списки!G36,Эксперт.!F24/1000,IF(B5=списки!G37,ЭПБ!F24/1000,IF(B5=списки!G38,Эксперт.!F24/1000,""))) -> 0 | N4: Рек, Тех. пер. | P4: =O9 -> Общее
A5: Стадия проектирования: | B5: Рабочая документация | F5: ЭПБ | I5: Договор с ООО "Сибирская экспертная компания" №Сибиац-20/1202 от 29.12.20, приложение №3 | L5: Суб.подр.СМ, тыс. руб | M5: =(Суб.подр.СМ_1!F24+Суб.подр.СМ_2!F24)/1000 -> 0 | N5: Стоим. дня в тыс. р./ Всего дней | O5: 14 | P5: =ROUNDDOWN(M3/O5,0) -> #REF!
A6: Наименование проектной организации: | B6: ООО "Сибэнергоэксперт" | F6: Экспертиза | I6: Договор с ООО "СибСтройЭксперт" №СибИАЦ-21/1484 от 28.11.2021, п. 4.1 | L6: ="внесение изменения № "&M6 -> внесение изменения №
A7: 1 ПИР ОБ, РЭ, РР | B7: =IFERROR(#REF!*1000,"") | D7: Название сметы_1 | F7: Наименование работ_1 | I7: Основание договор/КП/смета_1 | L7: Письмо Минстроя России 26.01.2026 г. № 3017-ИФ/09 | N7: 1.68 | O7: Ген. подряд | P7: 0.01
A8: 2 ПИР ОБ, РЭ, РР | B8: =IFERROR(ПИР_2!F28*1000,"") | D8: Название сметы_2 | F8: Наименование работ_2 | I8: Основание договор/КП/смета_2
A9: Общее | D9: Узлы и трубы | E9: Сети | L9: ЦТП | M9: БАГВ | O9: =A9 -> Общее | U9: Трубопроводы | AD9: Узел | AF9: БАГВ | AH9: ЦТП | AI9: МУ | AK9: СБЦП 81-2001-07 | BA9: МУ
A10: Тип объекта | C10: Длина сети, м Кол-во узлов, шт | D10: Кол. труб | E10: Тип прокладки | F10: =коэфф.!A17 -> Глуб. залож. до нижнего габарита, м | G10: Высота опоры надзем. прокл., м | H10: Кол. пересечений с сущ. коммун. | I10: Пересеченн. местность, овраги | J10: Совместный технолог. трубопров. | K10: Стесненность | Q10: Пункт | R10: {='СБЦП 81-02-07-2001'!E1:E1} -> a, тыс. руб. | S10: {='СБЦП 81-02-07-2001'!F1:F1} -> в, тыс. руб. | U10: =коэфф.!B2 -> п. 2.6.5 | V10: =коэфф.!B3 -> п. 2.6.6 | W10: =коэфф.!B4 -> п. 2.6.7 | X10: =коэфф.!B5 -> п. 2.6.8 | Y10: =коэфф.!B7 -> п. 2.6.9 | Z10: =коэфф.!B9 -> п. 2.6.10 | AA10: =коэфф.!B11 -> п. 2.6.11 | AB10: =коэфф.!B11 -> п. 2.6.11 | AC10: =коэфф.!B11 -> п. 2.6.11 | AD10: =коэфф.!B18 -> п. 2.6.12 | AE10: =AD10 -> п. 2.6.12 | AF10: =коэфф.!B20 -> п. 2.6.13 | AG10: =AF10 -> п. 2.6.13 | AH10: =коэфф.!B22 -> п. 2.6.14 | AI10: п. 3.4 | AL10: ИТОГО | AM10: =U10 -> п. 2.6.5 | AN10: =V10 -> п. 2.6.6 | AO10: =W10 -> п. 2.6.7 | AP10: =X10 -> п. 2.6.8 | AQ10: =Y10 -> п. 2.6.9 | AR10: =Z10 -> п. 2.6.10 | AS10: =AA10 -> п. 2.6.11 | AT10: =AB10 -> п. 2.6.11 | ... BA10: =AI10 -> п. 3.4 | BC10: Формула | BD10: Итого
P11: ПИР_1 | Q11: {=IFERROR(IF(OR(A11=списки!$C$41,A11=списки!$C$42,A11=списки!$C$43),INDEX('СБЦП 81-02-07-2001'!$A$3:$A$89,MAX((B11='СБЦП 81-02-07-2001'!$B$3:$B$89)*(C11/1000>'СБЦП 81-02-07-2001'!$C$3:$C$89)*(C11/1000<='СБЦП 81-02-07-2001'!$D$3:$D$89)*ROW('СБЦП 81-02-07-2001'!$C$3:$C$89)-2)),IF(A11=списки!$C$44,VLOOKUP(B11,'СБЦП 81-02-07-2001'!$L$2:$O$9,4,FALSE),IF(A11=списки!$C$45,INDEX('СБЦП 81-02-07-2001'!$P$14:$P$19,MAX((B11>'СБЦП 81-02-07-2001'!$R$14:$R$19)*(B11<='СБЦП 81-02-07-2001'!$S$14:$S$19)*ROW('СБЦП 81-02-07-2001'!$R$14:$R$19))-13),IF(A11=списки!$C$46,INDEX('СБЦП 81-02-07-2001'!$W$23:$W$24,MAX((B11>'СБЦП 81-02-07-2001'!$Y$23:$Y$24)*(B11<='СБЦП 81-02-07-2001'!$Z$23:$Z$24)*ROW('СБЦП 81-02-07-2001'!$W$23:$W$24))-22),IF(A11=списки!$C$47,INDEX('СБЦП 81-02-07-2001'!$AD$29:$AD$35,MAX((B11/1000>'СБЦП 81-02-07-2001'!$AF$29:$AF$35)*(B11/1000<='СБЦП 81-02-07-2001'!$AG$29:$AG$35)*ROW('СБЦП 81-02-07-2001'!$AD$29:$AD$35))-28),""))))),"")} | R11: {=IFERROR(IF(OR(A11=списки!$C$41,A11=списки!$C$42,A11=списки!$C$43),INDEX('СБЦП 81-02-07-2001'!$E$3:$E$89,MAX((B11='СБЦП 81-02-07-2001'!$B$3:$B$89)*(C11/1000>'СБЦП 81-02-07-2001'!$C$3:$C$89)*(C11/1000<='СБЦП 81-02-07-2001'!$D$3:$D$89)*ROW('СБЦП 81-02-07-2001'!$C$3:$C$89)-2)),IF(A11=списки!$C$44,VLOOKUP(B11,'СБЦП 81-02-07-2001'!$L$2:$N$9,2,FALSE),IF(A11=списки!$C$45,INDEX('СБЦП 81-02-07-2001'!$T$14:$T$19,MAX((B11>'СБЦП 81-02-07-2001'!$R$14:$R$19)*(B11<='СБЦП 81-02-07-2001'!$S$14:$S$19)*ROW('СБЦП 81-02-07-2001'!$R$14:$R$19))-13),IF(A11=списки!$C$46,INDEX('СБЦП 81-02-07-2001'!$AA$23:$AA$24,MAX((B11>'СБЦП 81-02-07-2001'!$Y$23:$Y$24)*(B11<='СБЦП 81-02-07-2001'!$Z$23:$Z$24)*ROW('СБЦП 81-02-07-2001'!$AA$23:$AA$24))-22),IF(A11=списки!$C$47,INDEX('СБЦП 81-02-07-2001'!$AH$29:$AH$35,MAX((B11/1000>'СБЦП 81-02-07-2001'!$AF$29:$AF$35)*(B11/1000<='СБЦП 81-02-07-2001'!$AG$29:$AG$35)*ROW('СБЦП 81-02-07-2001'!$AH$29:$AH$35))-28),""))))),"")} | S11: {=IFERROR(IF(OR(A11=списки!$C$41,A11=списки!$C$42,A11=списки!$C$43),INDEX('СБЦП 81-02-07-2001'!$F$3:$F$89,MAX((B11='СБЦП 81-02-07-2001'!$B$3:$B$89)*(C11/1000>'СБЦП 81-02-07-2001'!$C$3:$C$89)*(C11/1000<='СБЦП 81-02-07-2001'!$D$3:$D$89)*ROW('СБЦП 81-02-07-2001'!$C$3:$C$89)-2)),IF(A11=списки!$C$44,VLOOKUP(B11,'СБЦП 81-02-07-2001'!$L$2:$N$9,3,FALSE),IF(A11=списки!$C$45,INDEX('СБЦП 81-02-07-2001'!$U$14:$U$19,MAX((B11>'СБЦП 81-02-07-2001'!$R$14:$R$19)*(B11<='СБЦП 81-02-07-2001'!$S$14:$S$19)*ROW('СБЦП 81-02-07-2001'!$R$14:$R$19))-13),IF(A11=списки!$C$46,INDEX('СБЦП 81-02-07-2001'!$AB$23:$AB$24,MAX((B11>'СБЦП 81-02-07-2001'!$Y$23:$Y$24)*(B11<='СБЦП 81-02-07-2001'!$Z$23:$Z$24)*ROW('СБЦП 81-02-07-2001'!$AB$23:$AB$24))-22),IF(A11=списки!$C$47,INDEX('СБЦП 81-02-07-2001'!$AI$29:$AI$35,MAX((B11/1000>'СБЦП 81-02-07-2001'!$AF$29:$AF$35)*(B11/1000<='СБЦП 81-02-07-2001'!$AG$29:$AG$35)*ROW('СБЦП 81-02-07-2001'!$AI$29:$AI$35))-28),""))))),"")} | U11: =IF(OR(A11=списки!$C$41,A11=списки!$C$42,A11=списки!$C$43),IF(ISBLANK(J11),"",коэфф.!$E$2),"") | V11: =IF(OR(A11=списки!$C$41,A11=списки!$C$42,A11=списки!$C$43),IF(D11-2>0,0.25,""),"") | W11: =IF(OR(A11=списки!$C$42,A11=списки!$C$43)=TRUE,коэфф.!$E$4,"") | X11: =IF(ISBLANK(K11),"",IF(ISBLANK($O$1),1.1,$O$1)) | Y11: {=IF(OR(A11=списки!$C$41,A11=списки!$C$42,A11=списки!$C$43),IF($H11<5,"",INDEX(коэфф.!$E$7:$E$8,MAX((ИД!$H11>=коэфф.!$C$7:$C$8)*(ИД!$H11<=коэфф.!$D$7:$D$8)*ROW(коэфф.!$D$7:$D$8)-6))),"")} | Z11: =IF(OR(A11=списки!$C$41,A11=списки!$C$42,A11=списки!$C$43),IF(ISBLANK(I11),"",коэфф.!$E$9),"") | AA11: =IF(OR(A11=списки!$C$41,A11=списки!$C$42,A11=списки!$C$43),IF(E11=списки!$C$21,IF(ISBLANK(ИД!$O$2),IFERROR(VLOOKUP($E11,коэфф.!$A$11:$E$12,5,FALSE),""),$O$2), IFERROR(VLOOKUP($E11,коэфф.!$A$11:$E$12,5,FALSE),"")),"") | AB11: =IF(OR(A11=списки!$C$41,A11=списки!$C$42,A11=списки!$C$43),IF($E11=списки!$C$22,"",IF($F11>2,коэфф.!$E$17,"")),"") | AC11: =IF(OR(A11=списки!$C$41,A11=списки!$C$42,A11=списки!$C$43),IF($E11=списки!$C$22,IF(ISBLANK($O$3),IF($G11>1.5,коэфф.!$E$15,коэфф.!$E$14),$O$3),""),"") | AD11: =IF(A11=списки!$C$44,IF(ИД!D11>3,коэфф.!$E$18,""),"") | AE11: =IF(A11=списки!$C$44,IF(C11>1,коэфф.!$E$19,""),"") | AF11: =IF(A11=списки!$C$47,IF(ISBLANK(M11),"",коэфф.!$E$20),"") | AG11: =IF(A11=списки!$C$47,IF(ISBLANK(N11),"",коэфф.!$E$21),"") | AH11: =IF(A11=списки!$C$46,IF(ISBLANK(L11),"",коэфф.!$E$22),"") | AI11: =IF(ISBLANK(O11),"",IF(ISBLANK($O$4),1.3,$O$4)) | AK11: =IF(ISBLANK(A11),"",CONCATENATE(,A11," ",_xlfn.IFNA(IF(A11=списки!$C$41,ИД!D11,IF(A11=списки!$C$42,ИД!D11,IF(A11=списки!$C$43,ИД!D11,IF(A11=списки!$C$44,ИД!D11,"")))),""),VLOOKUP(A11,списки!$C$41:$E$47,3,FALSE),B11,VLOOKUP(A11,списки!$C$41:$D$47,2,FALSE),_xlfn.IFNA(IF(A11=списки!$C$41,CONCATENATE(" - ",ИД!C11," м"),IF(A11=списки!$C$42,CONCATENATE(" - ",ИД!C11," м"),IF(A11=списки!$C$43,CONCATENATE(" - ",ИД!C11," м"),""))),""),_xlfn.IFNA(IF(A11=списки!$C$41,CONCATENATE(", ",ИД!E11),IF(A11=списки!$C$42,CONCATENATE(", ",ИД!E11),IF(A11=списки!$C$43,CONCATENATE(", ",ИД!E11),""))),""),_xlfn.IFNA(IF(A11=списки!$C$44,CONCATENATE(" - ",ИД!C11," шт."),""),""))) | AL11: =IF(ISBLANK(A11),"",CONCATENATE("СБЦП 81-02-07-2001 от 24.05.2012 г.",CHAR(10),VLOOKUP($Q11,Списки_3!$B$3:$H$286,7,FALSE),IF(U11="","",CHAR(10)),AM11,IF(V11="","",CHAR(10)),AN11,IF(W11="","",CHAR(10)),AO11,IF(X11="","",CHAR(10)),AP11,IF(Y11="","",CHAR(10)),AQ11,IF(Z11="","",CHAR(10)),AR11,IF(AA11="","",CHAR(10)),AS11,IF(AB11="","",CHAR(10)),AT11,IF(AC11="","",CHAR(10)),AU11,IF(AD11="","",CHAR(10)),AV11,IF(AE11="","",CHAR(10)),AW11,IF(AF11="","",CHAR(10)),AX11,IF(AG11="","",CHAR(10)),AY11,IF(AH11="","",CHAR(10)),AZ11,IF(AI11="","",CHAR(10)),BA11)) | AM11: =IF(U11="","",CONCATENATE($U$10," - прокладка совместно с технологическими трубопроводами - ",U11)) | AN11: =IF(V11="","",CONCATENATE($V$10," - при совместной прокладке тепловых сетей более двух трубопроводов стоимость каждого последующего трубопровода - ",V11)) | AO11: =IF(W11="","",CONCATENATE($W$10," - стоимость проектирования паропроводов и конденсатопроводов тепловых сетей - ",W11)) | AP11: =IF(X11="","",CONCATENATE($X$10," - проектировании тепловой сети, проходящей по территории с коэффициентом застройки от 0.3 до 0.8"," - ",X11)) | AQ11: =IF(Y11="","",CONCATENATE($Y$10," - при пересечении проектируемой тепловой сети ",IF(Y11=1.1,"от 5 до 10","более 10")," существующих коммуникаций"," - ",Y11)) | AR11: =IF(Z11="","",CONCATENATE($Z$10," - при проектировании на пересеченном рельефе местности с оврагами - ",Z11)) | AS11: =IF(AA11="","",CONCATENATE($AA$10," - ",E11," - ",AA11)) | AT11: =IF(AB11="","",CONCATENATE($AB$10," - при глубине заложения тепловой сети более 2 м - ",AB11)) | AU11: =IF(AC11="","",CONCATENATE($AC$10," - надземная прокладка на железобетонных сборных опорах высотой ",IF(AC11=0.85,"до 1.5 м","свыше 1.5 м")," - ",AC11)) | AV11: =IF(AD11="","",CONCATENATE($AD$10," - совмещение нескольких магистралей в одном узле - ",AD11)) | AW11: =IF(AE11="","",CONCATENATE($AE$10," - каждый повторяющийся узел - ",AE11)) | AX11: =IF(AF11="","",CONCATENATE($AF$10," - использование герметика - ",AF11)) | AY11: =IF(AG11="","",CONCATENATE($AG$10," - усиление баков от лавинообразного разрушения - ",AG11)) | AZ11: =IF(AH11="","",CONCATENATE($AH$10," - установка паровых подогревателей, редуцирующих устройств и системы сбора конденсата - ",AH11)) | BA11: =IF(ISBLANK(O11),"",CONCATENATE("Методические указания по применению СБЦ по приказу Минрегиона России №620 от 29.12.2009 г.",CHAR(10),"п. 3.4 - ",O11," объекта - ",AI11)) | BC11: =IF(ISBLANK(A11),"",CONCATENATE("(",R11,"+",S11,"×",(IF(A11=списки!$C$41,C11/1000,IF(A11=списки!$C$42,C11/1000,IF(A11=списки!$C$43,C11/1000,IF(A11=списки!$C$44,1,IF(A11=списки!$C$45,B11,IF(A11=списки!$C$46,B11,IF(A11=списки!$C$47,C11,"")))))))),")",IF(ISNUMBER(U11),CONCATENATE("×",U11),""),IF(ISNUMBER(W11),CONCATENATE("×",W11),""),IF(ISNUMBER(X11),CONCATENATE("×",X11),""),IF(ISNUMBER(Y11),CONCATENATE("×",Y11),""),IF(ISNUMBER(Z11),CONCATENATE("×",Z11),""),IF(ISNUMBER(AA11),CONCATENATE("×",AA11),""),IF(ISNUMBER(AB11),CONCATENATE("×",AB11),""),IF(ISNUMBER(AC11),CONCATENATE("×",AC11),""),IF(ISNUMBER(AF11),CONCATENATE("×",AF11),""),IF(ISNUMBER(AG11),CONCATENATE("×",AG11),""),IF(ISNUMBER(AH11),CONCATENATE("×",AH11),""),IF(ISNUMBER(AD11),CONCATENATE("×",AD11),""),IF(ISNUMBER(AI11),CONCATENATE("×",AI11),""),IF(ISNUMBER(V11),CONCATENATE("+(",R11,"+",S11,"×",(C11/1000),")","×",D11-2,"×",V11),""),IF(ISNUMBER(AE11),CONCATENATE("+(",R11,"+",S11,"×",1,")","×",AD11,"×",C11-1,"×",AE11),""))) | BD11: =ROUND(IF(ISBLANK(A11),"",(R11+S11*(_xlfn.IFNA(IF(A11=списки!$C$41,(C11/1000),IF(A11=списки!$C$42,(C11/1000),IF(A11=списки!$C$43,(C11/1000),IF(A11=списки!$C$44,1,IF(A11=списки!$C$45,B11,IF(A11=списки!$C$46,B11,IF(A11=списки!$C$47,C11,""))))))),"")))*IF(ISNUMBER(U11),U11,1)*IF(ISNUMBER(W11),W11,1)*IF(ISNUMBER(X11),X11,1)*IF(ISNUMBER(Y11),Y11,1)*IF(ISNUMBER(Z11),Z11,1)*IF(ISNUMBER(AA11),AA11,1)*IF(ISNUMBER(AB11),AB11,1)*IF(ISNUMBER(AC11),AC11,1)*IF(ISNUMBER(AD11),AD11,1)*IF(ISNUMBER(AF11),AF11,1)*IF(ISNUMBER(AG11),AG11,1)*IF(ISNUMBER(AH11),AH11,1)*IF(ISNUMBER(AI11),AI11,1)+IF(ISNUMBER(V11),(R11+S11*C11/1000)*(V11*(D11-2)),0)+IF(ISNUMBER(AE11),(R11+S11*1)*AD11*(AE11*(C11-1)),0)),5) -> #VALUE!
Q12: {=IFERROR(IF(OR(A12=списки!$C$41,A12=списки!$C$42,A12=списки!$C$43),INDEX('СБЦП 81-02-07-2001'!$A$3:$A$89,MAX((B12='СБЦП 81-02-07-2001'!$B$3:$B$89)*(C12/1000>'СБЦП 81-02-07-2001'!$C$3:$C$89)*(C12/1000<='СБЦП 81-02-07-2001'!$D$3:$D$89)*ROW('СБЦП 81-02-07-2001'!$C$3:$C$89)-2)),IF(A12=списки!$C$44,VLOOKUP(B12,'СБЦП 81-02-07-2001'!$L$2:$O$9,4,FALSE),IF(A12=списки!$C$45,INDEX('СБЦП 81-02-07-2001'!$P$14:$P$19,MAX((B12>'СБЦП 81-02-07-2001'!$R$14:$R$19)*(B12<='СБЦП 81-02-07-2001'!$S$14:$S$19)*ROW('СБЦП 81-02-07-2001'!$R$14:$R$19))-13),IF(A12=списки!$C$46,INDEX('СБЦП 81-02-07-2001'!$W$23:$W$24,MAX((B12>'СБЦП 81-02-07-2001'!$Y$23:$Y$24)*(B12<='СБЦП 81-02-07-2001'!$Z$23:$Z$24)*ROW('СБЦП 81-02-07-2001'!$W$23:$W$24))-22),IF(A12=списки!$C$47,INDEX('СБЦП 81-02-07-2001'!$AD$29:$AD$35,MAX((B12/1000>'СБЦП 81-02-07-2001'!$AF$29:$AF$35)*(B12/1000<='СБЦП 81-02-07-2001'!$AG$29:$AG$35)*ROW('СБЦП 81-02-07-2001'!$AD$29:$AD$35))-28),""))))),"")} | R12: {=IFERROR(IF(OR(A12=списки!$C$41,A12=списки!$C$42,A12=списки!$C$43),INDEX('СБЦП 81-02-07-2001'!$E$3:$E$89,MAX((B12='СБЦП 81-02-07-2001'!$B$3:$B$89)*(C12/1000>'СБЦП 81-02-07-2001'!$C$3:$C$89)*(C12/1000<='СБЦП 81-02-07-2001'!$D$3:$D$89)*ROW('СБЦП 81-02-07-2001'!$C$3:$C$89)-2)),IF(A12=списки!$C$44,VLOOKUP(B12,'СБЦП 81-02-07-2001'!$L$2:$N$9,2,FALSE),IF(A12=списки!$C$45,INDEX('СБЦП 81-02-07-2001'!$T$14:$T$19,MAX((B12>'СБЦП 81-02-07-2001'!$R$14:$R$19)*(B12<='СБЦП 81-02-07-2001'!$S$14:$S$19)*ROW('СБЦП 81-02-07-2001'!$R$14:$R$19))-13),IF(A12=списки!$C$46,INDEX('СБЦП 81-02-07-2001'!$AA$23:$AA$24,MAX((B12>'СБЦП 81-02-07-2001'!$Y$23:$Y$24)*(B12<='СБЦП 81-02-07-2001'!$Z$23:$Z$24)*ROW('СБЦП 81-02-07-2001'!$AA$23:$AA$24))-22),IF(A12=списки!$C$47,INDEX('СБЦП 81-02-07-2001'!$AH$29:$AH$35,MAX((B12/1000>'СБЦП 81-02-07-2001'!$AF$29:$AF$35)*(B12/1000<='СБЦП 81-02-07-2001'!$AG$29:$AG$35)*ROW('СБЦП 81-02-07-2001'!$AH$29:$AH$35))-28),""))))),"")} | S12: {=IFERROR(IF(OR(A12=списки!$C$41,A12=списки!$C$42,A12=списки!$C$43),INDEX('СБЦП 81-02-07-2001'!$F$3:$F$89,MAX((B12='СБЦП 81-02-07-2001'!$B$3:$B$89)*(C12/1000>'СБЦП 81-02-07-2001'!$C$3:$C$89)*(C12/1000<='СБЦП 81-02-07-2001'!$D$3:$D$89)*ROW('СБЦП 81-02-07-2001'!$C$3:$C$89)-2)),IF(A12=списки!$C$44,VLOOKUP(B12,'СБЦП 81-02-07-2001'!$L$2:$N$9,3,FALSE),IF(A12=списки!$C$45,INDEX('СБЦП 81-02-07-2001'!$U$14:$U$19,MAX((B12>'СБЦП 81-02-07-2001'!$R$14:$R$19)*(B12<='СБЦП 81-02-07-2001'!$S$14:$S$19)*ROW('СБЦП 81-02-07-2001'!$R$14:$R$19))-13),IF(A12=списки!$C$46,INDEX('СБЦП 81-02-07-2001'!$AB$23:$AB$24,MAX((B12>'СБЦП 81-02-07-2001'!$Y$23:$Y$24)*(B12<='СБЦП 81-02-07-2001'!$Z$23:$Z$24)*ROW('СБЦП 81-02-07-2001'!$AB$23:$AB$24))-22),IF(A12=списки!$C$47,INDEX('СБЦП 81-02-07-2001'!$AI$29:$AI$35,MAX((B12/1000>'СБЦП 81-02-07-2001'!$AF$29:$AF$35)*(B12/1000<='СБЦП 81-02-07-2001'!$AG$29:$AG$35)*ROW('СБЦП 81-02-07-2001'!$AI$29:$AI$35))-28),""))))),"")} | U12: =IF(OR(A12=списки!$C$41,A12=списки!$C$42,A12=списки!$C$43),IF(ISBLANK(J12),"",коэфф.!$E$2),"") | V12: =IF(OR(A12=списки!$C$41,A12=списки!$C$42,A12=списки!$C$43),IF(D12-2>0,0.25,""),"") | W12: =IF(OR(A12=списки!$C$42,A12=списки!$C$43)=TRUE,коэфф.!$E$4,"") | X12: =IF(ISBLANK(K12),"",IF(ISBLANK($O$1),1.1,$O$1)) | Y12: {=IF(OR(A12=списки!$C$41,A12=списки!$C$42,A12=списки!$C$43),IF($H12<5,"",INDEX(коэфф.!$E$7:$E$8,MAX((ИД!$H12>=коэфф.!$C$7:$C$8)*(ИД!$H12<=коэфф.!$D$7:$D$8)*ROW(коэфф.!$D$7:$D$8)-6))),"")} | Z12: =IF(OR(A12=списки!$C$41,A12=списки!$C$42,A12=списки!$C$43),IF(ISBLANK(I12),"",коэфф.!$E$9),"") | AA12: =IF(OR(A12=списки!$C$41,A12=списки!$C$42,A12=списки!$C$43),IF(E12=списки!$C$21,IF(ISBLANK(ИД!$O$2),IFERROR(VLOOKUP($E12,коэфф.!$A$11:$E$12,5,FALSE),""),$O$2),IFERROR(VLOOKUP($E12,коэфф.!$A$11:$E$12,5,FALSE),"")),"") | AB12: =IF(OR(A12=списки!$C$41,A12=списки!$C$42,A12=списки!$C$43),IF($E12=списки!$C$22,"",IF($F12>2,коэфф.!$E$17,"")),"") | AC12: =IF(OR(A12=списки!$C$41,A12=списки!$C$42,A12=списки!$C$43),IF($E12=списки!$C$22,IF(ISBLANK($O$3),IF($G12>1.5,коэфф.!$E$15,коэфф.!$E$14),$O$3),""),"") | AD12: =IF(A12=списки!$C$44,IF(ИД!D12>2,коэфф.!$E$18,""),"") | AE12: =IF(A12=списки!$C$44,IF(C12>1,коэфф.!$E$19,""),"") | AF12: =IF(A12=списки!$C$47,IF(ISBLANK(M12),"",коэфф.!$E$20),"") | AG12: =IF(A12=списки!$C$47,IF(ISBLANK(N12),"",коэфф.!$E$21),"") | AH12: =IF(A12=списки!$C$46,IF(ISBLANK(L12),"",коэфф.!$E$22),"") | AI12: =IF(ISBLANK(O12),"",IF(ISBLANK($O$4),1.3,$O$4)) | AK12: =IF(ISBLANK(A12),"",CONCATENATE(,A12," ",_xlfn.IFNA(IF(A12=списки!$C$41,ИД!D12,IF(A12=списки!$C$42,ИД!D12,IF(A12=списки!$C$43,ИД!D12,IF(A12=списки!$C$44,ИД!D12,"")))),""),VLOOKUP(A12,списки!$C$41:$E$47,3,FALSE),B12,VLOOKUP(A12,списки!$C$41:$D$47,2,FALSE),_xlfn.IFNA(IF(A12=списки!$C$41,CONCATENATE(" - ",ИД!C12," м"),IF(A12=списки!$C$42,CONCATENATE(" - ",ИД!C12," м"),IF(A12=списки!$C$43,CONCATENATE(" - ",ИД!C12," м"),""))),""),_xlfn.IFNA(IF(A12=списки!$C$41,CONCATENATE(", ",ИД!E12),IF(A12=списки!$C$42,CONCATENATE(", ",ИД!E12),IF(A12=списки!$C$43,CONCATENATE(", ",ИД!E12),""))),""),_xlfn.IFNA(IF(A12=списки!$C$44,CONCATENATE(" - ",ИД!C12," шт."),""),""))) | AL12: =IF(ISBLANK(A12),"",CONCATENATE("СБЦП 81-02-07-2001 от 24.05.2012 г.",CHAR(10),VLOOKUP($Q12,Списки_3!$B$3:$H$286,7,FALSE),IF(U12="","",CHAR(10)),AM12,IF(V12="","",CHAR(10)),AN12,IF(W12="","",CHAR(10)),AO12,IF(X12="","",CHAR(10)),AP12,IF(Y12="","",CHAR(10)),AQ12,IF(Z12="","",CHAR(10)),AR12,IF(AA12="","",CHAR(10)),AS12,IF(AB12="","",CHAR(10)),AT12,IF(AC12="","",CHAR(10)),AU12,IF(AD12="","",CHAR(10)),AV12,IF(AE12="","",CHAR(10)),AW12,IF(AF12="","",CHAR(10)),AX12,IF(AG12="","",CHAR(10)),AY12,IF(AH12="","",CHAR(10)),AZ12,IF(AI12="","",CHAR(10)),BA12)) | AM12: =IF(U12="","",CONCATENATE($U$10," - прокладка совместно с технологическими трубопроводами - ",U12)) | AN12: =IF(V12="","",CONCATENATE($V$10," - при совместной прокладке тепловых сетей более двух трубопроводов стоимость каждого последующего трубопровода - ",V12)) | AO12: =IF(W12="","",CONCATENATE($W$10," - стоимость проектирования паропроводов и конденсатопроводов тепловых сетей - ",W12)) | AP12: =IF(X12="","",CONCATENATE($X$10," - проектировании тепловой сети, проходящей по территории с коэффициентом застройки от 0.3 до 0.8"," - ",X12)) | AQ12: =IF(Y12="","",CONCATENATE($Y$10," - при пересечении проектируемой тепловой сети ",IF(Y12=1.1,"от 5 до 10","более 10")," существующих коммуникаций"," - ",Y12)) | AR12: =IF(Z12="","",CONCATENATE($Z$10," - при проектировании на пересеченном рельефе местности с оврагами - ",Z12)) | AS12: =IF(AA12="","",CONCATENATE($AA$10," - ",E12," - ",AA12)) | AT12: =IF(AB12="","",CONCATENATE($AB$10," - при глубине заложения тепловой сети более 2 м - ",AB12)) | AU12: =IF(AC12="","",CONCATENATE($AC$10," - надземная прокладка на железобетонных сборных опорах высотой ",IF(AC12=0.85,"до 1.5 м","свыше 1.5 м")," - ",AC12)) | AV12: =IF(AD12="","",CONCATENATE($AD$10," - совмещение нескольких магистралей в одном узле - ",AD12)) | AW12: =IF(AE12="","",CONCATENATE($AE$10," - каждый повторяющийся узел - ",AE12)) | AX12: =IF(AF12="","",CONCATENATE($AF$10," - использование герметика - ",AF12)) | AY12: =IF(AG12="","",CONCATENATE($AG$10," - усиление баков от лавинообразного разрушения - ",AG12)) | AZ12: =IF(AH12="","",CONCATENATE($AH$10," - установка паровых подогревателей, редуцирующих устройств и системы сбора конденсата - ",AH12)) | BA12: =IF(ISBLANK(O12),"",CONCATENATE("Методические указания по применению СБЦ по приказу Минрегиона России №620 от 29.12.2009 г.",CHAR(10),"п. 3.4 - ",O12," объекта - ",AI12)) | BC12: =IF(ISBLANK(A12),"",CONCATENATE("(",R12,"+",S12,"×",(IF(A12=списки!$C$41,C12/1000,IF(A12=списки!$C$42,C12/1000,IF(A12=списки!$C$43,C12/1000,IF(A12=списки!$C$44,1,IF(A12=списки!$C$45,B12,IF(A12=списки!$C$46,B12,IF(A12=списки!$C$47,C12,"")))))))),")",IF(ISNUMBER(U12),CONCATENATE("×",U12),""),IF(ISNUMBER(W12),CONCATENATE("×",W12),""),IF(ISNUMBER(X12),CONCATENATE("×",X12),""),IF(ISNUMBER(Y12),CONCATENATE("×",Y12),""),IF(ISNUMBER(Z12),CONCATENATE("×",Z12),""),IF(ISNUMBER(AA12),CONCATENATE("×",AA12),""),IF(ISNUMBER(AB12),CONCATENATE("×",AB12),""),IF(ISNUMBER(AC12),CONCATENATE("×",AC12),""),IF(ISNUMBER(AF12),CONCATENATE("×",AF12),""),IF(ISNUMBER(AG12),CONCATENATE("×",AG12),""),IF(ISNUMBER(AH12),CONCATENATE("×",AH12),""),IF(ISNUMBER(AD12),CONCATENATE("×",AD12),""),IF(ISNUMBER(AI12),CONCATENATE("×",AI12),""),IF(ISNUMBER(V12),CONCATENATE("+(",R12,"+",S12,"×",(C12/1000),")","×",D12-2,"×",V12),""),IF(ISNUMBER(AE12),CONCATENATE("+(",R12,"+",S12,"×",1,")","×",AD12,"×",C12-1,"×",AE12),""))) | BD12: =ROUND(IF(ISBLANK(A12),"",(R12+S12*(_xlfn.IFNA(IF(A12=списки!$C$41,(C12/1000),IF(A12=списки!$C$42,(C12/1000),IF(A12=списки!$C$43,(C12/1000),IF(A12=списки!$C$44,1,IF(A12=списки!$C$45,B12,IF(A12=списки!$C$46,B12,IF(A12=списки!$C$47,C12,""))))))),"")))*IF(ISNUMBER(U12),U12,1)*IF(ISNUMBER(W12),W12,1)*IF(ISNUMBER(X12),X12,1)*IF(ISNUMBER(Y12),Y12,1)*IF(ISNUMBER(Z12),Z12,1)*IF(ISNUMBER(AA12),AA12,1)*IF(ISNUMBER(AB12),AB12,1)*IF(ISNUMBER(AC12),AC12,1)*IF(ISNUMBER(AD12),AD12,1)*IF(ISNUMBER(AF12),AF12,1)*IF(ISNUMBER(AG12),AG12,1)*IF(ISNUMBER(AH12),AH12,1)*IF(ISNUMBER(AI12),AI12,1)+IF(ISNUMBER(V12),(R12+S12*C12/1000)*(V12*(D12-2)),0)+IF(ISNUMBER(AE12),(R12+S12*1)*AD12*(AE12*(C12-1)),0)),5) -> #VALUE!
Q13: {=IFERROR(IF(OR(A13=списки!$C$41,A13=списки!$C$42,A13=списки!$C$43),INDEX('СБЦП 81-02-07-2001'!$A$3:$A$89,MAX((B13='СБЦП 81-02-07-2001'!$B$3:$B$89)*(C13/1000>'СБЦП 81-02-07-2001'!$C$3:$C$89)*(C13/1000<='СБЦП 81-02-07-2001'!$D$3:$D$89)*ROW('СБЦП 81-02-07-2001'!$C$3:$C$89)-2)),IF(A13=списки!$C$44,VLOOKUP(B13,'СБЦП 81-02-07-2001'!$L$2:$O$9,4,FALSE),IF(A13=списки!$C$45,INDEX('СБЦП 81-02-07-2001'!$P$14:$P$19,MAX((B13>'СБЦП 81-02-07-2001'!$R$14:$R$19)*(B13<='СБЦП 81-02-07-2001'!$S$14:$S$19)*ROW('СБЦП 81-02-07-2001'!$R$14:$R$19))-13),IF(A13=списки!$C$46,INDEX('СБЦП 81-02-07-2001'!$W$23:$W$24,MAX((B13>'СБЦП 81-02-07-2001'!$Y$23:$Y$24)*(B13<='СБЦП 81-02-07-2001'!$Z$23:$Z$24)*ROW('СБЦП 81-02-07-2001'!$W$23:$W$24))-22),IF(A13=списки!$C$47,INDEX('СБЦП 81-02-07-2001'!$AD$29:$AD$35,MAX((B13/1000>'СБЦП 81-02-07-2001'!$AF$29:$AF$35)*(B13/1000<='СБЦП 81-02-07-2001'!$AG$29:$AG$35)*ROW('СБЦП 81-02-07-2001'!$AD$29:$AD$35))-28),""))))),"")} | R13: {=IFERROR(IF(OR(A13=списки!$C$41,A13=списки!$C$42,A13=списки!$C$43),INDEX('СБЦП 81-02-07-2001'!$E$3:$E$89,MAX((B13='СБЦП 81-02-07-2001'!$B$3:$B$89)*(C13/1000>'СБЦП 81-02-07-2001'!$C$3:$C$89)*(C13/1000<='СБЦП 81-02-07-2001'!$D$3:$D$89)*ROW('СБЦП 81-02-07-2001'!$C$3:$C$89)-2)),IF(A13=списки!$C$44,VLOOKUP(B13,'СБЦП 81-02-07-2001'!$L$2:$N$9,2,FALSE),IF(A13=списки!$C$45,INDEX('СБЦП 81-02-07-2001'!$T$14:$T$19,MAX((B13>'СБЦП 81-02-07-2001'!$R$14:$R$19)*(B13<='СБЦП 81-02-07-2001'!$S$14:$S$19)*ROW('СБЦП 81-02-07-2001'!$R$14:$R$19))-13),IF(A13=списки!$C$46,INDEX('СБЦП 81-02-07-2001'!$AA$23:$AA$24,MAX((B13>'СБЦП 81-02-07-2001'!$Y$23:$Y$24)*(B13<='СБЦП 81-02-07-2001'!$Z$23:$Z$24)*ROW('СБЦП 81-02-07-2001'!$AA$23:$AA$24))-22),IF(A13=списки!$C$47,INDEX('СБЦП 81-02-07-2001'!$AH$29:$AH$35,MAX((B13/1000>'СБЦП 81-02-07-2001'!$AF$29:$AF$35)*(B13/1000<='СБЦП 81-02-07-2001'!$AG$29:$AG$35)*ROW('СБЦП 81-02-07-2001'!$AH$29:$AH$35))-28),""))))),"")} | S13: {=IFERROR(IF(OR(A13=списки!$C$41,A13=списки!$C$42,A13=списки!$C$43),INDEX('СБЦП 81-02-07-2001'!$F$3:$F$89,MAX((B13='СБЦП 81-02-07-2001'!$B$3:$B$89)*(C13/1000>'СБЦП 81-02-07-2001'!$C$3:$C$89)*(C13/1000<='СБЦП 81-02-07-2001'!$D$3:$D$89)*ROW('СБЦП 81-02-07-2001'!$C$3:$C$89)-2)),IF(A13=списки!$C$44,VLOOKUP(B13,'СБЦП 81-02-07-2001'!$L$2:$N$9,3,FALSE),IF(A13=списки!$C$45,INDEX('СБЦП 81-02-07-2001'!$U$14:$U$19,MAX((B13>'СБЦП 81-02-07-2001'!$R$14:$R$19)*(B13<='СБЦП 81-02-07-2001'!$S$14:$S$19)*ROW('СБЦП 81-02-07-2001'!$R$14:$R$19))-13),IF(A13=списки!$C$46,INDEX('СБЦП 81-02-07-2001'!$AB$23:$AB$24,MAX((B13>'СБЦП 81-02-07-2001'!$Y$23:$Y$24)*(B13<='СБЦП 81-02-07-2001'!$Z$23:$Z$24)*ROW('СБЦП 81-02-07-2001'!$AB$23:$AB$24))-22),IF(A13=списки!$C$47,INDEX('СБЦП 81-02-07-2001'!$AI$29:$AI$35,MAX((B13/1000>'СБЦП 81-02-07-2001'!$AF$29:$AF$35)*(B13/1000<='СБЦП 81-02-07-2001'!$AG$29:$AG$35)*ROW('СБЦП 81-02-07-2001'!$AI$29:$AI$35))-28),""))))),"")} | U13: =IF(OR(A13=списки!$C$41,A13=списки!$C$42,A13=списки!$C$43),IF(ISBLANK(J13),"",коэфф.!$E$2),"") | V13: =IF(OR(A13=списки!$C$41,A13=списки!$C$42,A13=списки!$C$43),IF(D13-2>0,0.25,""),"") | W13: =IF(OR(A13=списки!$C$42,A13=списки!$C$43)=TRUE,коэфф.!$E$4,"") | X13: =IF(ISBLANK(K13),"",IF(ISBLANK($O$1),1.1,$O$1)) | Y13: {=IF(OR(A13=списки!$C$41,A13=списки!$C$42,A13=списки!$C$43),IF($H13<5,"",INDEX(коэфф.!$E$7:$E$8,MAX((ИД!$H13>=коэфф.!$C$7:$C$8)*(ИД!$H13<=коэфф.!$D$7:$D$8)*ROW(коэфф.!$D$7:$D$8)-6))),"")} | Z13: =IF(OR(A13=списки!$C$41,A13=списки!$C$42,A13=списки!$C$43),IF(ISBLANK(I13),"",коэфф.!$E$9),"") | AA13: =IF(OR(A13=списки!$C$41,A13=списки!$C$42,A13=списки!$C$43),IF(E13=списки!$C$21,IF(ISBLANK(ИД!$O$2),IFERROR(VLOOKUP($E13,коэфф.!$A$11:$E$12,5,FALSE),""),$O$2),IFERROR(VLOOKUP($E13,коэфф.!$A$11:$E$12,5,FALSE),"")),"") | AB13: =IF(OR(A13=списки!$C$41,A13=списки!$C$42,A13=списки!$C$43),IF($E13=списки!$C$22,"",IF($F13>2,коэфф.!$E$17,"")),"") | AC13: =IF(OR(A13=списки!$C$41,A13=списки!$C$42,A13=списки!$C$43),IF($E13=списки!$C$22,IF(ISBLANK($O$3),IF($G13>1.5,коэфф.!$E$15,коэфф.!$E$14),$O$3),""),"") | AD13: =IF(A13=списки!$C$44,IF(ИД!D13>2,коэфф.!$E$18,""),"") | AE13: =IF(A13=списки!$C$44,IF(C13>1,коэфф.!$E$19,""),"") | AF13: =IF(A13=списки!$C$47,IF(ISBLANK(M13),"",коэфф.!$E$20),"") | AG13: =IF(A13=списки!$C$47,IF(ISBLANK(N13),"",коэфф.!$E$21),"") | AH13: =IF(A13=списки!$C$46,IF(ISBLANK(L13),"",коэфф.!$E$22),"") | AI13: =IF(ISBLANK(O13),"",IF(ISBLANK($O$4),1.3,$O$4)) | AK13: =IF(ISBLANK(A13),"",CONCATENATE(,A13," ",_xlfn.IFNA(IF(A13=списки!$C$41,ИД!D13,IF(A13=списки!$C$42,ИД!D13,IF(A13=списки!$C$43,ИД!D13,IF(A13=списки!$C$44,ИД!D13,"")))),""),VLOOKUP(A13,списки!$C$41:$E$47,3,FALSE),B13,VLOOKUP(A13,списки!$C$41:$D$47,2,FALSE),_xlfn.IFNA(IF(A13=списки!$C$41,CONCATENATE(" - ",ИД!C13," м"),IF(A13=списки!$C$42,CONCATENATE(" - ",ИД!C13," м"),IF(A13=списки!$C$43,CONCATENATE(" - ",ИД!C13," м"),""))),""),_xlfn.IFNA(IF(A13=списки!$C$41,CONCATENATE(", ",ИД!E13),IF(A13=списки!$C$42,CONCATENATE(", ",ИД!E13),IF(A13=списки!$C$43,CONCATENATE(", ",ИД!E13),""))),""),_xlfn.IFNA(IF(A13=списки!$C$44,CONCATENATE(" - ",ИД!C13," шт."),""),""))) | AL13: =IF(ISBLANK(A13),"",CONCATENATE("СБЦП 81-02-07-2001 от 24.05.2012 г.",CHAR(10),VLOOKUP($Q13,Списки_3!$B$3:$H$286,7,FALSE),IF(U13="","",CHAR(10)),AM13,IF(V13="","",CHAR(10)),AN13,IF(W13="","",CHAR(10)),AO13,IF(X13="","",CHAR(10)),AP13,IF(Y13="","",CHAR(10)),AQ13,IF(Z13="","",CHAR(10)),AR13,IF(AA13="","",CHAR(10)),AS13,IF(AB13="","",CHAR(10)),AT13,IF(AC13="","",CHAR(10)),AU13,IF(AD13="","",CHAR(10)),AV13,IF(AE13="","",CHAR(10)),AW13,IF(AF13="","",CHAR(10)),AX13,IF(AG13="","",CHAR(10)),AY13,IF(AH13="","",CHAR(10)),AZ13,IF(AI13="","",CHAR(10)),BA13)) | AM13: =IF(U13="","",CONCATENATE($U$10," - прокладка совместно с технологическими трубопроводами - ",U13)) | AN13: =IF(V13="","",CONCATENATE($V$10," - при совместной прокладке тепловых сетей более двух трубопроводов стоимость каждого последующего трубопровода - ",V13)) | AO13: =IF(W13="","",CONCATENATE($W$10," - стоимость проектирования паропроводов и конденсатопроводов тепловых сетей - ",W13)) | AP13: =IF(X13="","",CONCATENATE($X$10," - проектировании тепловой сети, проходящей по территории с коэффициентом застройки от 0.3 до 0.8"," - ",X13)) | AQ13: =IF(Y13="","",CONCATENATE($Y$10," - при пересечении проектируемой тепловой сети ",IF(Y13=1.1,"от 5 до 10","более 10")," существующих коммуникаций"," - ",Y13)) | AR13: =IF(Z13="","",CONCATENATE($Z$10," - при проектировании на пересеченном рельефе местности с оврагами - ",Z13)) | AS13: =IF(AA13="","",CONCATENATE($AA$10," - ",E13," - ",AA13)) | AT13: =IF(AB13="","",CONCATENATE($AB$10," - при глубине заложения тепловой сети более 2 м - ",AB13)) | AU13: =IF(AC13="","",CONCATENATE($AC$10," - надземная прокладка на железобетонных сборных опорах высотой ",IF(AC13=0.85,"до 1.5 м","свыше 1.5 м")," - ",AC13)) | AV13: =IF(AD13="","",CONCATENATE($AD$10," - совмещение нескольких магистралей в одном узле - ",AD13)) | AW13: =IF(AE13="","",CONCATENATE($AE$10," - каждый повторяющийся узел - ",AE13)) | AX13: =IF(AF13="","",CONCATENATE($AF$10," - использование герметика - ",AF13)) | AY13: =IF(AG13="","",CONCATENATE($AG$10," - усиление баков от лавинообразного разрушения - ",AG13)) | AZ13: =IF(AH13="","",CONCATENATE($AH$10," - установка паровых подогревателей, редуцирующих устройств и системы сбора конденсата - ",AH13)) | BA13: =IF(ISBLANK(O13),"",CONCATENATE("Методические указания по применению СБЦ по приказу Минрегиона России №620 от 29.12.2009 г.",CHAR(10),"п. 3.4 - ",O13," объекта - ",AI13)) | BC13: =IF(ISBLANK(A13),"",CONCATENATE("(",R13,"+",S13,"×",(IF(A13=списки!$C$41,C13/1000,IF(A13=списки!$C$42,C13/1000,IF(A13=списки!$C$43,C13/1000,IF(A13=списки!$C$44,1,IF(A13=списки!$C$45,B13,IF(A13=списки!$C$46,B13,IF(A13=списки!$C$47,C13,"")))))))),")",IF(ISNUMBER(U13),CONCATENATE("×",U13),""),IF(ISNUMBER(W13),CONCATENATE("×",W13),""),IF(ISNUMBER(X13),CONCATENATE("×",X13),""),IF(ISNUMBER(Y13),CONCATENATE("×",Y13),""),IF(ISNUMBER(Z13),CONCATENATE("×",Z13),""),IF(ISNUMBER(AA13),CONCATENATE("×",AA13),""),IF(ISNUMBER(AB13),CONCATENATE("×",AB13),""),IF(ISNUMBER(AC13),CONCATENATE("×",AC13),""),IF(ISNUMBER(AF13),CONCATENATE("×",AF13),""),IF(ISNUMBER(AG13),CONCATENATE("×",AG13),""),IF(ISNUMBER(AH13),CONCATENATE("×",AH13),""),IF(ISNUMBER(AD13),CONCATENATE("×",AD13),""),IF(ISNUMBER(AI13),CONCATENATE("×",AI13),""),IF(ISNUMBER(V13),CONCATENATE("+(",R13,"+",S13,"×",(C13/1000),")","×",D13-2,"×",V13),""),IF(ISNUMBER(AE13),CONCATENATE("+(",R13,"+",S13,"×",1,")","×",AD13,"×",C13-1,"×",AE13),""))) | BD13: =ROUND(IF(ISBLANK(A13),"",(R13+S13*(_xlfn.IFNA(IF(A13=списки!$C$41,(C13/1000),IF(A13=списки!$C$42,(C13/1000),IF(A13=списки!$C$43,(C13/1000),IF(A13=списки!$C$44,1,IF(A13=списки!$C$45,B13,IF(A13=списки!$C$46,B13,IF(A13=списки!$C$47,C13,""))))))),"")))*IF(ISNUMBER(U13),U13,1)*IF(ISNUMBER(W13),W13,1)*IF(ISNUMBER(X13),X13,1)*IF(ISNUMBER(Y13),Y13,1)*IF(ISNUMBER(Z13),Z13,1)*IF(ISNUMBER(AA13),AA13,1)*IF(ISNUMBER(AB13),AB13,1)*IF(ISNUMBER(AC13),AC13,1)*IF(ISNUMBER(AD13),AD13,1)*IF(ISNUMBER(AF13),AF13,1)*IF(ISNUMBER(AG13),AG13,1)*IF(ISNUMBER(AH13),AH13,1)*IF(ISNUMBER(AI13),AI13,1)+IF(ISNUMBER(V13),(R13+S13*C13/1000)*(V13*(D13-2)),0)+IF(ISNUMBER(AE13),(R13+S13*1)*AD13*(AE13*(C13-1)),0)),5) -> #VALUE!
Q14: {=IFERROR(IF(OR(A14=списки!$C$41,A14=списки!$C$42,A14=списки!$C$43),INDEX('СБЦП 81-02-07-2001'!$A$3:$A$89,MAX((B14='СБЦП 81-02-07-2001'!$B$3:$B$89)*(C14/1000>'СБЦП 81-02-07-2001'!$C$3:$C$89)*(C14/1000<='СБЦП 81-02-07-2001'!$D$3:$D$89)*ROW('СБЦП 81-02-07-2001'!$C$3:$C$89)-2)),IF(A14=списки!$C$44,VLOOKUP(B14,'СБЦП 81-02-07-2001'!$L$2:$O$9,4,FALSE),IF(A14=списки!$C$45,INDEX('СБЦП 81-02-07-2001'!$P$14:$P$19,MAX((B14>'СБЦП 81-02-07-2001'!$R$14:$R$19)*(B14<='СБЦП 81-02-07-2001'!$S$14:$S$19)*ROW('СБЦП 81-02-07-2001'!$R$14:$R$19))-13),IF(A14=списки!$C$46,INDEX('СБЦП 81-02-07-2001'!$W$23:$W$24,MAX((B14>'СБЦП 81-02-07-2001'!$Y$23:$Y$24)*(B14<='СБЦП 81-02-07-2001'!$Z$23:$Z$24)*ROW('СБЦП 81-02-07-2001'!$W$23:$W$24))-22),IF(A14=списки!$C$47,INDEX('СБЦП 81-02-07-2001'!$AD$29:$AD$35,MAX((B14/1000>'СБЦП 81-02-07-2001'!$AF$29:$AF$35)*(B14/1000<='СБЦП 81-02-07-2001'!$AG$29:$AG$35)*ROW('СБЦП 81-02-07-2001'!$AD$29:$AD$35))-28),""))))),"")} | R14: {=IFERROR(IF(OR(A14=списки!$C$41,A14=списки!$C$42,A14=списки!$C$43),INDEX('СБЦП 81-02-07-2001'!$E$3:$E$89,MAX((B14='СБЦП 81-02-07-2001'!$B$3:$B$89)*(C14/1000>'СБЦП 81-02-07-2001'!$C$3:$C$89)*(C14/1000<='СБЦП 81-02-07-2001'!$D$3:$D$89)*ROW('СБЦП 81-02-07-2001'!$C$3:$C$89)-2)),IF(A14=списки!$C$44,VLOOKUP(B14,'СБЦП 81-02-07-2001'!$L$2:$N$9,2,FALSE),IF(A14=списки!$C$45,INDEX('СБЦП 81-02-07-2001'!$T$14:$T$19,MAX((B14>'СБЦП 81-02-07-2001'!$R$14:$R$19)*(B14<='СБЦП 81-02-07-2001'!$S$14:$S$19)*ROW('СБЦП 81-02-07-2001'!$R$14:$R$19))-13),IF(A14=списки!$C$46,INDEX('СБЦП 81-02-07-2001'!$AA$23:$AA$24,MAX((B14>'СБЦП 81-02-07-2001'!$Y$23:$Y$24)*(B14<='СБЦП 81-02-07-2001'!$Z$23:$Z$24)*ROW('СБЦП 81-02-07-2001'!$AA$23:$AA$24))-22),IF(A14=списки!$C$47,INDEX('СБЦП 81-02-07-2001'!$AH$29:$AH$35,MAX((B14/1000>'СБЦП 81-02-07-2001'!$AF$29:$AF$35)*(B14/1000<='СБЦП 81-02-07-2001'!$AG$29:$AG$35)*ROW('СБЦП 81-02-07-2001'!$AH$29:$AH$35))-28),""))))),"")} | S14: {=IFERROR(IF(OR(A14=списки!$C$41,A14=списки!$C$42,A14=списки!$C$43),INDEX('СБЦП 81-02-07-2001'!$F$3:$F$89,MAX((B14='СБЦП 81-02-07-2001'!$B$3:$B$89)*(C14/1000>'СБЦП 81-02-07-2001'!$C$3:$C$89)*(C14/1000<='СБЦП 81-02-07-2001'!$D$3:$D$89)*ROW('СБЦП 81-02-07-2001'!$C$3:$C$89)-2)),IF(A14=списки!$C$44,VLOOKUP(B14,'СБЦП 81-02-07-2001'!$L$2:$N$9,3,FALSE),IF(A14=списки!$C$45,INDEX('СБЦП 81-02-07-2001'!$U$14:$U$19,MAX((B14>'СБЦП 81-02-07-2001'!$R$14:$R$19)*(B14<='СБЦП 81-02-07-2001'!$S$14:$S$19)*ROW('СБЦП 81-02-07-2001'!$R$14:$R$19))-13),IF(A14=списки!$C$46,INDEX('СБЦП 81-02-07-2001'!$AB$23:$AB$24,MAX((B14>'СБЦП 81-02-07-2001'!$Y$23:$Y$24)*(B14<='СБЦП 81-02-07-2001'!$Z$23:$Z$24)*ROW('СБЦП 81-02-07-2001'!$AB$23:$AB$24))-22),IF(A14=списки!$C$47,INDEX('СБЦП 81-02-07-2001'!$AI$29:$AI$35,MAX((B14/1000>'СБЦП 81-02-07-2001'!$AF$29:$AF$35)*(B14/1000<='СБЦП 81-02-07-2001'!$AG$29:$AG$35)*ROW('СБЦП 81-02-07-2001'!$AI$29:$AI$35))-28),""))))),"")} | U14: =IF(OR(A14=списки!$C$41,A14=списки!$C$42,A14=списки!$C$43),IF(ISBLANK(J14),"",коэфф.!$E$2),"") | V14: =IF(OR(A14=списки!$C$41,A14=списки!$C$42,A14=списки!$C$43),IF(D14-2>0,0.25,""),"") | W14: =IF(OR(A14=списки!$C$42,A14=списки!$C$43)=TRUE,коэфф.!$E$4,"") | X14: =IF(ISBLANK(K14),"",IF(ISBLANK($O$1),1.1,$O$1)) | Y14: {=IF(OR(A14=списки!$C$41,A14=списки!$C$42,A14=списки!$C$43),IF($H14<5,"",INDEX(коэфф.!$E$7:$E$8,MAX((ИД!$H14>=коэфф.!$C$7:$C$8)*(ИД!$H14<=коэфф.!$D$7:$D$8)*ROW(коэфф.!$D$7:$D$8)-6))),"")} | Z14: =IF(OR(A14=списки!$C$41,A14=списки!$C$42,A14=списки!$C$43),IF(ISBLANK(I14),"",коэфф.!$E$9),"") | AA14: =IF(OR(A14=списки!$C$41,A14=списки!$C$42,A14=списки!$C$43),IF(E14=списки!$C$21,IF(ISBLANK(ИД!$O$2),IFERROR(VLOOKUP($E14,коэфф.!$A$11:$E$12,5,FALSE),""),$O$2),IFERROR(VLOOKUP($E14,коэфф.!$A$11:$E$12,5,FALSE),"")),"") | AB14: =IF(OR(A14=списки!$C$41,A14=списки!$C$42,A14=списки!$C$43),IF($E14=списки!$C$22,"",IF($F14>2,коэфф.!$E$17,"")),"") | AC14: =IF(OR(A14=списки!$C$41,A14=списки!$C$42,A14=списки!$C$43),IF($E14=списки!$C$22,IF(ISBLANK($O$3),IF($G14>1.5,коэфф.!$E$15,коэфф.!$E$14),$O$3),""),"") | AD14: =IF(A14=списки!$C$44,IF(ИД!D14>2,коэфф.!$E$18,""),"") | AE14: =IF(A14=списки!$C$44,IF(C14>1,коэфф.!$E$19,""),"") | AF14: =IF(A14=списки!$C$47,IF(ISBLANK(M14),"",коэфф.!$E$20),"") | AG14: =IF(A14=списки!$C$47,IF(ISBLANK(N14),"",коэфф.!$E$21),"") | AH14: =IF(A14=списки!$C$46,IF(ISBLANK(L14),"",коэфф.!$E$22),"") | AI14: =IF(ISBLANK(O14),"",IF(ISBLANK($O$4),1.3,$O$4)) | AK14: =IF(ISBLANK(A14),"",CONCATENATE(,A14," ",_xlfn.IFNA(IF(A14=списки!$C$41,ИД!D14,IF(A14=списки!$C$42,ИД!D14,IF(A14=списки!$C$43,ИД!D14,IF(A14=списки!$C$44,ИД!D14,"")))),""),VLOOKUP(A14,списки!$C$41:$E$47,3,FALSE),B14,VLOOKUP(A14,списки!$C$41:$D$47,2,FALSE),_xlfn.IFNA(IF(A14=списки!$C$41,CONCATENATE(" - ",ИД!C14," м"),IF(A14=списки!$C$42,CONCATENATE(" - ",ИД!C14," м"),IF(A14=списки!$C$43,CONCATENATE(" - ",ИД!C14," м"),""))),""),_xlfn.IFNA(IF(A14=списки!$C$41,CONCATENATE(", ",ИД!E14),IF(A14=списки!$C$42,CONCATENATE(", ",ИД!E14),IF(A14=списки!$C$43,CONCATENATE(", ",ИД!E14),""))),""),_xlfn.IFNA(IF(A14=списки!$C$44,CONCATENATE(" - ",ИД!C14," шт."),""),""))) | AL14: =IF(ISBLANK(A14),"",CONCATENATE("СБЦП 81-02-07-2001 от 24.05.2012 г.",CHAR(10),VLOOKUP($Q14,Списки_3!$B$3:$H$286,7,FALSE),IF(U14="","",CHAR(10)),AM14,IF(V14="","",CHAR(10)),AN14,IF(W14="","",CHAR(10)),AO14,IF(X14="","",CHAR(10)),AP14,IF(Y14="","",CHAR(10)),AQ14,IF(Z14="","",CHAR(10)),AR14,IF(AA14="","",CHAR(10)),AS14,IF(AB14="","",CHAR(10)),AT14,IF(AC14="","",CHAR(10)),AU14,IF(AD14="","",CHAR(10)),AV14,IF(AE14="","",CHAR(10)),AW14,IF(AF14="","",CHAR(10)),AX14,IF(AG14="","",CHAR(10)),AY14,IF(AH14="","",CHAR(10)),AZ14,IF(AI14="","",CHAR(10)),BA14)) | AM14: =IF(U14="","",CONCATENATE($U$10," - прокладка совместно с технологическими трубопроводами - ",U14)) | AN14: =IF(V14="","",CONCATENATE($V$10," - при совместной прокладке тепловых сетей более двух трубопроводов стоимость каждого последующего трубопровода - ",V14)) | AO14: =IF(W14="","",CONCATENATE($W$10," - стоимость проектирования паропроводов и конденсатопроводов тепловых сетей - ",W14)) | AP14: =IF(X14="","",CONCATENATE($X$10," - проектировании тепловой сети, проходящей по территории с коэффициентом застройки от 0.3 до 0.8"," - ",X14)) | AQ14: =IF(Y14="","",CONCATENATE($Y$10," - при пересечении проектируемой тепловой сети ",IF(Y14=1.1,"от 5 до 10","более 10")," существующих коммуникаций"," - ",Y14)) | AR14: =IF(Z14="","",CONCATENATE($Z$10," - при проектировании на пересеченном рельефе местности с оврагами - ",Z14)) | AS14: =IF(AA14="","",CONCATENATE($AA$10," - ",E14," - ",AA14)) | AT14: =IF(AB14="","",CONCATENATE($AB$10," - при глубине заложения тепловой сети более 2 м - ",AB14)) | AU14: =IF(AC14="","",CONCATENATE($AC$10," - надземная прокладка на железобетонных сборных опорах высотой ",IF(AC14=0.85,"до 1.5 м","свыше 1.5 м")," - ",AC14)) | AV14: =IF(AD14="","",CONCATENATE($AD$10," - совмещение нескольких магистралей в одном узле - ",AD14)) | AW14: =IF(AE14="","",CONCATENATE($AE$10," - каждый повторяющийся узел - ",AE14)) | AX14: =IF(AF14="","",CONCATENATE($AF$10," - использование герметика - ",AF14)) | AY14: =IF(AG14="","",CONCATENATE($AG$10," - усиление баков от лавинообразного разрушения - ",AG14)) | AZ14: =IF(AH14="","",CONCATENATE($AH$10," - установка паровых подогревателей, редуцирующих устройств и системы сбора конденсата - ",AH14)) | BA14: =IF(ISBLANK(O14),"",CONCATENATE("Методические указания по применению СБЦ по приказу Минрегиона России №620 от 29.12.2009 г.",CHAR(10),"п. 3.4 - ",O14," объекта - ",AI14)) | BC14: =IF(ISBLANK(A14),"",CONCATENATE("(",R14,"+",S14,"×",(IF(A14=списки!$C$41,C14/1000,IF(A14=списки!$C$42,C14/1000,IF(A14=списки!$C$43,C14/1000,IF(A14=списки!$C$44,1,IF(A14=списки!$C$45,B14,IF(A14=списки!$C$46,B14,IF(A14=списки!$C$47,C14,"")))))))),")",IF(ISNUMBER(U14),CONCATENATE("×",U14),""),IF(ISNUMBER(W14),CONCATENATE("×",W14),""),IF(ISNUMBER(X14),CONCATENATE("×",X14),""),IF(ISNUMBER(Y14),CONCATENATE("×",Y14),""),IF(ISNUMBER(Z14),CONCATENATE("×",Z14),""),IF(ISNUMBER(AA14),CONCATENATE("×",AA14),""),IF(ISNUMBER(AB14),CONCATENATE("×",AB14),""),IF(ISNUMBER(AC14),CONCATENATE("×",AC14),""),IF(ISNUMBER(AF14),CONCATENATE("×",AF14),""),IF(ISNUMBER(AG14),CONCATENATE("×",AG14),""),IF(ISNUMBER(AH14),CONCATENATE("×",AH14),""),IF(ISNUMBER(AD14),CONCATENATE("×",AD14),""),IF(ISNUMBER(AI14),CONCATENATE("×",AI14),""),IF(ISNUMBER(V14),CONCATENATE("+(",R14,"+",S14,"×",(C14/1000),")","×",D14-2,"×",V14),""),IF(ISNUMBER(AE14),CONCATENATE("+(",R14,"+",S14,"×",1,")","×",AD14,"×",C14-1,"×",AE14),""))) | BD14: =ROUND(IF(ISBLANK(A14),"",(R14+S14*(_xlfn.IFNA(IF(A14=списки!$C$41,(C14/1000),IF(A14=списки!$C$42,(C14/1000),IF(A14=списки!$C$43,(C14/1000),IF(A14=списки!$C$44,1,IF(A14=списки!$C$45,B14,IF(A14=списки!$C$46,B14,IF(A14=списки!$C$47,C14,""))))))),"")))*IF(ISNUMBER(U14),U14,1)*IF(ISNUMBER(W14),W14,1)*IF(ISNUMBER(X14),X14,1)*IF(ISNUMBER(Y14),Y14,1)*IF(ISNUMBER(Z14),Z14,1)*IF(ISNUMBER(AA14),AA14,1)*IF(ISNUMBER(AB14),AB14,1)*IF(ISNUMBER(AC14),AC14,1)*IF(ISNUMBER(AD14),AD14,1)*IF(ISNUMBER(AF14),AF14,1)*IF(ISNUMBER(AG14),AG14,1)*IF(ISNUMBER(AH14),AH14,1)*IF(ISNUMBER(AI14),AI14,1)+IF(ISNUMBER(V14),(R14+S14*C14/1000)*(V14*(D14-2)),0)+IF(ISNUMBER(AE14),(R14+S14*1)*AD14*(AE14*(C14-1)),0)),5) -> #VALUE!
Q15: {=IFERROR(IF(OR(A15=списки!$C$41,A15=списки!$C$42,A15=списки!$C$43),INDEX('СБЦП 81-02-07-2001'!$A$3:$A$89,MAX((B15='СБЦП 81-02-07-2001'!$B$3:$B$89)*(C15/1000>'СБЦП 81-02-07-2001'!$C$3:$C$89)*(C15/1000<='СБЦП 81-02-07-2001'!$D$3:$D$89)*ROW('СБЦП 81-02-07-2001'!$C$3:$C$89)-2)),IF(A15=списки!$C$44,VLOOKUP(B15,'СБЦП 81-02-07-2001'!$L$2:$O$9,4,FALSE),IF(A15=списки!$C$45,INDEX('СБЦП 81-02-07-2001'!$P$14:$P$19,MAX((B15>'СБЦП 81-02-07-2001'!$R$14:$R$19)*(B15<='СБЦП 81-02-07-2001'!$S$14:$S$19)*ROW('СБЦП 81-02-07-2001'!$R$14:$R$19))-13),IF(A15=списки!$C$46,INDEX('СБЦП 81-02-07-2001'!$W$23:$W$24,MAX((B15>'СБЦП 81-02-07-2001'!$Y$23:$Y$24)*(B15<='СБЦП 81-02-07-2001'!$Z$23:$Z$24)*ROW('СБЦП 81-02-07-2001'!$W$23:$W$24))-22),IF(A15=списки!$C$47,INDEX('СБЦП 81-02-07-2001'!$AD$29:$AD$35,MAX((B15/1000>'СБЦП 81-02-07-2001'!$AF$29:$AF$35)*(B15/1000<='СБЦП 81-02-07-2001'!$AG$29:$AG$35)*ROW('СБЦП 81-02-07-2001'!$AD$29:$AD$35))-28),""))))),"")} | R15: {=IFERROR(IF(OR(A15=списки!$C$41,A15=списки!$C$42,A15=списки!$C$43),INDEX('СБЦП 81-02-07-2001'!$E$3:$E$89,MAX((B15='СБЦП 81-02-07-2001'!$B$3:$B$89)*(C15/1000>'СБЦП 81-02-07-2001'!$C$3:$C$89)*(C15/1000<='СБЦП 81-02-07-2001'!$D$3:$D$89)*ROW('СБЦП 81-02-07-2001'!$C$3:$C$89)-2)),IF(A15=списки!$C$44,VLOOKUP(B15,'СБЦП 81-02-07-2001'!$L$2:$N$9,2,FALSE),IF(A15=списки!$C$45,INDEX('СБЦП 81-02-07-2001'!$T$14:$T$19,MAX((B15>'СБЦП 81-02-07-2001'!$R$14:$R$19)*(B15<='СБЦП 81-02-07-2001'!$S$14:$S$19)*ROW('СБЦП 81-02-07-2001'!$R$14:$R$19))-13),IF(A15=списки!$C$46,INDEX('СБЦП 81-02-07-2001'!$AA$23:$AA$24,MAX((B15>'СБЦП 81-02-07-2001'!$Y$23:$Y$24)*(B15<='СБЦП 81-02-07-2001'!$Z$23:$Z$24)*ROW('СБЦП 81-02-07-2001'!$AA$23:$AA$24))-22),IF(A15=списки!$C$47,INDEX('СБЦП 81-02-07-2001'!$AH$29:$AH$35,MAX((B15/1000>'СБЦП 81-02-07-2001'!$AF$29:$AF$35)*(B15/1000<='СБЦП 81-02-07-2001'!$AG$29:$AG$35)*ROW('СБЦП 81-02-07-2001'!$AH$29:$AH$35))-28),""))))),"")} | S15: {=IFERROR(IF(OR(A15=списки!$C$41,A15=списки!$C$42,A15=списки!$C$43),INDEX('СБЦП 81-02-07-2001'!$F$3:$F$89,MAX((B15='СБЦП 81-02-07-2001'!$B$3:$B$89)*(C15/1000>'СБЦП 81-02-07-2001'!$C$3:$C$89)*(C15/1000<='СБЦП 81-02-07-2001'!$D$3:$D$89)*ROW('СБЦП 81-02-07-2001'!$C$3:$C$89)-2)),IF(A15=списки!$C$44,VLOOKUP(B15,'СБЦП 81-02-07-2001'!$L$2:$N$9,3,FALSE),IF(A15=списки!$C$45,INDEX('СБЦП 81-02-07-2001'!$U$14:$U$19,MAX((B15>'СБЦП 81-02-07-2001'!$R$14:$R$19)*(B15<='СБЦП 81-02-07-2001'!$S$14:$S$19)*ROW('СБЦП 81-02-07-2001'!$R$14:$R$19))-13),IF(A15=списки!$C$46,INDEX('СБЦП 81-02-07-2001'!$AB$23:$AB$24,MAX((B15>'СБЦП 81-02-07-2001'!$Y$23:$Y$24)*(B15<='СБЦП 81-02-07-2001'!$Z$23:$Z$24)*ROW('СБЦП 81-02-07-2001'!$AB$23:$AB$24))-22),IF(A15=списки!$C$47,INDEX('СБЦП 81-02-07-2001'!$AI$29:$AI$35,MAX((B15/1000>'СБЦП 81-02-07-2001'!$AF$29:$AF$35)*(B15/1000<='СБЦП 81-02-07-2001'!$AG$29:$AG$35)*ROW('СБЦП 81-02-07-2001'!$AI$29:$AI$35))-28),""))))),"")} | U15: =IF(OR(A15=списки!$C$41,A15=списки!$C$42,A15=списки!$C$43),IF(ISBLANK(J15),"",коэфф.!$E$2),"") | V15: =IF(OR(A15=списки!$C$41,A15=списки!$C$42,A15=списки!$C$43),IF(D15-2>0,0.25,""),"") | W15: =IF(OR(A15=списки!$C$42,A15=списки!$C$43)=TRUE,коэфф.!$E$4,"") | X15: =IF(ISBLANK(K15),"",IF(ISBLANK($O$1),1.1,$O$1)) | Y15: {=IF(OR(A15=списки!$C$41,A15=списки!$C$42,A15=списки!$C$43),IF($H15<5,"",INDEX(коэфф.!$E$7:$E$8,MAX((ИД!$H15>=коэфф.!$C$7:$C$8)*(ИД!$H15<=коэфф.!$D$7:$D$8)*ROW(коэфф.!$D$7:$D$8)-6))),"")} | Z15: =IF(OR(A15=списки!$C$41,A15=списки!$C$42,A15=списки!$C$43),IF(ISBLANK(I15),"",коэфф.!$E$9),"") | AA15: =IF(OR(A15=списки!$C$41,A15=списки!$C$42,A15=списки!$C$43),IF(E15=списки!$C$21,IF(ISBLANK(ИД!$O$2),IFERROR(VLOOKUP($E15,коэфф.!$A$11:$E$12,5,FALSE),""),$O$2),IFERROR(VLOOKUP($E15,коэфф.!$A$11:$E$12,5,FALSE),"")),"") | AB15: =IF(OR(A15=списки!$C$41,A15=списки!$C$42,A15=списки!$C$43),IF($E15=списки!$C$22,"",IF($F15>2,коэфф.!$E$17,"")),"") | AC15: =IF(OR(A15=списки!$C$41,A15=списки!$C$42,A15=списки!$C$43),IF($E15=списки!$C$22,IF(ISBLANK($O$3),IF($G15>1.5,коэфф.!$E$15,коэфф.!$E$14),$O$3),""),"") | AD15: =IF(A15=списки!$C$44,IF(ИД!D15>2,коэфф.!$E$18,""),"") | AE15: =IF(A15=списки!$C$44,IF(C15>1,коэфф.!$E$19,""),"") | AF15: =IF(A15=списки!$C$47,IF(ISBLANK(M15),"",коэфф.!$E$20),"") | AG15: =IF(A15=списки!$C$47,IF(ISBLANK(N15),"",коэфф.!$E$21),"") | AH15: =IF(A15=списки!$C$46,IF(ISBLANK(L15),"",коэфф.!$E$22),"") | AI15: =IF(ISBLANK(O15),"",IF(ISBLANK($O$4),1.3,$O$4)) | AK15: =IF(ISBLANK(A15),"",CONCATENATE(,A15," ",_xlfn.IFNA(IF(A15=списки!$C$41,ИД!D15,IF(A15=списки!$C$42,ИД!D15,IF(A15=списки!$C$43,ИД!D15,IF(A15=списки!$C$44,ИД!D15,"")))),""),VLOOKUP(A15,списки!$C$41:$E$47,3,FALSE),B15,VLOOKUP(A15,списки!$C$41:$D$47,2,FALSE),_xlfn.IFNA(IF(A15=списки!$C$41,CONCATENATE(" - ",ИД!C15," м"),IF(A15=списки!$C$42,CONCATENATE(" - ",ИД!C15," м"),IF(A15=списки!$C$43,CONCATENATE(" - ",ИД!C15," м"),""))),""),_xlfn.IFNA(IF(A15=списки!$C$41,CONCATENATE(", ",ИД!E15),IF(A15=списки!$C$42,CONCATENATE(", ",ИД!E15),IF(A15=списки!$C$43,CONCATENATE(", ",ИД!E15),""))),""),_xlfn.IFNA(IF(A15=списки!$C$44,CONCATENATE(" - ",ИД!C15," шт."),""),""))) | AL15: =IF(ISBLANK(A15),"",CONCATENATE("СБЦП 81-02-07-2001 от 24.05.2012 г.",CHAR(10),VLOOKUP($Q15,Списки_3!$B$3:$H$286,7,FALSE),IF(U15="","",CHAR(10)),AM15,IF(V15="","",CHAR(10)),AN15,IF(W15="","",CHAR(10)),AO15,IF(X15="","",CHAR(10)),AP15,IF(Y15="","",CHAR(10)),AQ15,IF(Z15="","",CHAR(10)),AR15,IF(AA15="","",CHAR(10)),AS15,IF(AB15="","",CHAR(10)),AT15,IF(AC15="","",CHAR(10)),AU15,IF(AD15="","",CHAR(10)),AV15,IF(AE15="","",CHAR(10)),AW15,IF(AF15="","",CHAR(10)),AX15,IF(AG15="","",CHAR(10)),AY15,IF(AH15="","",CHAR(10)),AZ15,IF(AI15="","",CHAR(10)),BA15)) | AM15: =IF(U15="","",CONCATENATE($U$10," - прокладка совместно с технологическими трубопроводами - ",U15)) | AN15: =IF(V15="","",CONCATENATE($V$10," - при совместной прокладке тепловых сетей более двух трубопроводов стоимость каждого последующего трубопровода - ",V15)) | AO15: =IF(W15="","",CONCATENATE($W$10," - стоимость проектирования паропроводов и конденсатопроводов тепловых сетей - ",W15)) | AP15: =IF(X15="","",CONCATENATE($X$10," - проектировании тепловой сети, проходящей по территории с коэффициентом застройки от 0.3 до 0.8"," - ",X15)) | AQ15: =IF(Y15="","",CONCATENATE($Y$10," - при пересечении проектируемой тепловой сети ",IF(Y15=1.1,"от 5 до 10","более 10")," существующих коммуникаций"," - ",Y15)) | AR15: =IF(Z15="","",CONCATENATE($Z$10," - при проектировании на пересеченном рельефе местности с оврагами - ",Z15)) | AS15: =IF(AA15="","",CONCATENATE($AA$10," - ",E15," - ",AA15)) | AT15: =IF(AB15="","",CONCATENATE($AB$10," - при глубине заложения тепловой сети более 2 м - ",AB15)) | AU15: =IF(AC15="","",CONCATENATE($AC$10," - надземная прокладка на железобетонных сборных опорах высотой ",IF(AC15=0.85,"до 1.5 м","свыше 1.5 м")," - ",AC15)) | AV15: =IF(AD15="","",CONCATENATE($AD$10," - совмещение нескольких магистралей в одном узле - ",AD15)) | AW15: =IF(AE15="","",CONCATENATE($AE$10," - каждый повторяющийся узел - ",AE15)) | AX15: =IF(AF15="","",CONCATENATE($AF$10," - использование герметика - ",AF15)) | AY15: =IF(AG15="","",CONCATENATE($AG$10," - усиление баков от лавинообразного разрушения - ",AG15)) | AZ15: =IF(AH15="","",CONCATENATE($AH$10," - установка паровых подогревателей, редуцирующих устройств и системы сбора конденсата - ",AH15)) | BA15: =IF(ISBLANK(O15),"",CONCATENATE("Методические указания по применению СБЦ по приказу Минрегиона России №620 от 29.12.2009 г.",CHAR(10),"п. 3.4 - ",O15," объекта - ",AI15)) | BC15: =IF(ISBLANK(A15),"",CONCATENATE("(",R15,"+",S15,"×",(IF(A15=списки!$C$41,C15/1000,IF(A15=списки!$C$42,C15/1000,IF(A15=списки!$C$43,C15/1000,IF(A15=списки!$C$44,1,IF(A15=списки!$C$45,B15,IF(A15=списки!$C$46,B15,IF(A15=списки!$C$47,C15,"")))))))),")",IF(ISNUMBER(U15),CONCATENATE("×",U15),""),IF(ISNUMBER(W15),CONCATENATE("×",W15),""),IF(ISNUMBER(X15),CONCATENATE("×",X15),""),IF(ISNUMBER(Y15),CONCATENATE("×",Y15),""),IF(ISNUMBER(Z15),CONCATENATE("×",Z15),""),IF(ISNUMBER(AA15),CONCATENATE("×",AA15),""),IF(ISNUMBER(AB15),CONCATENATE("×",AB15),""),IF(ISNUMBER(AC15),CONCATENATE("×",AC15),""),IF(ISNUMBER(AF15),CONCATENATE("×",AF15),""),IF(ISNUMBER(AG15),CONCATENATE("×",AG15),""),IF(ISNUMBER(AH15),CONCATENATE("×",AH15),""),IF(ISNUMBER(AD15),CONCATENATE("×",AD15),""),IF(ISNUMBER(AI15),CONCATENATE("×",AI15),""),IF(ISNUMBER(V15),CONCATENATE("+(",R15,"+",S15,"×",(C15/1000),")","×",D15-2,"×",V15),""),IF(ISNUMBER(AE15),CONCATENATE("+(",R15,"+",S15,"×",1,")","×",AD15,"×",C15-1,"×",AE15),""))) | BD15: =ROUND(IF(ISBLANK(A15),"",(R15+S15*(_xlfn.IFNA(IF(A15=списки!$C$41,(C15/1000),IF(A15=списки!$C$42,(C15/1000),IF(A15=списки!$C$43,(C15/1000),IF(A15=списки!$C$44,1,IF(A15=списки!$C$45,B15,IF(A15=списки!$C$46,B15,IF(A15=списки!$C$47,C15,""))))))),"")))*IF(ISNUMBER(U15),U15,1)*IF(ISNUMBER(W15),W15,1)*IF(ISNUMBER(X15),X15,1)*IF(ISNUMBER(Y15),Y15,1)*IF(ISNUMBER(Z15),Z15,1)*IF(ISNUMBER(AA15),AA15,1)*IF(ISNUMBER(AB15),AB15,1)*IF(ISNUMBER(AC15),AC15,1)*IF(ISNUMBER(AD15),AD15,1)*IF(ISNUMBER(AF15),AF15,1)*IF(ISNUMBER(AG15),AG15,1)*IF(ISNUMBER(AH15),AH15,1)*IF(ISNUMBER(AI15),AI15,1)+IF(ISNUMBER(V15),(R15+S15*C15/1000)*(V15*(D15-2)),0)+IF(ISNUMBER(AE15),(R15+S15*1)*AD15*(AE15*(C15-1)),0)),5) -> #VALUE!
Q16: {=IFERROR(IF(OR(A16=списки!$C$41,A16=списки!$C$42,A16=списки!$C$43),INDEX('СБЦП 81-02-07-2001'!$A$3:$A$89,MAX((B16='СБЦП 81-02-07-2001'!$B$3:$B$89)*(C16/1000>'СБЦП 81-02-07-2001'!$C$3:$C$89)*(C16/1000<='СБЦП 81-02-07-2001'!$D$3:$D$89)*ROW('СБЦП 81-02-07-2001'!$C$3:$C$89)-2)),IF(A16=списки!$C$44,VLOOKUP(B16,'СБЦП 81-02-07-2001'!$L$2:$O$9,4,FALSE),IF(A16=списки!$C$45,INDEX('СБЦП 81-02-07-2001'!$P$14:$P$19,MAX((B16>'СБЦП 81-02-07-2001'!$R$14:$R$19)*(B16<='СБЦП 81-02-07-2001'!$S$14:$S$19)*ROW('СБЦП 81-02-07-2001'!$R$14:$R$19))-13),IF(A16=списки!$C$46,INDEX('СБЦП 81-02-07-2001'!$W$23:$W$24,MAX((B16>'СБЦП 81-02-07-2001'!$Y$23:$Y$24)*(B16<='СБЦП 81-02-07-2001'!$Z$23:$Z$24)*ROW('СБЦП 81-02-07-2001'!$W$23:$W$24))-22),IF(A16=списки!$C$47,INDEX('СБЦП 81-02-07-2001'!$AD$29:$AD$35,MAX((B16/1000>'СБЦП 81-02-07-2001'!$AF$29:$AF$35)*(B16/1000<='СБЦП 81-02-07-2001'!$AG$29:$AG$35)*ROW('СБЦП 81-02-07-2001'!$AD$29:$AD$35))-28),""))))),"")} | R16: {=IFERROR(IF(OR(A16=списки!$C$41,A16=списки!$C$42,A16=списки!$C$43),INDEX('СБЦП 81-02-07-2001'!$E$3:$E$89,MAX((B16='СБЦП 81-02-07-2001'!$B$3:$B$89)*(C16/1000>'СБЦП 81-02-07-2001'!$C$3:$C$89)*(C16/1000<='СБЦП 81-02-07-2001'!$D$3:$D$89)*ROW('СБЦП 81-02-07-2001'!$C$3:$C$89)-2)),IF(A16=списки!$C$44,VLOOKUP(B16,'СБЦП 81-02-07-2001'!$L$2:$N$9,2,FALSE),IF(A16=списки!$C$45,INDEX('СБЦП 81-02-07-2001'!$T$14:$T$19,MAX((B16>'СБЦП 81-02-07-2001'!$R$14:$R$19)*(B16<='СБЦП 81-02-07-2001'!$S$14:$S$19)*ROW('СБЦП 81-02-07-2001'!$R$14:$R$19))-13),IF(A16=списки!$C$46,INDEX('СБЦП 81-02-07-2001'!$AA$23:$AA$24,MAX((B16>'СБЦП 81-02-07-2001'!$Y$23:$Y$24)*(B16<='СБЦП 81-02-07-2001'!$Z$23:$Z$24)*ROW('СБЦП 81-02-07-2001'!$AA$23:$AA$24))-22),IF(A16=списки!$C$47,INDEX('СБЦП 81-02-07-2001'!$AH$29:$AH$35,MAX((B16/1000>'СБЦП 81-02-07-2001'!$AF$29:$AF$35)*(B16/1000<='СБЦП 81-02-07-2001'!$AG$29:$AG$35)*ROW('СБЦП 81-02-07-2001'!$AH$29:$AH$35))-28),""))))),"")} | S16: {=IFERROR(IF(OR(A16=списки!$C$41,A16=списки!$C$42,A16=списки!$C$43),INDEX('СБЦП 81-02-07-2001'!$F$3:$F$89,MAX((B16='СБЦП 81-02-07-2001'!$B$3:$B$89)*(C16/1000>'СБЦП 81-02-07-2001'!$C$3:$C$89)*(C16/1000<='СБЦП 81-02-07-2001'!$D$3:$D$89)*ROW('СБЦП 81-02-07-2001'!$C$3:$C$89)-2)),IF(A16=списки!$C$44,VLOOKUP(B16,'СБЦП 81-02-07-2001'!$L$2:$N$9,3,FALSE),IF(A16=списки!$C$45,INDEX('СБЦП 81-02-07-2001'!$U$14:$U$19,MAX((B16>'СБЦП 81-02-07-2001'!$R$14:$R$19)*(B16<='СБЦП 81-02-07-2001'!$S$14:$S$19)*ROW('СБЦП 81-02-07-2001'!$R$14:$R$19))-13),IF(A16=списки!$C$46,INDEX('СБЦП 81-02-07-2001'!$AB$23:$AB$24,MAX((B16>'СБЦП 81-02-07-2001'!$Y$23:$Y$24)*(B16<='СБЦП 81-02-07-2001'!$Z$23:$Z$24)*ROW('СБЦП 81-02-07-2001'!$AB$23:$AB$24))-22),IF(A16=списки!$C$47,INDEX('СБЦП 81-02-07-2001'!$AI$29:$AI$35,MAX((B16/1000>'СБЦП 81-02-07-2001'!$AF$29:$AF$35)*(B16/1000<='СБЦП 81-02-07-2001'!$AG$29:$AG$35)*ROW('СБЦП 81-02-07-2001'!$AI$29:$AI$35))-28),""))))),"")} | U16: =IF(OR(A16=списки!$C$41,A16=списки!$C$42,A16=списки!$C$43),IF(ISBLANK(J16),"",коэфф.!$E$2),"") | V16: =IF(OR(A16=списки!$C$41,A16=списки!$C$42,A16=списки!$C$43),IF(D16-2>0,0.25,""),"") | W16: =IF(OR(A16=списки!$C$42,A16=списки!$C$43)=TRUE,коэфф.!$E$4,"") | X16: =IF(ISBLANK(K16),"",IF(ISBLANK($O$1),1.1,$O$1)) | Y16: {=IF(OR(A16=списки!$C$41,A16=списки!$C$42,A16=списки!$C$43),IF($H16<5,"",INDEX(коэфф.!$E$7:$E$8,MAX((ИД!$H16>=коэфф.!$C$7:$C$8)*(ИД!$H16<=коэфф.!$D$7:$D$8)*ROW(коэфф.!$D$7:$D$8)-6))),"")} | Z16: =IF(OR(A16=списки!$C$41,A16=списки!$C$42,A16=списки!$C$43),IF(ISBLANK(I16),"",коэфф.!$E$9),"") | AA16: =IF(OR(A16=списки!$C$41,A16=списки!$C$42,A16=списки!$C$43),IF(E16=списки!$C$21,IF(ISBLANK(ИД!$O$2),IFERROR(VLOOKUP($E16,коэфф.!$A$11:$E$12,5,FALSE),""),$O$2),IFERROR(VLOOKUP($E16,коэфф.!$A$11:$E$12,5,FALSE),"")),"") | AB16: =IF(OR(A16=списки!$C$41,A16=списки!$C$42,A16=списки!$C$43),IF($E16=списки!$C$22,"",IF($F16>2,коэфф.!$E$17,"")),"") | AC16: =IF(OR(A16=списки!$C$41,A16=списки!$C$42,A16=списки!$C$43),IF($E16=списки!$C$22,IF(ISBLANK($O$3),IF($G16>1.5,коэфф.!$E$15,коэфф.!$E$14),$O$3),""),"") | AD16: =IF(A16=списки!$C$44,IF(ИД!D16>2,коэфф.!$E$18,""),"") | AE16: =IF(A16=списки!$C$44,IF(C16>1,коэфф.!$E$19,""),"") | AF16: =IF(A16=списки!$C$47,IF(ISBLANK(M16),"",коэфф.!$E$20),"") | AG16: =IF(A16=списки!$C$47,IF(ISBLANK(N16),"",коэфф.!$E$21),"") | AH16: =IF(A16=списки!$C$46,IF(ISBLANK(L16),"",коэфф.!$E$22),"") | AI16: =IF(ISBLANK(O16),"",IF(ISBLANK($O$4),1.3,$O$4)) | AK16: =IF(ISBLANK(A16),"",CONCATENATE(,A16," ",_xlfn.IFNA(IF(A16=списки!$C$41,ИД!D16,IF(A16=списки!$C$42,ИД!D16,IF(A16=списки!$C$43,ИД!D16,IF(A16=списки!$C$44,ИД!D16,"")))),""),VLOOKUP(A16,списки!$C$41:$E$47,3,FALSE),B16,VLOOKUP(A16,списки!$C$41:$D$47,2,FALSE),_xlfn.IFNA(IF(A16=списки!$C$41,CONCATENATE(" - ",ИД!C16," м"),IF(A16=списки!$C$42,CONCATENATE(" - ",ИД!C16," м"),IF(A16=списки!$C$43,CONCATENATE(" - ",ИД!C16," м"),""))),""),_xlfn.IFNA(IF(A16=списки!$C$41,CONCATENATE(", ",ИД!E16),IF(A16=списки!$C$42,CONCATENATE(", ",ИД!E16),IF(A16=списки!$C$43,CONCATENATE(", ",ИД!E16),""))),""),_xlfn.IFNA(IF(A16=списки!$C$44,CONCATENATE(" - ",ИД!C16," шт."),""),""))) | AL16: =IF(ISBLANK(A16),"",CONCATENATE("СБЦП 81-02-07-2001 от 24.05.2012 г.",CHAR(10),VLOOKUP($Q16,Списки_3!$B$3:$H$286,7,FALSE),IF(U16="","",CHAR(10)),AM16,IF(V16="","",CHAR(10)),AN16,IF(W16="","",CHAR(10)),AO16,IF(X16="","",CHAR(10)),AP16,IF(Y16="","",CHAR(10)),AQ16,IF(Z16="","",CHAR(10)),AR16,IF(AA16="","",CHAR(10)),AS16,IF(AB16="","",CHAR(10)),AT16,IF(AC16="","",CHAR(10)),AU16,IF(AD16="","",CHAR(10)),AV16,IF(AE16="","",CHAR(10)),AW16,IF(AF16="","",CHAR(10)),AX16,IF(AG16="","",CHAR(10)),AY16,IF(AH16="","",CHAR(10)),AZ16,IF(AI16="","",CHAR(10)),BA16)) | AM16: =IF(U16="","",CONCATENATE($U$10," - прокладка совместно с технологическими трубопроводами - ",U16)) | AN16: =IF(V16="","",CONCATENATE($V$10," - при совместной прокладке тепловых сетей более двух трубопроводов стоимость каждого последующего трубопровода - ",V16)) | AO16: =IF(W16="","",CONCATENATE($W$10," - стоимость проектирования паропроводов и конденсатопроводов тепловых сетей - ",W16)) | AP16: =IF(X16="","",CONCATENATE($X$10," - проектировании тепловой сети, проходящей по территории с коэффициентом застройки от 0.3 до 0.8"," - ",X16)) | AQ16: =IF(Y16="","",CONCATENATE($Y$10," - при пересечении проектируемой тепловой сети ",IF(Y16=1.1,"от 5 до 10","более 10")," существующих коммуникаций"," - ",Y16)) | AR16: =IF(Z16="","",CONCATENATE($Z$10," - при проектировании на пересеченном рельефе местности с оврагами - ",Z16)) | AS16: =IF(AA16="","",CONCATENATE($AA$10," - ",E16," - ",AA16)) | AT16: =IF(AB16="","",CONCATENATE($AB$10," - при глубине заложения тепловой сети более 2 м - ",AB16)) | AU16: =IF(AC16="","",CONCATENATE($AC$10," - надземная прокладка на железобетонных сборных опорах высотой ",IF(AC16=0.85,"до 1.5 м","свыше 1.5 м")," - ",AC16)) | AV16: =IF(AD16="","",CONCATENATE($AD$10," - совмещение нескольких магистралей в одном узле - ",AD16)) | AW16: =IF(AE16="","",CONCATENATE($AE$10," - каждый повторяющийся узел - ",AE16)) | AX16: =IF(AF16="","",CONCATENATE($AF$10," - использование герметика - ",AF16)) | AY16: =IF(AG16="","",CONCATENATE($AG$10," - усиление баков от лавинообразного разрушения - ",AG16)) | AZ16: =IF(AH16="","",CONCATENATE($AH$10," - установка паровых подогревателей, редуцирующих устройств и системы сбора конденсата - ",AH16)) | BA16: =IF(ISBLANK(O16),"",CONCATENATE("Методические указания по применению СБЦ по приказу Минрегиона России №620 от 29.12.2009 г.",CHAR(10),"п. 3.4 - ",O16," объекта - ",AI16)) | BC16: =IF(ISBLANK(A16),"",CONCATENATE("(",R16,"+",S16,"×",(IF(A16=списки!$C$41,C16/1000,IF(A16=списки!$C$42,C16/1000,IF(A16=списки!$C$43,C16/1000,IF(A16=списки!$C$44,1,IF(A16=списки!$C$45,B16,IF(A16=списки!$C$46,B16,IF(A16=списки!$C$47,C16,"")))))))),")",IF(ISNUMBER(U16),CONCATENATE("×",U16),""),IF(ISNUMBER(W16),CONCATENATE("×",W16),""),IF(ISNUMBER(X16),CONCATENATE("×",X16),""),IF(ISNUMBER(Y16),CONCATENATE("×",Y16),""),IF(ISNUMBER(Z16),CONCATENATE("×",Z16),""),IF(ISNUMBER(AA16),CONCATENATE("×",AA16),""),IF(ISNUMBER(AB16),CONCATENATE("×",AB16),""),IF(ISNUMBER(AC16),CONCATENATE("×",AC16),""),IF(ISNUMBER(AF16),CONCATENATE("×",AF16),""),IF(ISNUMBER(AG16),CONCATENATE("×",AG16),""),IF(ISNUMBER(AH16),CONCATENATE("×",AH16),""),IF(ISNUMBER(AD16),CONCATENATE("×",AD16),""),IF(ISNUMBER(AI16),CONCATENATE("×",AI16),""),IF(ISNUMBER(V16),CONCATENATE("+(",R16,"+",S16,"×",(C16/1000),")","×",D16-2,"×",V16),""),IF(ISNUMBER(AE16),CONCATENATE("+(",R16,"+",S16,"×",1,")","×",AD16,"×",C16-1,"×",AE16),""))) | BD16: =ROUND(IF(ISBLANK(A16),"",(R16+S16*(_xlfn.IFNA(IF(A16=списки!$C$41,(C16/1000),IF(A16=списки!$C$42,(C16/1000),IF(A16=списки!$C$43,(C16/1000),IF(A16=списки!$C$44,1,IF(A16=списки!$C$45,B16,IF(A16=списки!$C$46,B16,IF(A16=списки!$C$47,C16,""))))))),"")))*IF(ISNUMBER(U16),U16,1)*IF(ISNUMBER(W16),W16,1)*IF(ISNUMBER(X16),X16,1)*IF(ISNUMBER(Y16),Y16,1)*IF(ISNUMBER(Z16),Z16,1)*IF(ISNUMBER(AA16),AA16,1)*IF(ISNUMBER(AB16),AB16,1)*IF(ISNUMBER(AC16),AC16,1)*IF(ISNUMBER(AD16),AD16,1)*IF(ISNUMBER(AF16),AF16,1)*IF(ISNUMBER(AG16),AG16,1)*IF(ISNUMBER(AH16),AH16,1)*IF(ISNUMBER(AI16),AI16,1)+IF(ISNUMBER(V16),(R16+S16*C16/1000)*(V16*(D16-2)),0)+IF(ISNUMBER(AE16),(R16+S16*1)*AD16*(AE16*(C16-1)),0)),5) -> #VALUE!
Q17: {=IFERROR(IF(OR(A17=списки!$C$41,A17=списки!$C$42,A17=списки!$C$43),INDEX('СБЦП 81-02-07-2001'!$A$3:$A$89,MAX((B17='СБЦП 81-02-07-2001'!$B$3:$B$89)*(C17/1000>'СБЦП 81-02-07-2001'!$C$3:$C$89)*(C17/1000<='СБЦП 81-02-07-2001'!$D$3:$D$89)*ROW('СБЦП 81-02-07-2001'!$C$3:$C$89)-2)),IF(A17=списки!$C$44,VLOOKUP(B17,'СБЦП 81-02-07-2001'!$L$2:$O$9,4,FALSE),IF(A17=списки!$C$45,INDEX('СБЦП 81-02-07-2001'!$P$14:$P$19,MAX((B17>'СБЦП 81-02-07-2001'!$R$14:$R$19)*(B17<='СБЦП 81-02-07-2001'!$S$14:$S$19)*ROW('СБЦП 81-02-07-2001'!$R$14:$R$19))-13),IF(A17=списки!$C$46,INDEX('СБЦП 81-02-07-2001'!$W$23:$W$24,MAX((B17>'СБЦП 81-02-07-2001'!$Y$23:$Y$24)*(B17<='СБЦП 81-02-07-2001'!$Z$23:$Z$24)*ROW('СБЦП 81-02-07-2001'!$W$23:$W$24))-22),IF(A17=списки!$C$47,INDEX('СБЦП 81-02-07-2001'!$AD$29:$AD$35,MAX((B17/1000>'СБЦП 81-02-07-2001'!$AF$29:$AF$35)*(B17/1000<='СБЦП 81-02-07-2001'!$AG$29:$AG$35)*ROW('СБЦП 81-02-07-2001'!$AD$29:$AD$35))-28),""))))),"")} | R17: {=IFERROR(IF(OR(A17=списки!$C$41,A17=списки!$C$42,A17=списки!$C$43),INDEX('СБЦП 81-02-07-2001'!$E$3:$E$89,MAX((B17='СБЦП 81-02-07-2001'!$B$3:$B$89)*(C17/1000>'СБЦП 81-02-07-2001'!$C$3:$C$89)*(C17/1000<='СБЦП 81-02-07-2001'!$D$3:$D$89)*ROW('СБЦП 81-02-07-2001'!$C$3:$C$89)-2)),IF(A17=списки!$C$44,VLOOKUP(B17,'СБЦП 81-02-07-2001'!$L$2:$N$9,2,FALSE),IF(A17=списки!$C$45,INDEX('СБЦП 81-02-07-2001'!$T$14:$T$19,MAX((B17>'СБЦП 81-02-07-2001'!$R$14:$R$19)*(B17<='СБЦП 81-02-07-2001'!$S$14:$S$19)*ROW('СБЦП 81-02-07-2001'!$R$14:$R$19))-13),IF(A17=списки!$C$46,INDEX('СБЦП 81-02-07-2001'!$AA$23:$AA$24,MAX((B17>'СБЦП 81-02-07-2001'!$Y$23:$Y$24)*(B17<='СБЦП 81-02-07-2001'!$Z$23:$Z$24)*ROW('СБЦП 81-02-07-2001'!$AA$23:$AA$24))-22),IF(A17=списки!$C$47,INDEX('СБЦП 81-02-07-2001'!$AH$29:$AH$35,MAX((B17/1000>'СБЦП 81-02-07-2001'!$AF$29:$AF$35)*(B17/1000<='СБЦП 81-02-07-2001'!$AG$29:$AG$35)*ROW('СБЦП 81-02-07-2001'!$AH$29:$AH$35))-28),""))))),"")} | S17: {=IFERROR(IF(OR(A17=списки!$C$41,A17=списки!$C$42,A17=списки!$C$43),INDEX('СБЦП 81-02-07-2001'!$F$3:$F$89,MAX((B17='СБЦП 81-02-07-2001'!$B$3:$B$89)*(C17/1000>'СБЦП 81-02-07-2001'!$C$3:$C$89)*(C17/1000<='СБЦП 81-02-07-2001'!$D$3:$D$89)*ROW('СБЦП 81-02-07-2001'!$C$3:$C$89)-2)),IF(A17=списки!$C$44,VLOOKUP(B17,'СБЦП 81-02-07-2001'!$L$2:$N$9,3,FALSE),IF(A17=списки!$C$45,INDEX('СБЦП 81-02-07-2001'!$U$14:$U$19,MAX((B17>'СБЦП 81-02-07-2001'!$R$14:$R$19)*(B17<='СБЦП 81-02-07-2001'!$S$14:$S$19)*ROW('СБЦП 81-02-07-2001'!$R$14:$R$19))-13),IF(A17=списки!$C$46,INDEX('СБЦП 81-02-07-2001'!$AB$23:$AB$24,MAX((B17>'СБЦП 81-02-07-2001'!$Y$23:$Y$24)*(B17<='СБЦП 81-02-07-2001'!$Z$23:$Z$24)*ROW('СБЦП 81-02-07-2001'!$AB$23:$AB$24))-22),IF(A17=списки!$C$47,INDEX('СБЦП 81-02-07-2001'!$AI$29:$AI$35,MAX((B17/1000>'СБЦП 81-02-07-2001'!$AF$29:$AF$35)*(B17/1000<='СБЦП 81-02-07-2001'!$AG$29:$AG$35)*ROW('СБЦП 81-02-07-2001'!$AI$29:$AI$35))-28),""))))),"")} | U17: =IF(OR(A17=списки!$C$41,A17=списки!$C$42,A17=списки!$C$43),IF(ISBLANK(J17),"",коэфф.!$E$2),"") | V17: =IF(OR(A17=списки!$C$41,A17=списки!$C$42,A17=списки!$C$43),IF(D17-2>0,0.25,""),"") | W17: =IF(OR(A17=списки!$C$42,A17=списки!$C$43)=TRUE,коэфф.!$E$4,"") | X17: =IF(ISBLANK(K17),"",IF(ISBLANK($O$1),1.1,$O$1)) | Y17: {=IF(OR(A17=списки!$C$41,A17=списки!$C$42,A17=списки!$C$43),IF($H17<5,"",INDEX(коэфф.!$E$7:$E$8,MAX((ИД!$H17>=коэфф.!$C$7:$C$8)*(ИД!$H17<=коэфф.!$D$7:$D$8)*ROW(коэфф.!$D$7:$D$8)-6))),"")} | Z17: =IF(OR(A17=списки!$C$41,A17=списки!$C$42,A17=списки!$C$43),IF(ISBLANK(I17),"",коэфф.!$E$9),"") | AA17: =IF(OR(A17=списки!$C$41,A17=списки!$C$42,A17=списки!$C$43),IF(E17=списки!$C$21,IF(ISBLANK(ИД!$O$2),IFERROR(VLOOKUP($E17,коэфф.!$A$11:$E$12,5,FALSE),""),$O$2),IFERROR(VLOOKUP($E17,коэфф.!$A$11:$E$12,5,FALSE),"")),"") | AB17: =IF(OR(A17=списки!$C$41,A17=списки!$C$42,A17=списки!$C$43),IF($E17=списки!$C$22,"",IF($F17>2,коэфф.!$E$17,"")),"") | AC17: =IF(OR(A17=списки!$C$41,A17=списки!$C$42,A17=списки!$C$43),IF($E17=списки!$C$22,IF(ISBLANK($O$3),IF($G17>1.5,коэфф.!$E$15,коэфф.!$E$14),$O$3),""),"") | AD17: =IF(A17=списки!$C$44,IF(ИД!D17>2,коэфф.!$E$18,""),"") | AE17: =IF(A17=списки!$C$44,IF(C17>1,коэфф.!$E$19,""),"") | AF17: =IF(A17=списки!$C$47,IF(ISBLANK(M17),"",коэфф.!$E$20),"") | AG17: =IF(A17=списки!$C$47,IF(ISBLANK(N17),"",коэфф.!$E$21),"") | AH17: =IF(A17=списки!$C$46,IF(ISBLANK(L17),"",коэфф.!$E$22),"") | AI17: =IF(ISBLANK(O17),"",IF(ISBLANK($O$4),1.3,$O$4)) | AK17: =IF(ISBLANK(A17),"",CONCATENATE(,A17," ",_xlfn.IFNA(IF(A17=списки!$C$41,ИД!D17,IF(A17=списки!$C$42,ИД!D17,IF(A17=списки!$C$43,ИД!D17,IF(A17=списки!$C$44,ИД!D17,"")))),""),VLOOKUP(A17,списки!$C$41:$E$47,3,FALSE),B17,VLOOKUP(A17,списки!$C$41:$D$47,2,FALSE),_xlfn.IFNA(IF(A17=списки!$C$41,CONCATENATE(" - ",ИД!C17," м"),IF(A17=списки!$C$42,CONCATENATE(" - ",ИД!C17," м"),IF(A17=списки!$C$43,CONCATENATE(" - ",ИД!C17," м"),""))),""),_xlfn.IFNA(IF(A17=списки!$C$41,CONCATENATE(", ",ИД!E17),IF(A17=списки!$C$42,CONCATENATE(", ",ИД!E17),IF(A17=списки!$C$43,CONCATENATE(", ",ИД!E17),""))),""),_xlfn.IFNA(IF(A17=списки!$C$44,CONCATENATE(" - ",ИД!C17," шт."),""),""))) | AL17: =IF(ISBLANK(A17),"",CONCATENATE("СБЦП 81-02-07-2001 от 24.05.2012 г.",CHAR(10),VLOOKUP($Q17,Списки_3!$B$3:$H$286,7,FALSE),IF(U17="","",CHAR(10)),AM17,IF(V17="","",CHAR(10)),AN17,IF(W17="","",CHAR(10)),AO17,IF(X17="","",CHAR(10)),AP17,IF(Y17="","",CHAR(10)),AQ17,IF(Z17="","",CHAR(10)),AR17,IF(AA17="","",CHAR(10)),AS17,IF(AB17="","",CHAR(10)),AT17,IF(AC17="","",CHAR(10)),AU17,IF(AD17="","",CHAR(10)),AV17,IF(AE17="","",CHAR(10)),AW17,IF(AF17="","",CHAR(10)),AX17,IF(AG17="","",CHAR(10)),AY17,IF(AH17="","",CHAR(10)),AZ17,IF(AI17="","",CHAR(10)),BA17)) | AM17: =IF(U17="","",CONCATENATE($U$10," - прокладка совместно с технологическими трубопроводами - ",U17)) | AN17: =IF(V17="","",CONCATENATE($V$10," - при совместной прокладке тепловых сетей более двух трубопроводов стоимость каждого последующего трубопровода - ",V17)) | AO17: =IF(W17="","",CONCATENATE($W$10," - стоимость проектирования паропроводов и конденсатопроводов тепловых сетей - ",W17)) | AP17: =IF(X17="","",CONCATENATE($X$10," - проектировании тепловой сети, проходящей по территории с коэффициентом застройки от 0.3 до 0.8"," - ",X17)) | AQ17: =IF(Y17="","",CONCATENATE($Y$10," - при пересечении проектируемой тепловой сети ",IF(Y17=1.1,"от 5 до 10","более 10")," существующих коммуникаций"," - ",Y17)) | AR17: =IF(Z17="","",CONCATENATE($Z$10," - при проектировании на пересеченном рельефе местности с оврагами - ",Z17)) | AS17: =IF(AA17="","",CONCATENATE($AA$10," - ",E17," - ",AA17)) | AT17: =IF(AB17="","",CONCATENATE($AB$10," - при глубине заложения тепловой сети более 2 м - ",AB17)) | AU17: =IF(AC17="","",CONCATENATE($AC$10," - надземная прокладка на железобетонных сборных опорах высотой ",IF(AC17=0.85,"до 1.5 м","свыше 1.5 м")," - ",AC17)) | AV17: =IF(AD17="","",CONCATENATE($AD$10," - совмещение нескольких магистралей в одном узле - ",AD17)) | AW17: =IF(AE17="","",CONCATENATE($AE$10," - каждый повторяющийся узел - ",AE17)) | AX17: =IF(AF17="","",CONCATENATE($AF$10," - использование герметика - ",AF17)) | AY17: =IF(AG17="","",CONCATENATE($AG$10," - усиление баков от лавинообразного разрушения - ",AG17)) | AZ17: =IF(AH17="","",CONCATENATE($AH$10," - установка паровых подогревателей, редуцирующих устройств и системы сбора конденсата - ",AH17)) | BA17: =IF(ISBLANK(O17),"",CONCATENATE("Методические указания по применению СБЦ по приказу Минрегиона России №620 от 29.12.2009 г.",CHAR(10),"п. 3.4 - ",O17," объекта - ",AI17)) | BC17: =IF(ISBLANK(A17),"",CONCATENATE("(",R17,"+",S17,"×",(IF(A17=списки!$C$41,C17/1000,IF(A17=списки!$C$42,C17/1000,IF(A17=списки!$C$43,C17/1000,IF(A17=списки!$C$44,1,IF(A17=списки!$C$45,B17,IF(A17=списки!$C$46,B17,IF(A17=списки!$C$47,C17,"")))))))),")",IF(ISNUMBER(U17),CONCATENATE("×",U17),""),IF(ISNUMBER(W17),CONCATENATE("×",W17),""),IF(ISNUMBER(X17),CONCATENATE("×",X17),""),IF(ISNUMBER(Y17),CONCATENATE("×",Y17),""),IF(ISNUMBER(Z17),CONCATENATE("×",Z17),""),IF(ISNUMBER(AA17),CONCATENATE("×",AA17),""),IF(ISNUMBER(AB17),CONCATENATE("×",AB17),""),IF(ISNUMBER(AC17),CONCATENATE("×",AC17),""),IF(ISNUMBER(AF17),CONCATENATE("×",AF17),""),IF(ISNUMBER(AG17),CONCATENATE("×",AG17),""),IF(ISNUMBER(AH17),CONCATENATE("×",AH17),""),IF(ISNUMBER(AD17),CONCATENATE("×",AD17),""),IF(ISNUMBER(AI17),CONCATENATE("×",AI17),""),IF(ISNUMBER(V17),CONCATENATE("+(",R17,"+",S17,"×",(C17/1000),")","×",D17-2,"×",V17),""),IF(ISNUMBER(AE17),CONCATENATE("+(",R17,"+",S17,"×",1,")","×",AD17,"×",C17-1,"×",AE17),""))) | BD17: =ROUND(IF(ISBLANK(A17),"",(R17+S17*(_xlfn.IFNA(IF(A17=списки!$C$41,(C17/1000),IF(A17=списки!$C$42,(C17/1000),IF(A17=списки!$C$43,(C17/1000),IF(A17=списки!$C$44,1,IF(A17=списки!$C$45,B17,IF(A17=списки!$C$46,B17,IF(A17=списки!$C$47,C17,""))))))),"")))*IF(ISNUMBER(U17),U17,1)*IF(ISNUMBER(W17),W17,1)*IF(ISNUMBER(X17),X17,1)*IF(ISNUMBER(Y17),Y17,1)*IF(ISNUMBER(Z17),Z17,1)*IF(ISNUMBER(AA17),AA17,1)*IF(ISNUMBER(AB17),AB17,1)*IF(ISNUMBER(AC17),AC17,1)*IF(ISNUMBER(AD17),AD17,1)*IF(ISNUMBER(AF17),AF17,1)*IF(ISNUMBER(AG17),AG17,1)*IF(ISNUMBER(AH17),AH17,1)*IF(ISNUMBER(AI17),AI17,1)+IF(ISNUMBER(V17),(R17+S17*C17/1000)*(V17*(D17-2)),0)+IF(ISNUMBER(AE17),(R17+S17*1)*AD17*(AE17*(C17-1)),0)),5) -> #VALUE!
Q18: {=IFERROR(IF(OR(A18=списки!$C$41,A18=списки!$C$42,A18=списки!$C$43),INDEX('СБЦП 81-02-07-2001'!$A$3:$A$89,MAX((B18='СБЦП 81-02-07-2001'!$B$3:$B$89)*(C18/1000>'СБЦП 81-02-07-2001'!$C$3:$C$89)*(C18/1000<='СБЦП 81-02-07-2001'!$D$3:$D$89)*ROW('СБЦП 81-02-07-2001'!$C$3:$C$89)-2)),IF(A18=списки!$C$44,VLOOKUP(B18,'СБЦП 81-02-07-2001'!$L$2:$O$9,4,FALSE),IF(A18=списки!$C$45,INDEX('СБЦП 81-02-07-2001'!$P$14:$P$19,MAX((B18>'СБЦП 81-02-07-2001'!$R$14:$R$19)*(B18<='СБЦП 81-02-07-2001'!$S$14:$S$19)*ROW('СБЦП 81-02-07-2001'!$R$14:$R$19))-13),IF(A18=списки!$C$46,INDEX('СБЦП 81-02-07-2001'!$W$23:$W$24,MAX((B18>'СБЦП 81-02-07-2001'!$Y$23:$Y$24)*(B18<='СБЦП 81-02-07-2001'!$Z$23:$Z$24)*ROW('СБЦП 81-02-07-2001'!$W$23:$W$24))-22),IF(A18=списки!$C$47,INDEX('СБЦП 81-02-07-2001'!$AD$29:$AD$35,MAX((B18/1000>'СБЦП 81-02-07-2001'!$AF$29:$AF$35)*(B18/1000<='СБЦП 81-02-07-2001'!$AG$29:$AG$35)*ROW('СБЦП 81-02-07-2001'!$AD$29:$AD$35))-28),""))))),"")} | R18: {=IFERROR(IF(OR(A18=списки!$C$41,A18=списки!$C$42,A18=списки!$C$43),INDEX('СБЦП 81-02-07-2001'!$E$3:$E$89,MAX((B18='СБЦП 81-02-07-2001'!$B$3:$B$89)*(C18/1000>'СБЦП 81-02-07-2001'!$C$3:$C$89)*(C18/1000<='СБЦП 81-02-07-2001'!$D$3:$D$89)*ROW('СБЦП 81-02-07-2001'!$C$3:$C$89)-2)),IF(A18=списки!$C$44,VLOOKUP(B18,'СБЦП 81-02-07-2001'!$L$2:$N$9,2,FALSE),IF(A18=списки!$C$45,INDEX('СБЦП 81-02-07-2001'!$T$14:$T$19,MAX((B18>'СБЦП 81-02-07-2001'!$R$14:$R$19)*(B18<='СБЦП 81-02-07-2001'!$S$14:$S$19)*ROW('СБЦП 81-02-07-2001'!$R$14:$R$19))-13),IF(A18=списки!$C$46,INDEX('СБЦП 81-02-07-2001'!$AA$23:$AA$24,MAX((B18>'СБЦП 81-02-07-2001'!$Y$23:$Y$24)*(B18<='СБЦП 81-02-07-2001'!$Z$23:$Z$24)*ROW('СБЦП 81-02-07-2001'!$AA$23:$AA$24))-22),IF(A18=списки!$C$47,INDEX('СБЦП 81-02-07-2001'!$AH$29:$AH$35,MAX((B18/1000>'СБЦП 81-02-07-2001'!$AF$29:$AF$35)*(B18/1000<='СБЦП 81-02-07-2001'!$AG$29:$AG$35)*ROW('СБЦП 81-02-07-2001'!$AH$29:$AH$35))-28),""))))),"")} | S18: {=IFERROR(IF(OR(A18=списки!$C$41,A18=списки!$C$42,A18=списки!$C$43),INDEX('СБЦП 81-02-07-2001'!$F$3:$F$89,MAX((B18='СБЦП 81-02-07-2001'!$B$3:$B$89)*(C18/1000>'СБЦП 81-02-07-2001'!$C$3:$C$89)*(C18/1000<='СБЦП 81-02-07-2001'!$D$3:$D$89)*ROW('СБЦП 81-02-07-2001'!$C$3:$C$89)-2)),IF(A18=списки!$C$44,VLOOKUP(B18,'СБЦП 81-02-07-2001'!$L$2:$N$9,3,FALSE),IF(A18=списки!$C$45,INDEX('СБЦП 81-02-07-2001'!$U$14:$U$19,MAX((B18>'СБЦП 81-02-07-2001'!$R$14:$R$19)*(B18<='СБЦП 81-02-07-2001'!$S$14:$S$19)*ROW('СБЦП 81-02-07-2001'!$R$14:$R$19))-13),IF(A18=списки!$C$46,INDEX('СБЦП 81-02-07-2001'!$AB$23:$AB$24,MAX((B18>'СБЦП 81-02-07-2001'!$Y$23:$Y$24)*(B18<='СБЦП 81-02-07-2001'!$Z$23:$Z$24)*ROW('СБЦП 81-02-07-2001'!$AB$23:$AB$24))-22),IF(A18=списки!$C$47,INDEX('СБЦП 81-02-07-2001'!$AI$29:$AI$35,MAX((B18/1000>'СБЦП 81-02-07-2001'!$AF$29:$AF$35)*(B18/1000<='СБЦП 81-02-07-2001'!$AG$29:$AG$35)*ROW('СБЦП 81-02-07-2001'!$AI$29:$AI$35))-28),""))))),"")} | U18: =IF(OR(A18=списки!$C$41,A18=списки!$C$42,A18=списки!$C$43),IF(ISBLANK(J18),"",коэфф.!$E$2),"") | V18: =IF(OR(A18=списки!$C$41,A18=списки!$C$42,A18=списки!$C$43),IF(D18-2>0,0.25,""),"") | W18: =IF(OR(A18=списки!$C$42,A18=списки!$C$43)=TRUE,коэфф.!$E$4,"") | X18: =IF(ISBLANK(K18),"",IF(ISBLANK($O$1),1.1,$O$1)) | Y18: {=IF(OR(A18=списки!$C$41,A18=списки!$C$42,A18=списки!$C$43),IF($H18<5,"",INDEX(коэфф.!$E$7:$E$8,MAX((ИД!$H18>=коэфф.!$C$7:$C$8)*(ИД!$H18<=коэфф.!$D$7:$D$8)*ROW(коэфф.!$D$7:$D$8)-6))),"")} | Z18: =IF(OR(A18=списки!$C$41,A18=списки!$C$42,A18=списки!$C$43),IF(ISBLANK(I18),"",коэфф.!$E$9),"") | AA18: =IF(OR(A18=списки!$C$41,A18=списки!$C$42,A18=списки!$C$43),IF(E18=списки!$C$21,IF(ISBLANK(ИД!$O$2),IFERROR(VLOOKUP($E18,коэфф.!$A$11:$E$12,5,FALSE),""),$O$2),IFERROR(VLOOKUP($E18,коэфф.!$A$11:$E$12,5,FALSE),"")),"") | AB18: =IF(OR(A18=списки!$C$41,A18=списки!$C$42,A18=списки!$C$43),IF($E18=списки!$C$22,"",IF($F18>2,коэфф.!$E$17,"")),"") | AC18: =IF(OR(A18=списки!$C$41,A18=списки!$C$42,A18=списки!$C$43),IF($E18=списки!$C$22,IF(ISBLANK($O$3),IF($G18>1.5,коэфф.!$E$15,коэфф.!$E$14),$O$3),""),"") | AD18: =IF(A18=списки!$C$44,IF(ИД!D18>2,коэфф.!$E$18,""),"") | AE18: =IF(A18=списки!$C$44,IF(C18>1,коэфф.!$E$19,""),"") | AF18: =IF(A18=списки!$C$47,IF(ISBLANK(M18),"",коэфф.!$E$20),"") | AG18: =IF(A18=списки!$C$47,IF(ISBLANK(N18),"",коэфф.!$E$21),"") | AH18: =IF(A18=списки!$C$46,IF(ISBLANK(L18),"",коэфф.!$E$22),"") | AI18: =IF(ISBLANK(O18),"",IF(ISBLANK($O$4),1.3,$O$4)) | AK18: =IF(ISBLANK(A18),"",CONCATENATE(,A18," ",_xlfn.IFNA(IF(A18=списки!$C$41,ИД!D18,IF(A18=списки!$C$42,ИД!D18,IF(A18=списки!$C$43,ИД!D18,IF(A18=списки!$C$44,ИД!D18,"")))),""),VLOOKUP(A18,списки!$C$41:$E$47,3,FALSE),B18,VLOOKUP(A18,списки!$C$41:$D$47,2,FALSE),_xlfn.IFNA(IF(A18=списки!$C$41,CONCATENATE(" - ",ИД!C18," м"),IF(A18=списки!$C$42,CONCATENATE(" - ",ИД!C18," м"),IF(A18=списки!$C$43,CONCATENATE(" - ",ИД!C18," м"),""))),""),_xlfn.IFNA(IF(A18=списки!$C$41,CONCATENATE(", ",ИД!E18),IF(A18=списки!$C$42,CONCATENATE(", ",ИД!E18),IF(A18=списки!$C$43,CONCATENATE(", ",ИД!E18),""))),""),_xlfn.IFNA(IF(A18=списки!$C$44,CONCATENATE(" - ",ИД!C18," шт."),""),""))) | AL18: =IF(ISBLANK(A18),"",CONCATENATE("СБЦП 81-02-07-2001 от 24.05.2012 г.",CHAR(10),VLOOKUP($Q18,Списки_3!$B$3:$H$286,7,FALSE),IF(U18="","",CHAR(10)),AM18,IF(V18="","",CHAR(10)),AN18,IF(W18="","",CHAR(10)),AO18,IF(X18="","",CHAR(10)),AP18,IF(Y18="","",CHAR(10)),AQ18,IF(Z18="","",CHAR(10)),AR18,IF(AA18="","",CHAR(10)),AS18,IF(AB18="","",CHAR(10)),AT18,IF(AC18="","",CHAR(10)),AU18,IF(AD18="","",CHAR(10)),AV18,IF(AE18="","",CHAR(10)),AW18,IF(AF18="","",CHAR(10)),AX18,IF(AG18="","",CHAR(10)),AY18,IF(AH18="","",CHAR(10)),AZ18,IF(AI18="","",CHAR(10)),BA18)) | AM18: =IF(U18="","",CONCATENATE($U$10," - прокладка совместно с технологическими трубопроводами - ",U18)) | AN18: =IF(V18="","",CONCATENATE($V$10," - при совместной прокладке тепловых сетей более двух трубопроводов стоимость каждого последующего трубопровода - ",V18)) | AO18: =IF(W18="","",CONCATENATE($W$10," - стоимость проектирования паропроводов и конденсатопроводов тепловых сетей - ",W18)) | AP18: =IF(X18="","",CONCATENATE($X$10," - проектировании тепловой сети, проходящей по территории с коэффициентом застройки от 0.3 до 0.8"," - ",X18)) | AQ18: =IF(Y18="","",CONCATENATE($Y$10," - при пересечении проектируемой тепловой сети ",IF(Y18=1.1,"от 5 до 10","более 10")," существующих коммуникаций"," - ",Y18)) | AR18: =IF(Z18="","",CONCATENATE($Z$10," - при проектировании на пересеченном рельефе местности с оврагами - ",Z18)) | AS18: =IF(AA18="","",CONCATENATE($AA$10," - ",E18," - ",AA18)) | AT18: =IF(AB18="","",CONCATENATE($AB$10," - при глубине заложения тепловой сети более 2 м - ",AB18)) | AU18: =IF(AC18="","",CONCATENATE($AC$10," - надземная прокладка на железобетонных сборных опорах высотой ",IF(AC18=0.85,"до 1.5 м","свыше 1.5 м")," - ",AC18)) | AV18: =IF(AD18="","",CONCATENATE($AD$10," - совмещение нескольких магистралей в одном узле - ",AD18)) | AW18: =IF(AE18="","",CONCATENATE($AE$10," - каждый повторяющийся узел - ",AE18)) | AX18: =IF(AF18="","",CONCATENATE($AF$10," - использование герметика - ",AF18)) | AY18: =IF(AG18="","",CONCATENATE($AG$10," - усиление баков от лавинообразного разрушения - ",AG18)) | AZ18: =IF(AH18="","",CONCATENATE($AH$10," - установка паровых подогревателей, редуцирующих устройств и системы сбора конденсата - ",AH18)) | BA18: =IF(ISBLANK(O18),"",CONCATENATE("Методические указания по применению СБЦ по приказу Минрегиона России №620 от 29.12.2009 г.",CHAR(10),"п. 3.4 - ",O18," объекта - ",AI18)) | BC18: =IF(ISBLANK(A18),"",CONCATENATE("(",R18,"+",S18,"×",(IF(A18=списки!$C$41,C18/1000,IF(A18=списки!$C$42,C18/1000,IF(A18=списки!$C$43,C18/1000,IF(A18=списки!$C$44,1,IF(A18=списки!$C$45,B18,IF(A18=списки!$C$46,B18,IF(A18=списки!$C$47,C18,"")))))))),")",IF(ISNUMBER(U18),CONCATENATE("×",U18),""),IF(ISNUMBER(W18),CONCATENATE("×",W18),""),IF(ISNUMBER(X18),CONCATENATE("×",X18),""),IF(ISNUMBER(Y18),CONCATENATE("×",Y18),""),IF(ISNUMBER(Z18),CONCATENATE("×",Z18),""),IF(ISNUMBER(AA18),CONCATENATE("×",AA18),""),IF(ISNUMBER(AB18),CONCATENATE("×",AB18),""),IF(ISNUMBER(AC18),CONCATENATE("×",AC18),""),IF(ISNUMBER(AF18),CONCATENATE("×",AF18),""),IF(ISNUMBER(AG18),CONCATENATE("×",AG18),""),IF(ISNUMBER(AH18),CONCATENATE("×",AH18),""),IF(ISNUMBER(AD18),CONCATENATE("×",AD18),""),IF(ISNUMBER(AI18),CONCATENATE("×",AI18),""),IF(ISNUMBER(V18),CONCATENATE("+(",R18,"+",S18,"×",(C18/1000),")","×",D18-2,"×",V18),""),IF(ISNUMBER(AE18),CONCATENATE("+(",R18,"+",S18,"×",1,")","×",AD18,"×",C18-1,"×",AE18),""))) | BD18: =ROUND(IF(ISBLANK(A18),"",(R18+S18*(_xlfn.IFNA(IF(A18=списки!$C$41,(C18/1000),IF(A18=списки!$C$42,(C18/1000),IF(A18=списки!$C$43,(C18/1000),IF(A18=списки!$C$44,1,IF(A18=списки!$C$45,B18,IF(A18=списки!$C$46,B18,IF(A18=списки!$C$47,C18,""))))))),"")))*IF(ISNUMBER(U18),U18,1)*IF(ISNUMBER(W18),W18,1)*IF(ISNUMBER(X18),X18,1)*IF(ISNUMBER(Y18),Y18,1)*IF(ISNUMBER(Z18),Z18,1)*IF(ISNUMBER(AA18),AA18,1)*IF(ISNUMBER(AB18),AB18,1)*IF(ISNUMBER(AC18),AC18,1)*IF(ISNUMBER(AD18),AD18,1)*IF(ISNUMBER(AF18),AF18,1)*IF(ISNUMBER(AG18),AG18,1)*IF(ISNUMBER(AH18),AH18,1)*IF(ISNUMBER(AI18),AI18,1)+IF(ISNUMBER(V18),(R18+S18*C18/1000)*(V18*(D18-2)),0)+IF(ISNUMBER(AE18),(R18+S18*1)*AD18*(AE18*(C18-1)),0)),5) -> #VALUE!
P19: ПИР_2 | Q19: {=IFERROR(IF(OR(A19=списки!$C$41,A19=списки!$C$42,A19=списки!$C$43),INDEX('СБЦП 81-02-07-2001'!$A$3:$A$89,MAX((B19='СБЦП 81-02-07-2001'!$B$3:$B$89)*(C19/1000>'СБЦП 81-02-07-2001'!$C$3:$C$89)*(C19/1000<='СБЦП 81-02-07-2001'!$D$3:$D$89)*ROW('СБЦП 81-02-07-2001'!$C$3:$C$89)-2)),IF(A19=списки!$C$44,VLOOKUP(B19,'СБЦП 81-02-07-2001'!$L$2:$O$9,4,FALSE),IF(A19=списки!$C$45,INDEX('СБЦП 81-02-07-2001'!$P$14:$P$19,MAX((B19>'СБЦП 81-02-07-2001'!$R$14:$R$19)*(B19<='СБЦП 81-02-07-2001'!$S$14:$S$19)*ROW('СБЦП 81-02-07-2001'!$R$14:$R$19))-13),IF(A19=списки!$C$46,INDEX('СБЦП 81-02-07-2001'!$W$23:$W$24,MAX((B19>'СБЦП 81-02-07-2001'!$Y$23:$Y$24)*(B19<='СБЦП 81-02-07-2001'!$Z$23:$Z$24)*ROW('СБЦП 81-02-07-2001'!$W$23:$W$24))-22),IF(A19=списки!$C$47,INDEX('СБЦП 81-02-07-2001'!$AD$29:$AD$35,MAX((B19/1000>'СБЦП 81-02-07-2001'!$AF$29:$AF$35)*(B19/1000<='СБЦП 81-02-07-2001'!$AG$29:$AG$35)*ROW('СБЦП 81-02-07-2001'!$AD$29:$AD$35))-28),""))))),"")} | R19: {=IFERROR(IF(OR(A19=списки!$C$41,A19=списки!$C$42,A19=списки!$C$43),INDEX('СБЦП 81-02-07-2001'!$E$3:$E$89,MAX((B19='СБЦП 81-02-07-2001'!$B$3:$B$89)*(C19/1000>'СБЦП 81-02-07-2001'!$C$3:$C$89)*(C19/1000<='СБЦП 81-02-07-2001'!$D$3:$D$89)*ROW('СБЦП 81-02-07-2001'!$C$3:$C$89)-2)),IF(A19=списки!$C$44,VLOOKUP(B19,'СБЦП 81-02-07-2001'!$L$2:$N$9,2,FALSE),IF(A19=списки!$C$45,INDEX('СБЦП 81-02-07-2001'!$T$14:$T$19,MAX((B19>'СБЦП 81-02-07-2001'!$R$14:$R$19)*(B19<='СБЦП 81-02-07-2001'!$S$14:$S$19)*ROW('СБЦП 81-02-07-2001'!$R$14:$R$19))-13),IF(A19=списки!$C$46,INDEX('СБЦП 81-02-07-2001'!$AA$23:$AA$24,MAX((B19>'СБЦП 81-02-07-2001'!$Y$23:$Y$24)*(B19<='СБЦП 81-02-07-2001'!$Z$23:$Z$24)*ROW('СБЦП 81-02-07-2001'!$AA$23:$AA$24))-22),IF(A19=списки!$C$47,INDEX('СБЦП 81-02-07-2001'!$AH$29:$AH$35,MAX((B19/1000>'СБЦП 81-02-07-2001'!$AF$29:$AF$35)*(B19/1000<='СБЦП 81-02-07-2001'!$AG$29:$AG$35)*ROW('СБЦП 81-02-07-2001'!$AH$29:$AH$35))-28),""))))),"")} | S19: {=IFERROR(IF(OR(A19=списки!$C$41,A19=списки!$C$42,A19=списки!$C$43),INDEX('СБЦП 81-02-07-2001'!$F$3:$F$89,MAX((B19='СБЦП 81-02-07-2001'!$B$3:$B$89)*(C19/1000>'СБЦП 81-02-07-2001'!$C$3:$C$89)*(C19/1000<='СБЦП 81-02-07-2001'!$D$3:$D$89)*ROW('СБЦП 81-02-07-2001'!$C$3:$C$89)-2)),IF(A19=списки!$C$44,VLOOKUP(B19,'СБЦП 81-02-07-2001'!$L$2:$N$9,3,FALSE),IF(A19=списки!$C$45,INDEX('СБЦП 81-02-07-2001'!$U$14:$U$19,MAX((B19>'СБЦП 81-02-07-2001'!$R$14:$R$19)*(B19<='СБЦП 81-02-07-2001'!$S$14:$S$19)*ROW('СБЦП 81-02-07-2001'!$R$14:$R$19))-13),IF(A19=списки!$C$46,INDEX('СБЦП 81-02-07-2001'!$AB$23:$AB$24,MAX((B19>'СБЦП 81-02-07-2001'!$Y$23:$Y$24)*(B19<='СБЦП 81-02-07-2001'!$Z$23:$Z$24)*ROW('СБЦП 81-02-07-2001'!$AB$23:$AB$24))-22),IF(A19=списки!$C$47,INDEX('СБЦП 81-02-07-2001'!$AI$29:$AI$35,MAX((B19/1000>'СБЦП 81-02-07-2001'!$AF$29:$AF$35)*(B19/1000<='СБЦП 81-02-07-2001'!$AG$29:$AG$35)*ROW('СБЦП 81-02-07-2001'!$AI$29:$AI$35))-28),""))))),"")} | U19: =IF(OR(A19=списки!$C$41,A19=списки!$C$42,A19=списки!$C$43),IF(ISBLANK(J19),"",коэфф.!$E$2),"") | V19: =IF(OR(A19=списки!$C$41,A19=списки!$C$42,A19=списки!$C$43),IF(D19-2>0,0.25,""),"") | W19: =IF(OR(A19=списки!$C$42,A19=списки!$C$43)=TRUE,коэфф.!$E$4,"") | X19: =IF(ISBLANK(K19),"",IF(ISBLANK($O$1),1.1,$O$1)) | Y19: {=IF(OR(A19=списки!$C$41,A19=списки!$C$42,A19=списки!$C$43),IF($H19<5,"",INDEX(коэфф.!$E$7:$E$8,MAX((ИД!$H19>=коэфф.!$C$7:$C$8)*(ИД!$H19<=коэфф.!$D$7:$D$8)*ROW(коэфф.!$D$7:$D$8)-6))),"")} | Z19: =IF(OR(A19=списки!$C$41,A19=списки!$C$42,A19=списки!$C$43),IF(ISBLANK(I19),"",коэфф.!$E$9),"") | AA19: =IF(OR(A19=списки!$C$41,A19=списки!$C$42,A19=списки!$C$43),IF(E19=списки!$C$21,IF(ISBLANK(ИД!$O$2),IFERROR(VLOOKUP($E19,коэфф.!$A$11:$E$12,5,FALSE),""),$O$2),IFERROR(VLOOKUP($E19,коэфф.!$A$11:$E$12,5,FALSE),"")),"") | AB19: =IF(OR(A19=списки!$C$41,A19=списки!$C$42,A19=списки!$C$43),IF($E19=списки!$C$22,"",IF($F19>2,коэфф.!$E$17,"")),"") | AC19: =IF(OR(A19=списки!$C$41,A19=списки!$C$42,A19=списки!$C$43),IF($E19=списки!$C$22,IF(ISBLANK($O$3),IF($G19>1.5,коэфф.!$E$15,коэфф.!$E$14),$O$3),""),"") | AD19: =IF(A19=списки!$C$44,IF(ИД!D19>2,коэфф.!$E$18,""),"") | AE19: =IF(A19=списки!$C$44,IF(C19>1,коэфф.!$E$19,""),"") | AF19: =IF(A19=списки!$C$47,IF(ISBLANK(M19),"",коэфф.!$E$20),"") | AG19: =IF(A19=списки!$C$47,IF(ISBLANK(N19),"",коэфф.!$E$21),"") | AH19: =IF(A19=списки!$C$46,IF(ISBLANK(L19),"",коэфф.!$E$22),"") | AI19: =IF(ISBLANK(O19),"",IF(ISBLANK($O$4),1.3,$O$4)) | AK19: =IF(ISBLANK(A19),"",CONCATENATE(,A19," ",_xlfn.IFNA(IF(A19=списки!$C$41,ИД!D19,IF(A19=списки!$C$42,ИД!D19,IF(A19=списки!$C$43,ИД!D19,IF(A19=списки!$C$44,ИД!D19,"")))),""),VLOOKUP(A19,списки!$C$41:$E$47,3,FALSE),B19,VLOOKUP(A19,списки!$C$41:$D$47,2,FALSE),_xlfn.IFNA(IF(A19=списки!$C$41,CONCATENATE(" - ",ИД!C19," м"),IF(A19=списки!$C$42,CONCATENATE(" - ",ИД!C19," м"),IF(A19=списки!$C$43,CONCATENATE(" - ",ИД!C19," м"),""))),""),_xlfn.IFNA(IF(A19=списки!$C$41,CONCATENATE(", ",ИД!E19),IF(A19=списки!$C$42,CONCATENATE(", ",ИД!E19),IF(A19=списки!$C$43,CONCATENATE(", ",ИД!E19),""))),""),_xlfn.IFNA(IF(A19=списки!$C$44,CONCATENATE(" - ",ИД!C19," шт."),""),""))) | AL19: =IF(ISBLANK(A19),"",CONCATENATE("СБЦП 81-02-07-2001 от 24.05.2012 г.",CHAR(10),VLOOKUP($Q19,Списки_3!$B$3:$H$286,7,FALSE),IF(U19="","",CHAR(10)),AM19,IF(V19="","",CHAR(10)),AN19,IF(W19="","",CHAR(10)),AO19,IF(X19="","",CHAR(10)),AP19,IF(Y19="","",CHAR(10)),AQ19,IF(Z19="","",CHAR(10)),AR19,IF(AA19="","",CHAR(10)),AS19,IF(AB19="","",CHAR(10)),AT19,IF(AC19="","",CHAR(10)),AU19,IF(AD19="","",CHAR(10)),AV19,IF(AE19="","",CHAR(10)),AW19,IF(AF19="","",CHAR(10)),AX19,IF(AG19="","",CHAR(10)),AY19,IF(AH19="","",CHAR(10)),AZ19,IF(AI19="","",CHAR(10)),BA19)) | AM19: =IF(U19="","",CONCATENATE($U$10," - прокладка совместно с технологическими трубопроводами - ",U19)) | AN19: =IF(V19="","",CONCATENATE($V$10," - при совместной прокладке тепловых сетей более двух трубопроводов стоимость каждого последующего трубопровода - ",V19)) | AO19: =IF(W19="","",CONCATENATE($W$10," - стоимость проектирования паропроводов и конденсатопроводов тепловых сетей - ",W19)) | AP19: =IF(X19="","",CONCATENATE($X$10," - проектировании тепловой сети, проходящей по территории с коэффициентом застройки от 0.3 до 0.8"," - ",X19)) | AQ19: =IF(Y19="","",CONCATENATE($Y$10," - при пересечении проектируемой тепловой сети ",IF(Y19=1.1,"от 5 до 10","более 10")," существующих коммуникаций"," - ",Y19)) | AR19: =IF(Z19="","",CONCATENATE($Z$10," - при проектировании на пересеченном рельефе местности с оврагами - ",Z19)) | AS19: =IF(AA19="","",CONCATENATE($AA$10," - ",E19," - ",AA19)) | AT19: =IF(AB19="","",CONCATENATE($AB$10," - при глубине заложения тепловой сети более 2 м - ",AB19)) | AU19: =IF(AC19="","",CONCATENATE($AC$10," - надземная прокладка на железобетонных сборных опорах высотой ",IF(AC19=0.85,"до 1.5 м","свыше 1.5 м")," - ",AC19)) | AV19: =IF(AD19="","",CONCATENATE($AD$10," - совмещение нескольких магистралей в одном узле - ",AD19)) | AW19: =IF(AE19="","",CONCATENATE($AE$10," - каждый повторяющийся узел - ",AE19)) | AX19: =IF(AF19="","",CONCATENATE($AF$10," - использование герметика - ",AF19)) | AY19: =IF(AG19="","",CONCATENATE($AG$10," - усиление баков от лавинообразного разрушения - ",AG19)) | AZ19: =IF(AH19="","",CONCATENATE($AH$10," - установка паровых подогревателей, редуцирующих устройств и системы сбора конденсата - ",AH19)) | BA19: =IF(ISBLANK(O19),"",CONCATENATE("Методические указания по применению СБЦ по приказу Минрегиона России №620 от 29.12.2009 г.",CHAR(10),"п. 3.4 - ",O19," объекта - ",AI19)) | BC19: =IF(ISBLANK(A19),"",CONCATENATE("(",R19,"+",S19,"×",(IF(A19=списки!$C$41,C19/1000,IF(A19=списки!$C$42,C19/1000,IF(A19=списки!$C$43,C19/1000,IF(A19=списки!$C$44,1,IF(A19=списки!$C$45,B19,IF(A19=списки!$C$46,B19,IF(A19=списки!$C$47,C19,"")))))))),")",IF(ISNUMBER(U19),CONCATENATE("×",U19),""),IF(ISNUMBER(W19),CONCATENATE("×",W19),""),IF(ISNUMBER(X19),CONCATENATE("×",X19),""),IF(ISNUMBER(Y19),CONCATENATE("×",Y19),""),IF(ISNUMBER(Z19),CONCATENATE("×",Z19),""),IF(ISNUMBER(AA19),CONCATENATE("×",AA19),""),IF(ISNUMBER(AB19),CONCATENATE("×",AB19),""),IF(ISNUMBER(AC19),CONCATENATE("×",AC19),""),IF(ISNUMBER(AF19),CONCATENATE("×",AF19),""),IF(ISNUMBER(AG19),CONCATENATE("×",AG19),""),IF(ISNUMBER(AH19),CONCATENATE("×",AH19),""),IF(ISNUMBER(AD19),CONCATENATE("×",AD19),""),IF(ISNUMBER(AI19),CONCATENATE("×",AI19),""),IF(ISNUMBER(V19),CONCATENATE("+(",R19,"+",S19,"×",(C19/1000),")","×",D19-2,"×",V19),""),IF(ISNUMBER(AE19),CONCATENATE("+(",R19,"+",S19,"×",1,")","×",AD19,"×",C19-1,"×",AE19),""))) | BD19: =ROUND(IF(ISBLANK(A19),"",(R19+S19*(_xlfn.IFNA(IF(A19=списки!$C$41,(C19/1000),IF(A19=списки!$C$42,(C19/1000),IF(A19=списки!$C$43,(C19/1000),IF(A19=списки!$C$44,1,IF(A19=списки!$C$45,B19,IF(A19=списки!$C$46,B19,IF(A19=списки!$C$47,C19,""))))))),"")))*IF(ISNUMBER(U19),U19,1)*IF(ISNUMBER(W19),W19,1)*IF(ISNUMBER(X19),X19,1)*IF(ISNUMBER(Y19),Y19,1)*IF(ISNUMBER(Z19),Z19,1)*IF(ISNUMBER(AA19),AA19,1)*IF(ISNUMBER(AB19),AB19,1)*IF(ISNUMBER(AC19),AC19,1)*IF(ISNUMBER(AD19),AD19,1)*IF(ISNUMBER(AF19),AF19,1)*IF(ISNUMBER(AG19),AG19,1)*IF(ISNUMBER(AH19),AH19,1)*IF(ISNUMBER(AI19),AI19,1)+IF(ISNUMBER(V19),(R19+S19*C19/1000)*(V19*(D19-2)),0)+IF(ISNUMBER(AE19),(R19+S19*1)*AD19*(AE19*(C19-1)),0)),5) -> #VALUE!
Q20: {=IFERROR(IF(OR(A20=списки!$C$41,A20=списки!$C$42,A20=списки!$C$43),INDEX('СБЦП 81-02-07-2001'!$A$3:$A$89,MAX((B20='СБЦП 81-02-07-2001'!$B$3:$B$89)*(C20/1000>'СБЦП 81-02-07-2001'!$C$3:$C$89)*(C20/1000<='СБЦП 81-02-07-2001'!$D$3:$D$89)*ROW('СБЦП 81-02-07-2001'!$C$3:$C$89)-2)),IF(A20=списки!$C$44,VLOOKUP(B20,'СБЦП 81-02-07-2001'!$L$2:$O$9,4,FALSE),IF(A20=списки!$C$45,INDEX('СБЦП 81-02-07-2001'!$P$14:$P$19,MAX((B20>'СБЦП 81-02-07-2001'!$R$14:$R$19)*(B20<='СБЦП 81-02-07-2001'!$S$14:$S$19)*ROW('СБЦП 81-02-07-2001'!$R$14:$R$19))-13),IF(A20=списки!$C$46,INDEX('СБЦП 81-02-07-2001'!$W$23:$W$24,MAX((B20>'СБЦП 81-02-07-2001'!$Y$23:$Y$24)*(B20<='СБЦП 81-02-07-2001'!$Z$23:$Z$24)*ROW('СБЦП 81-02-07-2001'!$W$23:$W$24))-22),IF(A20=списки!$C$47,INDEX('СБЦП 81-02-07-2001'!$AD$29:$AD$35,MAX((B20/1000>'СБЦП 81-02-07-2001'!$AF$29:$AF$35)*(B20/1000<='СБЦП 81-02-07-2001'!$AG$29:$AG$35)*ROW('СБЦП 81-02-07-2001'!$AD$29:$AD$35))-28),""))))),"")} | R20: {=IFERROR(IF(OR(A20=списки!$C$41,A20=списки!$C$42,A20=списки!$C$43),INDEX('СБЦП 81-02-07-2001'!$E$3:$E$89,MAX((B20='СБЦП 81-02-07-2001'!$B$3:$B$89)*(C20/1000>'СБЦП 81-02-07-2001'!$C$3:$C$89)*(C20/1000<='СБЦП 81-02-07-2001'!$D$3:$D$89)*ROW('СБЦП 81-02-07-2001'!$C$3:$C$89)-2)),IF(A20=списки!$C$44,VLOOKUP(B20,'СБЦП 81-02-07-2001'!$L$2:$N$9,2,FALSE),IF(A20=списки!$C$45,INDEX('СБЦП 81-02-07-2001'!$T$14:$T$19,MAX((B20>'СБЦП 81-02-07-2001'!$R$14:$R$19)*(B20<='СБЦП 81-02-07-2001'!$S$14:$S$19)*ROW('СБЦП 81-02-07-2001'!$R$14:$R$19))-13),IF(A20=списки!$C$46,INDEX('СБЦП 81-02-07-2001'!$AA$23:$AA$24,MAX((B20>'СБЦП 81-02-07-2001'!$Y$23:$Y$24)*(B20<='СБЦП 81-02-07-2001'!$Z$23:$Z$24)*ROW('СБЦП 81-02-07-2001'!$AA$23:$AA$24))-22),IF(A20=списки!$C$47,INDEX('СБЦП 81-02-07-2001'!$AH$29:$AH$35,MAX((B20/1000>'СБЦП 81-02-07-2001'!$AF$29:$AF$35)*(B20/1000<='СБЦП 81-02-07-2001'!$AG$29:$AG$35)*ROW('СБЦП 81-02-07-2001'!$AH$29:$AH$35))-28),""))))),"")} | S20: {=IFERROR(IF(OR(A20=списки!$C$41,A20=списки!$C$42,A20=списки!$C$43),INDEX('СБЦП 81-02-07-2001'!$F$3:$F$89,MAX((B20='СБЦП 81-02-07-2001'!$B$3:$B$89)*(C20/1000>'СБЦП 81-02-07-2001'!$C$3:$C$89)*(C20/1000<='СБЦП 81-02-07-2001'!$D$3:$D$89)*ROW('СБЦП 81-02-07-2001'!$C$3:$C$89)-2)),IF(A20=списки!$C$44,VLOOKUP(B20,'СБЦП 81-02-07-2001'!$L$2:$N$9,3,FALSE),IF(A20=списки!$C$45,INDEX('СБЦП 81-02-07-2001'!$U$14:$U$19,MAX((B20>'СБЦП 81-02-07-2001'!$R$14:$R$19)*(B20<='СБЦП 81-02-07-2001'!$S$14:$S$19)*ROW('СБЦП 81-02-07-2001'!$R$14:$R$19))-13),IF(A20=списки!$C$46,INDEX('СБЦП 81-02-07-2001'!$AB$23:$AB$24,MAX((B20>'СБЦП 81-02-07-2001'!$Y$23:$Y$24)*(B20<='СБЦП 81-02-07-2001'!$Z$23:$Z$24)*ROW('СБЦП 81-02-07-2001'!$AB$23:$AB$24))-22),IF(A20=списки!$C$47,INDEX('СБЦП 81-02-07-2001'!$AI$29:$AI$35,MAX((B20/1000>'СБЦП 81-02-07-2001'!$AF$29:$AF$35)*(B20/1000<='СБЦП 81-02-07-2001'!$AG$29:$AG$35)*ROW('СБЦП 81-02-07-2001'!$AI$29:$AI$35))-28),""))))),"")} | U20: =IF(OR(A20=списки!$C$41,A20=списки!$C$42,A20=списки!$C$43),IF(ISBLANK(J20),"",коэфф.!$E$2),"") | V20: =IF(OR(A20=списки!$C$41,A20=списки!$C$42,A20=списки!$C$43),IF(D20-2>0,0.25,""),"") | W20: =IF(OR(A20=списки!$C$42,A20=списки!$C$43)=TRUE,коэфф.!$E$4,"") | X20: =IF(ISBLANK(K20),"",IF(ISBLANK($O$1),1.1,$O$1)) | Y20: {=IF(OR(A20=списки!$C$41,A20=списки!$C$42,A20=списки!$C$43),IF($H20<5,"",INDEX(коэфф.!$E$7:$E$8,MAX((ИД!$H20>=коэфф.!$C$7:$C$8)*(ИД!$H20<=коэфф.!$D$7:$D$8)*ROW(коэфф.!$D$7:$D$8)-6))),"")} | Z20: =IF(OR(A20=списки!$C$41,A20=списки!$C$42,A20=списки!$C$43),IF(ISBLANK(I20),"",коэфф.!$E$9),"") | AA20: =IF(OR(A20=списки!$C$41,A20=списки!$C$42,A20=списки!$C$43),IF(E20=списки!$C$21,IF(ISBLANK(ИД!$O$2),IFERROR(VLOOKUP($E20,коэфф.!$A$11:$E$12,5,FALSE),""),$O$2),IFERROR(VLOOKUP($E20,коэфф.!$A$11:$E$12,5,FALSE),"")),"") | AB20: =IF(OR(A20=списки!$C$41,A20=списки!$C$42,A20=списки!$C$43),IF($E20=списки!$C$22,"",IF($F20>2,коэфф.!$E$17,"")),"") | AC20: =IF(OR(A20=списки!$C$41,A20=списки!$C$42,A20=списки!$C$43),IF($E20=списки!$C$22,IF(ISBLANK($O$3),IF($G20>1.5,коэфф.!$E$15,коэфф.!$E$14),$O$3),""),"") | AD20: =IF(A20=списки!$C$44,IF(ИД!D20>2,коэфф.!$E$18,""),"") | AE20: =IF(A20=списки!$C$44,IF(C20>1,коэфф.!$E$19,""),"") | AF20: =IF(A20=списки!$C$47,IF(ISBLANK(M20),"",коэфф.!$E$20),"") | AG20: =IF(A20=списки!$C$47,IF(ISBLANK(N20),"",коэфф.!$E$21),"") | AH20: =IF(A20=списки!$C$46,IF(ISBLANK(L20),"",коэфф.!$E$22),"") | AI20: =IF(ISBLANK(O20),"",IF(ISBLANK($O$4),1.3,$O$4)) | AK20: =IF(ISBLANK(A20),"",CONCATENATE(,A20," ",_xlfn.IFNA(IF(A20=списки!$C$41,ИД!D20,IF(A20=списки!$C$42,ИД!D20,IF(A20=списки!$C$43,ИД!D20,IF(A20=списки!$C$44,ИД!D20,"")))),""),VLOOKUP(A20,списки!$C$41:$E$47,3,FALSE),B20,VLOOKUP(A20,списки!$C$41:$D$47,2,FALSE),_xlfn.IFNA(IF(A20=списки!$C$41,CONCATENATE(" - ",ИД!C20," м"),IF(A20=списки!$C$42,CONCATENATE(" - ",ИД!C20," м"),IF(A20=списки!$C$43,CONCATENATE(" - ",ИД!C20," м"),""))),""),_xlfn.IFNA(IF(A20=списки!$C$41,CONCATENATE(", ",ИД!E20),IF(A20=списки!$C$42,CONCATENATE(", ",ИД!E20),IF(A20=списки!$C$43,CONCATENATE(", ",ИД!E20),""))),""),_xlfn.IFNA(IF(A20=списки!$C$44,CONCATENATE(" - ",ИД!C20," шт."),""),""))) | AL20: =IF(ISBLANK(A20),"",CONCATENATE("СБЦП 81-02-07-2001 от 24.05.2012 г.",CHAR(10),VLOOKUP($Q20,Списки_3!$B$3:$H$286,7,FALSE),IF(U20="","",CHAR(10)),AM20,IF(V20="","",CHAR(10)),AN20,IF(W20="","",CHAR(10)),AO20,IF(X20="","",CHAR(10)),AP20,IF(Y20="","",CHAR(10)),AQ20,IF(Z20="","",CHAR(10)),AR20,IF(AA20="","",CHAR(10)),AS20,IF(AB20="","",CHAR(10)),AT20,IF(AC20="","",CHAR(10)),AU20,IF(AD20="","",CHAR(10)),AV20,IF(AE20="","",CHAR(10)),AW20,IF(AF20="","",CHAR(10)),AX20,IF(AG20="","",CHAR(10)),AY20,IF(AH20="","",CHAR(10)),AZ20,IF(AI20="","",CHAR(10)),BA20)) | AM20: =IF(U20="","",CONCATENATE($U$10," - прокладка совместно с технологическими трубопроводами - ",U20)) | AN20: =IF(V20="","",CONCATENATE($V$10," - при совместной прокладке тепловых сетей более двух трубопроводов стоимость каждого последующего трубопровода - ",V20)) | AO20: =IF(W20="","",CONCATENATE($W$10," - стоимость проектирования паропроводов и конденсатопроводов тепловых сетей - ",W20)) | AP20: =IF(X20="","",CONCATENATE($X$10," - проектировании тепловой сети, проходящей по территории с коэффициентом застройки от 0.3 до 0.8"," - ",X20)) | AQ20: =IF(Y20="","",CONCATENATE($Y$10," - при пересечении проектируемой тепловой сети ",IF(Y20=1.1,"от 5 до 10","более 10")," существующих коммуникаций"," - ",Y20)) | AR20: =IF(Z20="","",CONCATENATE($Z$10," - при проектировании на пересеченном рельефе местности с оврагами - ",Z20)) | AS20: =IF(AA20="","",CONCATENATE($AA$10," - ",E20," - ",AA20)) | AT20: =IF(AB20="","",CONCATENATE($AB$10," - при глубине заложения тепловой сети более 2 м - ",AB20)) | AU20: =IF(AC20="","",CONCATENATE($AC$10," - надземная прокладка на железобетонных сборных опорах высотой ",IF(AC20=0.85,"до 1.5 м","свыше 1.5 м")," - ",AC20)) | AV20: =IF(AD20="","",CONCATENATE($AD$10," - совмещение нескольких магистралей в одном узле - ",AD20)) | AW20: =IF(AE20="","",CONCATENATE($AE$10," - каждый повторяющийся узел - ",AE20)) | AX20: =IF(AF20="","",CONCATENATE($AF$10," - использование герметика - ",AF20)) | AY20: =IF(AG20="","",CONCATENATE($AG$10," - усиление баков от лавинообразного разрушения - ",AG20)) | AZ20: =IF(AH20="","",CONCATENATE($AH$10," - установка паровых подогревателей, редуцирующих устройств и системы сбора конденсата - ",AH20)) | BA20: =IF(ISBLANK(O20),"",CONCATENATE("Методические указания по применению СБЦ по приказу Минрегиона России №620 от 29.12.2009 г.",CHAR(10),"п. 3.4 - ",O20," объекта - ",AI20)) | BC20: =IF(ISBLANK(A20),"",CONCATENATE("(",R20,"+",S20,"×",(IF(A20=списки!$C$41,C20/1000,IF(A20=списки!$C$42,C20/1000,IF(A20=списки!$C$43,C20/1000,IF(A20=списки!$C$44,1,IF(A20=списки!$C$45,B20,IF(A20=списки!$C$46,B20,IF(A20=списки!$C$47,C20,"")))))))),")",IF(ISNUMBER(U20),CONCATENATE("×",U20),""),IF(ISNUMBER(W20),CONCATENATE("×",W20),""),IF(ISNUMBER(X20),CONCATENATE("×",X20),""),IF(ISNUMBER(Y20),CONCATENATE("×",Y20),""),IF(ISNUMBER(Z20),CONCATENATE("×",Z20),""),IF(ISNUMBER(AA20),CONCATENATE("×",AA20),""),IF(ISNUMBER(AB20),CONCATENATE("×",AB20),""),IF(ISNUMBER(AC20),CONCATENATE("×",AC20),""),IF(ISNUMBER(AF20),CONCATENATE("×",AF20),""),IF(ISNUMBER(AG20),CONCATENATE("×",AG20),""),IF(ISNUMBER(AH20),CONCATENATE("×",AH20),""),IF(ISNUMBER(AD20),CONCATENATE("×",AD20),""),IF(ISNUMBER(AI20),CONCATENATE("×",AI20),""),IF(ISNUMBER(V20),CONCATENATE("+(",R20,"+",S20,"×",(C20/1000),")","×",D20-2,"×",V20),""),IF(ISNUMBER(AE20),CONCATENATE("+(",R20,"+",S20,"×",1,")","×",AD20,"×",C20-1,"×",AE20),""))) | BD20: =ROUND(IF(ISBLANK(A20),"",(R20+S20*(_xlfn.IFNA(IF(A20=списки!$C$41,(C20/1000),IF(A20=списки!$C$42,(C20/1000),IF(A20=списки!$C$43,(C20/1000),IF(A20=списки!$C$44,1,IF(A20=списки!$C$45,B20,IF(A20=списки!$C$46,B20,IF(A20=списки!$C$47,C20,""))))))),"")))*IF(ISNUMBER(U20),U20,1)*IF(ISNUMBER(W20),W20,1)*IF(ISNUMBER(X20),X20,1)*IF(ISNUMBER(Y20),Y20,1)*IF(ISNUMBER(Z20),Z20,1)*IF(ISNUMBER(AA20),AA20,1)*IF(ISNUMBER(AB20),AB20,1)*IF(ISNUMBER(AC20),AC20,1)*IF(ISNUMBER(AD20),AD20,1)*IF(ISNUMBER(AF20),AF20,1)*IF(ISNUMBER(AG20),AG20,1)*IF(ISNUMBER(AH20),AH20,1)*IF(ISNUMBER(AI20),AI20,1)+IF(ISNUMBER(V20),(R20+S20*C20/1000)*(V20*(D20-2)),0)+IF(ISNUMBER(AE20),(R20+S20*1)*AD20*(AE20*(C20-1)),0)),5) -> #VALUE!
B22: Штамп ОСП | E22: Штамп заказчика | I22: ГИП
A23: Должность | E23: =VLOOKUP(B2,списки!E25:G33,2,FALSE) -> #N/A | I23: Начальник отдела водоснабжения проектного бюро
A24: Фамилия | E24: Д.Г. Усенков

Sheet Свод. см.
A1: Согласовано: | E1: Утверждаю:
A2: =ИД!$B$23 -> 0 | D2: =ИД!$E$23 -> #N/A
A6: ="___________________"&ИД!$B$24 -> ___________________ | D6: ="____________________"&ИД!$E$24 -> ____________________Д.Г. Усенков
A7: м.п. | D7: м.п.
A8: ="«________» ________________ "&YEAR(TODAY()) -> «________» ________________ 2026 | D8: =" "&A8 -> «________» ________________ 2026
A10: СВОДНАЯ СМЕТА
A14: =ИД!$A$3 -> Наименование объекта: | C14: =ИД!$B$3 -> Многоквартирные жилые дома. Этап 3. Этап 4. Жилой дом №4", расположенного по адресу: Российская Федерация, Красноярский край, г. Красноярск, ул. Кутузова, кадастровый номер 24:50:0600031:15100, 24:50:0000000:347853
A15: =ИД!$A$4 -> Шифр: | C15: =ИД!$B$4 -> 0
A16: =ИД!$A$5 -> Стадия проектирования: | C16: =ИД!$B$5 -> Рабочая документация
A17: =ИД!$A$6 -> Наименование проектной организации: | C17: =ИД!$B$6 -> ООО "Сибэнергоэксперт"
A18: =ИД!$A$2 -> Наименование организации заказчика: | C18: =ИД!$B$2 -> ООО "КСК"
A19: =ИД!$A$1 -> Номер договора: | C19: =IF(ISBLANK(ИД!$B$1),"отсутствует",ИД!$B$1) -> отсутствует
A21: № п/п | B21: Вид работ | D21: Основание | E21: Стоимость за единицу, руб. | F21: Общая стоимость, руб.
A22: =IF(E22>0,COUNTIF(E$22:E22,">0"),"") | B22: ="Выполнение инженерных изысканий"&IF(ISBLANK(ИД!$N$6),""," ("&ИД!$L$6&")") -> Выполнение инженерных изысканий | D22: =IF(E22>0,CONCATENATE("Смета № 1"),"") | E22: =Изыск._1!F28 -> 0 | F22: =E22 -> 0
A23: =IF(E23>0,COUNTIF(E$22:E23,">0"),"") | B23: ="Выполнение инженерных изысканий"&IF(ISBLANK(ИД!$N$6),""," ("&ИД!$L$6&")") -> Выполнение инженерных изысканий | D23: =IF(E23>0,CONCATENATE("Смета № ",COUNTIF(E$22:E23,">0")),"") | E23: =Изыск._2!F28 -> 0 | F23: =E23 -> 0
A24: =IF(E24>0,COUNTIF(E$22:E24,">0"),"") | B24: ="Выполнение инженерных изысканий"&IF(ISBLANK(ИД!$N$6),""," ("&ИД!$L$6&")") -> Выполнение инженерных изысканий | D24: =IF(E24>0,CONCATENATE("Смета № ",COUNTIF(E$22:E24,">0")),"") | E24: =Изыск._3!F28 -> 0 | F24: =E24 -> 0
A25: =IF(E25>0,COUNTIF(E$22:E25,">0"),"") | B25: ="Выполнение инженерных изысканий"&IF(ISBLANK(ИД!$N$6),""," ("&ИД!$L$6&")") -> Выполнение инженерных изысканий | D25: =IF(E25>0,CONCATENATE("Смета № ",COUNTIF(E$22:E25,">0")),"") | E25: =Изыск._4!F28 -> 0 | F25: =E25 -> 0
A26: =IF(E26>0,COUNTIF(E$22:E26,">0"),"") -> #REF! | B26: =IF(ИД!B5=списки!G36,"Выполнение проектной и рабочей документации",IF(ИД!B5=списки!G38,"Выполнение проектной документации","Выполнение рабочей документации"))&IF(ISBLANK(ИД!$N$6),""," ("&ИД!$L$6&")") -> Выполнение рабочей документации | D26: =IF(E26>0,CONCATENATE("Смета № ",COUNTIF(E$22:E26,">0")),"") -> #REF! | E26: =#REF!*1000 -> #REF! | F26: =E26 -> #REF!
A27: =IF(E27>0,COUNTIF(E$22:E27,">0"),"") | B27: =IF(ИД!B5=списки!G36,"Выполнение проектной и рабочей документации",IF(ИД!B5=списки!G38,"Выполнение проектной документации","Выполнение рабочей документации"))&IF(ISBLANK(ИД!$N$6),""," ("&ИД!$L$6&")") -> Выполнение рабочей документации | D27: =IF(E27>0,CONCATENATE("Смета № ",COUNTIF(E$22:E27,">0")),"") | E27: =ПИР_2!F30*1000 -> 0 | F27: =E27 -> 0
A28: =IF(E28>0,COUNTIF(E$22:E28,">0"),"") | B28: =IF(ИД!B5=списки!G36,"Выполнение проектной и рабочей документации по АСУТП",IF(ИД!B5=списки!G38,"Выполнение проектной документации по АСУТП","Выполнение рабочей документации по АСУТП"))&IF(ISBLANK(ИД!$N$6),""," ("&ИД!$L$6&")") -> Выполнение рабочей документации по АСУТП | D28: =IF(E28>0,CONCATENATE("Смета № ",COUNTIF(E$22:E28,">0")),"") | E28: =ПИР_АСУТП!I39*1000 -> 0 | F28: =E28 -> 0
A29: =IF(E29>0,COUNTIF(E$22:E29,">0"),"") | B29: =IF(ИД!B5=списки!G36,"Выполнение проектной и рабочей документации",IF(ИД!B5=списки!G38,"Выполнение проектной документации","Выполнение рабочей документации"))&IF(ISBLANK(ИД!$N$6),""," ("&ИД!$L$6&")") -> Выполнение рабочей документации | D29: =IF(E29>0,CONCATENATE("Смета № ",COUNTIF(E$22:E29,">0")),"") | E29: =ПИР_Труд.зат.!H39 -> 0 | F29: =E29 -> 0
A30: =IF(E30>0,COUNTIF(E$22:E30,">0"),"") | B30: =IF(ИД!B5=списки!G36,"Выполнение негосударственной экспертизы проектной документации",IF(ИД!B5=списки!G37,"Выполнение экспертизы промышленной безопасности рабочей документации","Выполнение негосударственной экспертизы проектной документации")&IF(ISBLANK(ИД!$N$6),""," ("&ИД!$L$6&")")) -> Выполнение экспертизы промышленной безопасности рабочей документации | D30: =IF(E30>0,CONCATENATE("Смета № ",COUNTIF(E$22:E30,">0")),"") | E30: =IF(ИД!B5=списки!G36,Эксперт.!F24,IF(ИД!B5=списки!G38,Эксперт.!F24,ЭПБ!F24)) -> 0 | F30: =E30 -> 0
A31: =IF(E31>0,COUNTIF(E$22:E31,">0"),"") | B31: =Суб.подр.СМ_1!B22:C22&IF(ISBLANK(ИД!$N$6),""," ("&ИД!$L$6&")") -> Наименование работ_1 | D31: =IF(E31>0,CONCATENATE("Смета № ",COUNTIF(E$22:E31,">0")),"") | E31: =Суб.подр.СМ_1!F24 -> 0 | F31: =E31 -> 0
A32: =IF(E32>0,COUNTIF(E$22:E32,">0"),"") | B32: =Суб.подр.СМ_2!B22:C22&IF(ISBLANK(ИД!$N$6),""," ("&ИД!$L$6&")") -> Наименование работ_2 | D32: =IF(E32>0,CONCATENATE("Смета № ",COUNTIF(E$22:E32,">0")),"") | E32: =Суб.подр.СМ_2!F24 -> 0 | F32: =E32 -> 0
A33: =LARGE(A22:A32,1)+1 -> #REF! | B33: Итого | F33: =SUM(F22:F32) -> #REF!
A34: =A33+1 -> #REF! | B34: НДС | D34: ФЗ от 03.08.2018 N 303-ФЗ | E34: 0.2 | F34: =ROUND(F33*E34,2) -> #REF!
A35: =A34+1 -> #REF! | B35: ВСЕГО | F35: =F33+F34 -> #REF!
A37: =CONCATENATE(ИД!I23," __________ ",ИД!I24) -> Начальник отдела водоснабжения проектного бюро __________

Sheet Изыск._1
A1: Согласовано: | E1: Утверждаю: | G1: 1
A2: =ИД!$B$23 -> 0 | D2: =ИД!$E$23 -> #N/A
A6: ="___________________"&ИД!$B$24 -> ___________________ | D6: ="____________________"&ИД!$E$24 -> ____________________Д.Г. Усенков
A7: м.п. | E7: м.п.
A8: ="«________» ________________ "&YEAR(TODAY()) -> «________» ________________ 2026 | D8: =" "&A8 -> «________» ________________ 2026
A10: ='Свод. см.'!D22
A12: Инженерные изыскания
A14: =ИД!$A$3 -> Наименование объекта: | C14: =ИД!$B$3 -> Многоквартирные жилые дома. Этап 3. Этап 4. Жилой дом №4", расположенного по адресу: Российская Федерация, Красноярский край, г. Красноярск, ул. Кутузова, кадастровый номер 24:50:0600031:15100, 24:50:0000000:347853
A15: =ИД!$A$4 -> Шифр: | C15: =ИД!$B$4 -> 0
A16: =ИД!$A$5 -> Стадия проектирования: | C16: =ИД!$B$5 -> Рабочая документация
A17: =ИД!$A$6 -> Наименование проектной организации: | C17: =ИД!$B$6 -> ООО "Сибэнергоэксперт"
A18: =ИД!$A$2 -> Наименование организации заказчика: | C18: =ИД!$B$2 -> ООО "КСК"
A19: =ИД!$A$1 -> Номер договора: | C19: =IF(ISBLANK(ИД!$B$1),"отсутствует",ИД!$B$1) -> отсутствует
A21: № п/п | B21: Вид работ | D21: Основание | E21: Стоимость за единицу, руб. | F21: Общая стоимость, руб.
A22: 1 | B22: Выполнение инженерных изысканий, включая следующие: | D22: =VLOOKUP(G1,ИД!$F$1:$K$4,4,FALSE) -> Договор с ООО «ГеоСтройТех» №Сибиац-22/1419 от 14.12.22, приложение № 2 | E22: =SUM(E23:E26) -> 0 | F22: =E22 -> 0
A23: =IF(ISBLANK(ИД!H1),"",IF(ИД!F1=$G$1,CONCATENATE("1.",MATCH(ИД!H1,$E$23:$E$26,0)-IF(ISNUMBER(E23),COUNTA($E$23:$E23)-COUNTIF($E$23:$E23,">0"))),"")) | B23: =IF(ISNUMBER(E23),списки!M48,"") | D23: =IF(ISBLANK(ИД!H1),"",IF(ИД!F1=$G$1,CONCATENATE("Смета №",MATCH(ИД!H1,$E$23:$E$26,0)-IF(ISNUMBER(E23),COUNTA($E$23:$E23)-COUNTIF($E$23:$E23,">0"),"")," ",ИД!G1,""),"")) | E23: =IF(ISBLANK(ИД!H1),"",IF(ИД!F1=$G$1,ИД!H1,""))
A24: =IF(ISBLANK(ИД!H2),"",IF(ИД!F2=$G$1,CONCATENATE("1.",MATCH(ИД!H2,$E$23:$E$26,0)-IF(ISNUMBER(E24),COUNTA($E$23:$E24)-COUNTIF($E$23:$E24,">0"))),"")) | B24: =IF(ISNUMBER(E24),списки!M49,"") | D24: =IF(ISBLANK(ИД!H2),"",IF(ИД!F2=$G$1,CONCATENATE("Смета №",MATCH(ИД!H2,$E$23:$E$26,0)-IF(ISNUMBER(E24),COUNTA($E$23:$E24)-COUNTIF($E$23:$E24,">0"),"")," ",ИД!G2,""),"")) | E24: =IF(ISBLANK(ИД!H2),"",IF(ИД!F2=$G$1,ИД!H2,""))
A25: =IF(ISBLANK(ИД!H3),"",IF(ИД!F3=$G$1,CONCATENATE("1.",MATCH(ИД!H3,$E$23:$E$26,0)-IF(ISNUMBER(E25),COUNTA($E$23:$E25)-COUNTIF($E$23:$E25,">0"))),"")) | B25: =IF(ISNUMBER(E25),списки!M50,"") | D25: =IF(ISBLANK(ИД!H3),"",IF(ИД!F3=$G$1,CONCATENATE("Смета №",MATCH(ИД!H3,$E$23:$E$26,0)-IF(ISNUMBER(E25),COUNTA($E$23:$E25)-COUNTIF($E$23:$E25,">0"),"")," ",ИД!G3,""),"")) | E25: =IF(ISBLANK(ИД!H3),"",IF(ИД!F3=$G$1,ИД!H3,""))
A26: =IF(ISBLANK(ИД!H4),"",IF(ИД!F4=$G$1,CONCATENATE("1.",MATCH(ИД!H4,$E$23:$E$26,0)-IF(ISNUMBER(E26),COUNTA($E$23:$E26)-COUNTIF($E$23:$E26,">0"))),"")) | B26: =IF(ISNUMBER(E26),списки!M51,"") | D26: =IF(ISBLANK(ИД!H4),"",IF(ИД!F4=$G$1,CONCATENATE("Смета №",MATCH(ИД!H4,$E$23:$E$26,0)-IF(ISNUMBER(E26),COUNTA($E$23:$E26)-COUNTIF($E$23:$E26,">0"),"")," ",ИД!G4,""),"")) | E26: =IF(ISBLANK(ИД!H4),"",IF(ИД!F4=$G$1,ИД!H4,""))
A27: 2 | B27: =ИД!O7 -> Ген. подряд | E27: =ИД!P7 -> 0.01 | F27: =ROUND(F22*E27,2) -> 0
A28: 3 | B28: Итого | F28: =SUM(F22:F27) -> 0
A29: 4 | B29: НДС | D29: ФЗ от 03.08.2018 № 303-ФЗ | E29: 0.2 | F29: =ROUND(F28*E29,2) -> 0
A30: 5 | B30: ВСЕГО | F30: =F28+F29 -> 0
A32: =CONCATENATE(ИД!I23," __________ ",ИД!I24) -> Начальник отдела водоснабжения проектного бюро __________

Sheet Изыск._2
A1: Согласовано: | E1: Утверждаю: | G1: 2
A2: =ИД!$B$23 -> 0 | D2: =ИД!$E$23 -> #N/A
A6: ="___________________"&ИД!$B$24 -> ___________________ | D6: ="____________________"&ИД!$E$24 -> ____________________Д.Г. Усенков
A7: м.п. | E7: м.п.
A8: ="«________» ________________ "&YEAR(TODAY()) -> «________» ________________ 2026 | D8: =" "&A8 -> «________» ________________ 2026
A10: ='Свод. см.'!D23
A12: Инженерные изыскания
A14: =ИД!$A$3 -> Наименование объекта: | C14: =ИД!$B$3 -> Многоквартирные жилые дома. Этап 3. Этап 4. Жилой дом №4", расположенного по адресу: Российская Федерация, Красноярский край, г. Красноярск, ул. Кутузова, кадастровый номер 24:50:0600031:15100, 24:50:0000000:347853
A15: =ИД!$A$4 -> Шифр: | C15: =ИД!$B$4 -> 0
A16: =ИД!$A$5 -> Стадия проектирования: | C16: =ИД!$B$5 -> Рабочая документация
A17: =ИД!$A$6 -> Наименование проектной организации: | C17: =ИД!$B$6 -> ООО "Сибэнергоэксперт"
A18: =ИД!$A$2 -> Наименование организации заказчика: | C18: =ИД!$B$2 -> ООО "КСК"
A19: =ИД!$A$1 -> Номер договора: | C19: =IF(ISBLANK(ИД!$B$1),"отсутствует",ИД!$B$1) -> отсутствует
A21: № п/п | B21: Вид работ | D21: Основание | E21: Стоимость за единицу, руб. | F21: Общая стоимость, руб.
A22: 1 | B22: Выполнение инженерных изысканий, включая следующие: | D22: =ИД!I3 -> Договор с ООО «ГеоСтройТех» №Сибиац-22/1419 от 14.12.22, приложение № 2 | E22: =SUM(E23:E26) -> 0 | F22: =E22 -> 0
A23: =IF(ISBLANK(ИД!H1),"",IF(ИД!F1=$G$1,CONCATENATE("1.",MATCH(ИД!H1,$E$23:$E$26,0)-IF(ISNUMBER(E23),COUNTA($E$23:$E23)-COUNTIF($E$23:$E23,">0"))),"")) | B23: =IF(ISNUMBER(E23),списки!M48,"") | D23: =IF(ISBLANK(ИД!H1),"",IF(ИД!F1=$G$1,CONCATENATE("Смета №",MATCH(ИД!H1,$E$23:$E$26,0)-IF(ISNUMBER(E23),COUNTA($E$23:$E23)-COUNTIF($E$23:$E23,">0"),"")," ",ИД!G1,""),"")) | E23: =IF(ISBLANK(ИД!H1),"",IF(ИД!F1=$G$1,ИД!H1,""))
A24: =IF(ISBLANK(ИД!H2),"",IF(ИД!F2=$G$1,CONCATENATE("1.",MATCH(ИД!H2,$E$23:$E$26,0)-IF(ISNUMBER(E24),COUNTA($E$23:$E24)-COUNTIF($E$23:$E24,">0"))),"")) | B24: =IF(ISNUMBER(E24),списки!M49,"") | D24: =IF(ISBLANK(ИД!H2),"",IF(ИД!F2=$G$1,CONCATENATE("Смета №",MATCH(ИД!H2,$E$23:$E$26,0)-IF(ISNUMBER(E24),COUNTA($E$23:$E24)-COUNTIF($E$23:$E24,">0"),"")," ",ИД!G2,""),"")) | E24: =IF(ISBLANK(ИД!H2),"",IF(ИД!F2=$G$1,ИД!H2,""))
A25: =IF(ISBLANK(ИД!H3),"",IF(ИД!F3=$G$1,CONCATENATE("1.",MATCH(ИД!H3,$E$23:$E$26,0)-IF(ISNUMBER(E25),COUNTA($E$23:$E25)-COUNTIF($E$23:$E25,">0"))),"")) | B25: =IF(ISNUMBER(E25),списки!M50,"") | D25: =IF(ISBLANK(ИД!H3),"",IF(ИД!F3=$G$1,CONCATENATE("Смета №",MATCH(ИД!H3,$E$23:$E$26,0)-IF(ISNUMBER(E25),COUNTA($E$23:$E25)-COUNTIF($E$23:$E25,">0"),"")," ",ИД!G3,""),"")) | E25: =IF(ISBLANK(ИД!H3),"",IF(ИД!F3=$G$1,ИД!H3,""))
A26: =IF(ISBLANK(ИД!H4),"",IF(ИД!F4=$G$1,CONCATENATE("1.",MATCH(ИД!H4,$E$23:$E$26,0)-IF(ISNUMBER(E26),COUNTA($E$23:$E26)-COUNTIF($E$23:$E26,">0"))),"")) | B26: =IF(ISNUMBER(E26),списки!M51,"") | D26: =IF(ISBLANK(ИД!H4),"",IF(ИД!F4=$G$1,CONCATENATE("Смета №",MATCH(ИД!H4,$E$23:$E$26,0)-IF(ISNUMBER(E26),COUNTA($E$23:$E26)-COUNTIF($E$23:$E26,">0"),"")," ",ИД!G4,""),"")) | E26: =IF(ISBLANK(ИД!H4),"",IF(ИД!F4=$G$1,ИД!H4,""))
A27: 2 | B27: =ИД!O7 -> Ген. подряд | E27: =ИД!P7 -> 0.01 | F27: =ROUND(F22*E27,2) -> 0
A28: 3 | B28: Итого | F28: =SUM(F22:F27) -> 0
A29: 4 | B29: НДС | D29: ФЗ от 03.08.2018 № 303-ФЗ | E29: 0.2 | F29: =ROUND(F28*E29,2) -> 0
A30: 5 | B30: ВСЕГО | F30: =F28+F29 -> 0
A32: =CONCATENATE(ИД!I23," __________ ",ИД!I24) -> Начальник отдела водоснабжения проектного бюро __________

Sheet Изыск._3
A1: Согласовано: | E1: Утверждаю: | G1: 3
A2: =ИД!$B$23 -> 0 | D2: =ИД!$E$23 -> #N/A
A6: ="___________________"&ИД!$B$24 -> ___________________ | D6: ="____________________"&ИД!$E$24 -> ____________________Д.Г. Усенков
A7: м.п. | E7: м.п.
A8: ="«________» ________________ "&YEAR(TODAY()) -> «________» ________________ 2026 | D8: =" "&A8 -> «________» ________________ 2026
A10: ='Свод. см.'!D24
A12: Инженерные изыскания
A14: =ИД!$A$3 -> Наименование объекта: | C14: =ИД!$B$3 -> Многоквартирные жилые дома. Этап 3. Этап 4. Жилой дом №4", расположенного по адресу: Российская Федерация, Красноярский край, г. Красноярск, ул. Кутузова, кадастровый номер 24:50:0600031:15100, 24:50:0000000:347853
A15: =ИД!$A$4 -> Шифр: | C15: =ИД!$B$4 -> 0
A16: =ИД!$A$5 -> Стадия проектирования: | C16: =ИД!$B$5 -> Рабочая документация
A17: =ИД!$A$6 -> Наименование проектной организации: | C17: =ИД!$B$6 -> ООО "Сибэнергоэксперт"
A18: =ИД!$A$2 -> Наименование организации заказчика: | C18: =ИД!$B$2 -> ООО "КСК"
A19: =ИД!$A$1 -> Номер договора: | C19: =IF(ISBLANK(ИД!$B$1),"отсутствует",ИД!$B$1) -> отсутствует
A21: № п/п | B21: Вид работ | D21: Основание | E21: Стоимость за единицу, руб. | F21: Общая стоимость, руб.
A22: 1 | B22: Выполнение инженерных изысканий, включая следующие: | D22: =ИД!I3 -> Договор с ООО «ГеоСтройТех» №Сибиац-22/1419 от 14.12.22, приложение № 2 | E22: =SUM(E23:E26) -> 0 | F22: =E22 -> 0
A23: =IF(ISBLANK(ИД!H1),"",IF(ИД!F1=$G$1,CONCATENATE("1.",MATCH(ИД!H1,$E$23:$E$26,0)-IF(ISNUMBER(E23),COUNTA($E$23:$E23)-COUNTIF($E$23:$E23,">0"))),"")) | B23: =IF(ISNUMBER(E23),списки!M48,"") | D23: =IF(ISBLANK(ИД!H1),"",IF(ИД!F1=$G$1,CONCATENATE("Смета №",MATCH(ИД!H1,$E$23:$E$26,0)-IF(ISNUMBER(E23),COUNTA($E$23:$E23)-COUNTIF($E$23:$E23,">0"),"")," ",ИД!G1,""),"")) | E23: =IF(ISBLANK(ИД!H1),"",IF(ИД!F1=$G$1,ИД!H1,""))
A24: =IF(ISBLANK(ИД!H2),"",IF(ИД!F2=$G$1,CONCATENATE("1.",MATCH(ИД!H2,$E$23:$E$26,0)-IF(ISNUMBER(E24),COUNTA($E$23:$E24)-COUNTIF($E$23:$E24,">0"))),"")) | B24: =IF(ISNUMBER(E24),списки!M49,"") | D24: =IF(ISBLANK(ИД!H2),"",IF(ИД!F2=$G$1,CONCATENATE("Смета №",MATCH(ИД!H2,$E$23:$E$26,0)-IF(ISNUMBER(E24),COUNTA($E$23:$E24)-COUNTIF($E$23:$E24,">0"),"")," ",ИД!G2,""),"")) | E24: =IF(ISBLANK(ИД!H2),"",IF(ИД!F2=$G$1,ИД!H2,""))
A25: =IF(ISBLANK(ИД!H3),"",IF(ИД!F3=$G$1,CONCATENATE("1.",MATCH(ИД!H3,$E$23:$E$26,0)-IF(ISNUMBER(E25),COUNTA($E$23:$E25)-COUNTIF($E$23:$E25,">0"))),"")) | B25: =IF(ISNUMBER(E25),списки!M50,"") | D25: =IF(ISBLANK(ИД!H3),"",IF(ИД!F3=$G$1,CONCATENATE("Смета №",MATCH(ИД!H3,$E$23:$E$26,0)-IF(ISNUMBER(E25),COUNTA($E$23:$E25)-COUNTIF($E$23:$E25,">0"),"")," ",ИД!G3,""),"")) | E25: =IF(ISBLANK(ИД!H3),"",IF(ИД!F3=$G$1,ИД!H3,""))
A26: =IF(ISBLANK(ИД!H4),"",IF(ИД!F4=$G$1,CONCATENATE("1.",MATCH(ИД!H4,$E$23:$E$26,0)-IF(ISNUMBER(E26),COUNTA($E$23:$E26)-COUNTIF($E$23:$E26,">0"))),"")) | B26: =IF(ISNUMBER(E26),списки!M51,"") | D26: =IF(ISBLANK(ИД!H4),"",IF(ИД!F4=$G$1,CONCATENATE("Смета №",MATCH(ИД!H4,$E$23:$E$26,0)-IF(ISNUMBER(E26),COUNTA($E$23:$E26)-COUNTIF($E$23:$E26,">0"),"")," ",ИД!G4,""),"")) | E26: =IF(ISBLANK(ИД!H4),"",IF(ИД!F4=$G$1,ИД!H4,""))
A27: 2 | B27: =ИД!O7 -> Ген. подряд | E27: =ИД!P7 -> 0.01 | F27: =ROUND(F22*E27,2) -> 0
A28: 3 | B28: Итого | F28: =SUM(F22:F27) -> 0
A29: 4 | B29: НДС | D29: ФЗ от 03.08.2018 № 303-ФЗ | E29: 0.2 | F29: =ROUND(F28*E29,2) -> 0
A30: 5 | B30: ВСЕГО | F30: =F28+F29 -> 0
A32: =CONCATENATE(ИД!I23," __________ ",ИД!I24) -> Начальник отдела водоснабжения проектного бюро __________

Sheet Изыск._4
A1: Согласовано: | E1: Утверждаю: | G1: 4
A2: =ИД!$B$23 -> 0 | D2: =ИД!$E$23 -> #N/A
A6: ="___________________"&ИД!$B$24 -> ___________________ | D6: ="____________________"&ИД!$E$24 -> ____________________Д.Г. Усенков
A7: м.п. | E7: м.п.
A8: ="«________» ________________ "&YEAR(TODAY()) -> «________» ________________ 2026 | D8: =" "&A8 -> «________» ________________ 2026
A10: ='Свод. см.'!D25
A12: Инженерные изыскания
A14: =ИД!$A$3 -> Наименование объекта: | C14: =ИД!$B$3 -> Многоквартирные жилые дома. Этап 3. Этап 4. Жилой дом №4", расположенного по адресу: Российская Федерация, Красноярский край, г. Красноярск, ул. Кутузова, кадастровый номер 24:50:0600031:15100, 24:50:0000000:347853
A15: =ИД!$A$4 -> Шифр: | C15: =ИД!$B$4 -> 0
A16: =ИД!$A$5 -> Стадия проектирования: | C16: =ИД!$B$5 -> Рабочая документация
A17: =ИД!$A$6 -> Наименование проектной организации: | C17: =ИД!$B$6 -> ООО "Сибэнергоэксперт"
A18: =ИД!$A$2 -> Наименование организации заказчика: | C18: =ИД!$B$2 -> ООО "КСК"
A19: =ИД!$A$1 -> Номер договора: | C19: =IF(ISBLANK(ИД!$B$1),"отсутствует",ИД!$B$1) -> отсутствует
A21: № п/п | B21: Вид работ | D21: Основание | E21: Стоимость за единицу, руб. | F21: Общая стоимость, руб.
A22: 1 | B22: Выполнение инженерных изысканий, включая следующие: | D22: =ИД!I3 -> Договор с ООО «ГеоСтройТех» №Сибиац-22/1419 от 14.12.22, приложение № 2 | E22: =SUM(E23:E26) -> 0 | F22: =E22 -> 0
A23: =IF(ISBLANK(ИД!H1),"",IF(ИД!F1=$G$1,CONCATENATE("1.",MATCH(ИД!H1,$E$23:$E$26,0)-IF(ISNUMBER(E23),COUNTA($E$23:$E23)-COUNTIF($E$23:$E23,">0"))),"")) | B23: =IF(ISNUMBER(E23),списки!M48,"") | D23: =IF(ISBLANK(ИД!H1),"",IF(ИД!F1=$G$1,CONCATENATE("Смета №",MATCH(ИД!H1,$E$23:$E$26,0)-IF(ISNUMBER(E23),COUNTA($E$23:$E23)-COUNTIF($E$23:$E23,">0"),"")," ",ИД!G1,""),"")) | E23: =IF(ISBLANK(ИД!H1),"",IF(ИД!F1=$G$1,ИД!H1,""))
A24: =IF(ISBLANK(ИД!H2),"",IF(ИД!F2=$G$1,CONCATENATE("1.",MATCH(ИД!H2,$E$23:$E$26,0)-IF(ISNUMBER(E24),COUNTA($E$23:$E24)-COUNTIF($E$23:$E24,">0"))),"")) | B24: =IF(ISNUMBER(E24),списки!M49,"") | D24: =IF(ISBLANK(ИД!H2),"",IF(ИД!F2=$G$1,CONCATENATE("Смета №",MATCH(ИД!H2,$E$23:$E$26,0)-IF(ISNUMBER(E24),COUNTA($E$23:$E24)-COUNTIF($E$23:$E24,">0"),"")," ",ИД!G2,""),"")) | E24: =IF(ISBLANK(ИД!H2),"",IF(ИД!F2=$G$1,ИД!H2,""))
A25: =IF(ISBLANK(ИД!H3),"",IF(ИД!F3=$G$1,CONCATENATE("1.",MATCH(ИД!H3,$E$23:$E$26,0)-IF(ISNUMBER(E25),COUNTA($E$23:$E25)-COUNTIF($E$23:$E25,">0"))),"")) | B25: =IF(ISNUMBER(E25),списки!M50,"") | D25: =IF(ISBLANK(ИД!H3),"",IF(ИД!F3=$G$1,CONCATENATE("Смета №",MATCH(ИД!H3,$E$23:$E$26,0)-IF(ISNUMBER(E25),COUNTA($E$23:$E25)-COUNTIF($E$23:$E25,">0"),"")," ",ИД!G3,""),"")) | E25: =IF(ISBLANK(ИД!H3),"",IF(ИД!F3=$G$1,ИД!H3,""))
A26: =IF(ISBLANK(ИД!H4),"",IF(ИД!F4=$G$1,CONCATENATE("1.",MATCH(ИД!H4,$E$23:$E$26,0)-IF(ISNUMBER(E26),COUNTA($E$23:$E26)-COUNTIF($E$23:$E26,">0"))),"")) | B26: =IF(ISNUMBER(E26),списки!M51,"") | D26: =IF(ISBLANK(ИД!H4),"",IF(ИД!F4=$G$1,CONCATENATE("Смета №",MATCH(ИД!H4,$E$23:$E$26,0)-IF(ISNUMBER(E26),COUNTA($E$23:$E26)-COUNTIF($E$23:$E26,">0"),"")," ",ИД!G4,""),"")) | E26: =IF(ISBLANK(ИД!H4),"",IF(ИД!F4=$G$1,ИД!H4,""))
A27: 2 | B27: =ИД!O7 -> Ген. подряд | E27: =ИД!P7 -> 0.01 | F27: =ROUND(F22*E27,2) -> 0
A28: 3 | B28: Итого | F28: =SUM(F22:F27) -> 0
A29: 4 | B29: НДС | D29: ФЗ от 03.08.2018 № 303-ФЗ | E29: 0.2 | F29: =ROUND(F28*E29,2) -> 0
A30: 5 | B30: ВСЕГО | F30: =F28+F29 -> 0
A32: =CONCATENATE(ИД!I23," __________ ",ИД!I24) -> Начальник отдела водоснабжения проектного бюро __________

Sheet ПИР_2
A1: Согласовано: | E1: Утверждаю:
A2: =ИД!$B$23 -> 0 | D2: =ИД!$E$23 -> #N/A
A6: ="___________________"&ИД!$B$24 -> ___________________ | D6: ="____________________"&ИД!$E$24 -> ____________________Д.Г. Усенков
A7: м.п. | D7: м.п.
A8: =#REF! -> #REF! | D8: =" "&A8 -> #REF!
A10: ='Свод. см.'!D27
A12: ="Проектные работы"&IF(ISBLANK(ИД!$N$6),""," ("&ИД!$L$6&")") -> Проектные работы
A14: =ИД!$A$3 -> Наименование объекта: | C14: =ИД!$B$3 -> Многоквартирные жилые дома. Этап 3. Этап 4. Жилой дом №4", расположенного по адресу: Российская Федерация, Красноярский край, г. Красноярск, ул. Кутузова, кадастровый номер 24:50:0600031:15100, 24:50:0000000:347853
A15: =ИД!$A$4 -> Шифр: | C15: =ИД!$B$4 -> 0
A16: =ИД!$A$5 -> Стадия проектирования: | C16: =ИД!$B$5 -> Рабочая документация
A17: =ИД!$A$6 -> Наименование проектной организации: | C17: =ИД!$B$6 -> ООО "Сибэнергоэксперт"
A18: =ИД!$A$2 -> Наименование организации заказчика: | C18: =ИД!$B$2 -> ООО "КСК"
A19: =ИД!$A$1 -> Номер договора: | C19: =IF(ISBLANK(ИД!$B$1),"отсутствует",ИД!$B$1) -> отсутствует
A21: № п/п | B21: Характеристика предприятия, здания, сооружения или виды работ | C21: Номер частей, глав, таблиц, процентов, параграфов и пунктов указаний к разделу Справочника базовых цен на проектные и изыскательские работы для строительства | E21: Расчет стоимости : (а+bx) * Ki, или (объём строительно-монтажных работ) * процент/100, или количество * цена,тыс. руб. | F21: Общая стоимость (тыс. руб. )
A22: =IF(COUNTBLANK(C22)=0,1,0) -> 0 | B22: =IFERROR(ИД!AK19,"") | C22: =IFERROR(ИД!AL19,"") | E22: =ИД!BC19 | F22: =IFERROR(ИД!BD19,"")
A23: =IF(COUNTBLANK(C23)=0,LARGE(A$22:A22,1)+1,0) -> 0 | B23: =IFERROR(ИД!AK20,"") | C23: =IFERROR(ИД!AL20,"") | E23: =ИД!BC20 | F23: =IFERROR(ИД!BD20,"")
A24: =LARGE(A22:A23,1)+1 -> 1 | B24: Итого | F24: =SUM(F22:F23) -> 0
A25: =A24+1 -> 2 | B25: Итого с индексом изменения сметной стоимости проектных работ | C25: =ИД!L7 -> Письмо Минстроя России 26.01.2026 г. № 3017-ИФ/09 | E25: =ИД!N7 -> 1.68 | F25: =ROUND(F24*E25,5) -> 0
A26: =A25+1 -> 3 | B26: Проектная документация | C26: Письмо Минрегиона РФ от 24.10.2008 N 27321-ИМ/08 | E26: =IF(ИД!B5=списки!G36,0.4,IF(ИД!B5=списки!G38,0.4,0)) -> 0 | F26: =ROUND(F25*E26,5) -> 0
A27: =A26+1 -> 4 | B27: Рабочая документация | E27: =IF(ИД!B5=списки!G36,0.6,IF(ИД!B5=списки!G37,0.6,0)) -> 0.6 | F27: =ROUND(F25*E27,5) -> 0
A28: =IF(COUNTBLANK(F28)=0,LARGE(A$22:A27,1)+1,0) -> 0 | B28: Разделы ОБ, РЭ, РР | C28: Приказ Минрегиона РФ от 29.12.2009 N 620, п. 1.6 | E28: =IF(ISBLANK(ИД!C8),"",CONCATENATE(ИД!C8*100,"% от рабочей документации")) | F28: =IF(ISBLANK(ИД!C8),"",ROUND(F27*ИД!C8,5))
A29: =IF(COUNTBLANK(F29)=0,LARGE(A$22:A28,1)+1,0) -> 0 | B29: ="Внесение изменения №"&ИД!M6&" в документацию" -> Внесение изменения № в документацию | C29: МУ по применению СБЦ по приказу Минрегиона №620 от 29.12.2009 г., п. 1.3.6.3 | E29: =IF(ISBLANK(ИД!N6),"",ИД!N6*100&"% от "&ИД!O6) | F29: =IF(ISBLANK(ИД!N6),"",ROUND(ИД!N6*(IF(ИД!O6=списки!G40,SUM(ПИР_2!F26:F27),IF(ИД!O6=списки!G41,ПИР_2!F27,IF(ИД!O6=списки!G42,ПИР_2!F26)))),5))
A30: =LARGE(A22:A29,1)+1 -> 5 | B30: Итого | F30: =IF(ISBLANK(ИД!N6),SUM(F26:F28),F29) -> 0
A31: =A30+1 -> 6 | B31: НДС | C31: Федеральный закон от 03.08.2018 № 303-ФЗ | E31: 0.2 | F31: =ROUND(F30*E31,5) -> 0
A32: =A31+1 -> 7 | B32: ВСЕГО в текущих ценах | F32: =ROUND(F31+F30,5) -> 0
A34: =CONCATENATE(ИД!I23," __________ ",ИД!I24) -> Начальник отдела водоснабжения проектного бюро __________

Sheet ПИР_АСУТП
A1: Согласовано: | H1: Утверждаю:
A2: =ИД!$B$23 -> 0 | G2: =ИД!$E$23 -> #N/A
A6: ="___________________"&ИД!$B$24 -> ___________________ | G6: ="____________________"&ИД!$E$24 -> ____________________Д.Г. Усенков
A7: м.п. | G7: м.п.
A8: ="«________» ________________ "&YEAR(TODAY()) -> «________» ________________ 2026 | G8: =" "&A8 -> «________» ________________ 2026
A10: ='Свод. см.'!D28
A12: ="Проектные работы АСУ ТП"&IF(ISBLANK(ИД!$N$6),""," ("&ИД!$L$6&")") -> Проектные работы АСУ ТП
A14: =ИД!$A$3 -> Наименование объекта: | D14: =ИД!$B$3 -> Многоквартирные жилые дома. Этап 3. Этап 4. Жилой дом №4", расположенного по адресу: Российская Федерация, Красноярский край, г. Красноярск, ул. Кутузова, кадастровый номер 24:50:0600031:15100, 24:50:0000000:347853 | E14: Насосная станция на подающем трубопроводе перед ТК-4 | F14: Насосная станция на подающем трубопроводе перед ТК-4 | G14: Насосная станция на подающем трубопроводе перед ТК-4 | H14: Насосная станция на подающем трубопроводе перед ТК-4 | I14: Насосная станция на подающем трубопроводе перед ТК-4
A15: =ИД!$A$4 -> Шифр: | D15: =ИД!$B$4 -> 0 | E15: 4141.22 | F15: 4141.22 | G15: 4141.22 | H15: 4141.22 | I15: 4141.22
A16: =ИД!$A$5 -> Стадия проектирования: | D16: =ИД!$B$5 -> Рабочая документация | E16: Проектная и рабочая документация | F16: Проектная и рабочая документация | G16: Проектная и рабочая документация | H16: Проектная и рабочая документация | I16: Проектная и рабочая документация
A17: =ИД!$A$6 -> Наименование проектной организации: | D17: =ИД!$B$6 -> ООО "Сибэнергоэксперт" | E17: ОСП Сибирьэнергопроект АО "СибИАЦ" | F17: ОСП Сибирьэнергопроект АО "СибИАЦ" | G17: ОСП Сибирьэнергопроект АО "СибИАЦ" | H17: ОСП Сибирьэнергопроект АО "СибИАЦ" | I17: ОСП Сибирьэнергопроект АО "СибИАЦ"
A18: =ИД!$A$2 -> Наименование организации заказчика: | D18: =ИД!$B$2 -> ООО "КСК" | E18: АО «Енисейская ТГК (ТГК-13)» филиал «Красноярская теплосеть» | F18: АО «Енисейская ТГК (ТГК-13)» филиал «Красноярская теплосеть» | G18: АО «Енисейская ТГК (ТГК-13)» филиал «Красноярская теплосеть» | H18: АО «Енисейская ТГК (ТГК-13)» филиал «Красноярская теплосеть» | I18: АО «Енисейская ТГК (ТГК-13)» филиал «Красноярская теплосеть»
A19: =ИД!$A$1 -> Номер договора: | D19: =IF(ISBLANK(ИД!$B$1),"отсутствует",ИД!$B$1) -> отсутствует | E19: КТТК-21/236 от 29.04.2021 | F19: КТТК-21/236 от 29.04.2021 | G19: КТТК-21/236 от 29.04.2021 | H19: КТТК-21/236 от 29.04.2021 | I19: КТТК-21/236 от 29.04.2021
A20: =CONCATENATE("Индекс изменения сметной стоимости проектных работ на основании: ",ИД!L7) -> Индекс изменения сметной стоимости проектных работ на основании: Письмо Минстроя России 26.01.2026 г. № 3017-ИФ/09 | H20: =ИД!N7 -> 1.68
A21: СБЦП 81-2001-22 от 27.01.22 Таблица № 2. Трудоемкость разработки документации на АСУТП (в баллах)
A22: № п/п | B22: Основные факторы, определяющие трудоемкость разработки | D22: Количество баллов для частей проектной документации (Бч)
D23: ОР | E23: ОО | F23: ИО | G23: TO | H23: МО | I23: ПО
A24: 1 | B24: 1. Характер протекания управляемого технологического процесса во времени (Ф2): | C24: 1.5. Циклический (прерывистый, с существенной для управления длительностью интервалов непрерывного функционирования и циклическим следованием интервалов с различными режимами) | D24: =VLOOKUP($C$24,АСУТП_списки!$B$2:$H$7,2,FALSE) -> 3 | E24: =VLOOKUP($C$24,АСУТП_списки!$B$2:$H$7,3,FALSE) -> 2 | F24: =VLOOKUP($C$24,АСУТП_списки!$B$2:$H$7,4,FALSE) -> 3 | G24: =VLOOKUP($C$24,АСУТП_списки!$B$2:$H$7,5,FALSE) -> 2 | H24: =VLOOKUP($C$24,АСУТП_списки!$B$2:$H$7,6,FALSE) -> 3 | I24: =VLOOKUP($C$24,АСУТП_списки!$B$2:$H$7,7,FALSE) -> 3
A25: 2 | B25: 4. Количество технологических операций, контролируемых или управляемых АСУТП (Ф5): | C25: 2.1 до 5 | D25: =VLOOKUP($C$25,АСУТП_списки!$B$9:$H$16,2,FALSE) -> 1 | E25: =VLOOKUP($C$25,АСУТП_списки!$B$9:$H$16,3,FALSE) -> 1 | F25: =VLOOKUP($C$25,АСУТП_списки!$B$9:$H$16,4,FALSE) -> 1 | G25: =VLOOKUP($C$25,АСУТП_списки!$B$9:$H$16,5,FALSE) -> 1 | H25: =VLOOKUP($C$25,АСУТП_списки!$B$9:$H$16,6,FALSE) -> 1 | I25: =VLOOKUP($C$25,АСУТП_списки!$B$9:$H$16,7,FALSE) -> 1
A26: 3 | B26: 3. Степень развитости информационных функций АСУТП (Ф6): | C26: 3.1. I степень - параллельные контроль и измерение параметров состояния ТОУ | D26: =VLOOKUP($C$26,АСУТП_списки!$B$18:$H$21,2,FALSE) -> 1 | E26: =VLOOKUP($C$26,АСУТП_списки!$B$18:$H$21,3,FALSE) -> 1 | F26: =VLOOKUP($C$26,АСУТП_списки!$B$18:$H$21,4,FALSE) -> 1 | G26: =VLOOKUP($C$26,АСУТП_списки!$B$18:$H$21,5,FALSE) -> 1 | H26: =VLOOKUP($C$26,АСУТП_списки!$B$18:$H$21,6,FALSE) -> 1 | I26: =VLOOKUP($C$26,АСУТП_списки!$B$18:$H$21,7,FALSE) -> 1
A27: 4 | B27: 4. Степень развитости управляющих функций АСУТП (Ф7): | C27: 4.1. I степень - одноконтурное автоматическое регулирование или автоматическое однотактное логическое управление (переключения, блокировки и тому подобное) | D27: =VLOOKUP($C$27,АСУТП_списки!$B$23:$H$29,2,FALSE) -> 1 | E27: =VLOOKUP($C$27,АСУТП_списки!$B$23:$H$29,3,FALSE) -> 1 | F27: =VLOOKUP($C$27,АСУТП_списки!$B$23:$H$29,4,FALSE) -> 1 | G27: =VLOOKUP($C$27,АСУТП_списки!$B$23:$H$29,5,FALSE) -> 1 | H27: =VLOOKUP($C$27,АСУТП_списки!$B$23:$H$29,6,FALSE) -> 1 | I27: =VLOOKUP($C$27,АСУТП_списки!$B$23:$H$29,7,FALSE) -> 1
A28: 5 | B28: 5. Режим выполнения управляющих функции АСУТП (Ф8): | C28: 5.1. Автоматизированный "ручной" режим | D28: =VLOOKUP($C$28,АСУТП_списки!$B$31:$H$35,2,FALSE) -> 1 | E28: =VLOOKUP($C$28,АСУТП_списки!$B$31:$H$35,3,FALSE) -> 1 | F28: =VLOOKUP($C$28,АСУТП_списки!$B$31:$H$35,4,FALSE) -> 1 | G28: =VLOOKUP($C$28,АСУТП_списки!$B$31:$H$35,5,FALSE) -> 1 | H28: =VLOOKUP($C$28,АСУТП_списки!$B$31:$H$35,6,FALSE) -> 1 | I28: =VLOOKUP($C$28,АСУТП_списки!$B$31:$H$35,7,FALSE) -> 1
A29: 6 | B29: 6. Количество переменных, измеряемых, контролируемых и регистрируемых АСУТП (Ф9): | C29: 6.1. до 20 | D29: =VLOOKUP($C$29,АСУТП_списки!$B$37:$H$50,2,FALSE) -> 1 | E29: =VLOOKUP($C$29,АСУТП_списки!$B$37:$H$50,3,FALSE) -> 1 | F29: =VLOOKUP($C$29,АСУТП_списки!$B$37:$H$50,4,FALSE) -> 1 | G29: =VLOOKUP($C$29,АСУТП_списки!$B$37:$H$50,5,FALSE) -> 1 | H29: =VLOOKUP($C$29,АСУТП_списки!$B$37:$H$50,6,FALSE) -> 1 | I29: =VLOOKUP($C$29,АСУТП_списки!$B$37:$H$50,7,FALSE) -> 1
A30: 7 | B30: 7. Количество управляющих воздействии, вырабатываемых АСУТП (Ф10): | C30: 7.1. до 5 | D30: =VLOOKUP($C$30,АСУТП_списки!$B$52:$H$65,2,FALSE) -> 1 | E30: =VLOOKUP($C$30,АСУТП_списки!$B$52:$H$65,3,FALSE) -> 1 | F30: =VLOOKUP($C$30,АСУТП_списки!$B$52:$H$65,4,FALSE) -> 1 | G30: =VLOOKUP($C$30,АСУТП_списки!$B$52:$H$65,5,FALSE) -> 1 | H30: =VLOOKUP($C$30,АСУТП_списки!$B$52:$H$65,6,FALSE) -> 1 | I30: =VLOOKUP($C$30,АСУТП_списки!$B$52:$H$65,7,FALSE) -> 1
A31: 8 | B31: СУММА БАЛЛОВ | C31: ∑Б | D31: =SUM(D24:D30) -> 9 | E31: =SUM(E24:E30) -> 8 | F31: =SUM(F24:F30) -> 9 | G31: =SUM(G24:G30) -> 8 | H31: =SUM(H24:H30) -> 9 | I31: =SUM(I24:I30) -> 9
A32: СБЦП 81-2001-22 от 27.01.22 Разработка программного и математического обеспечения
A33: № п/п | B33: Обоснование | C33: Наименование | D33: Ед. изм. | E33: Кол. | F33: Сметная стоимость, тыс. руб.
F34: в базисных ценах | H34: в текущих (прогнозных) ценах
F35: на единицу измерения | G35: общая (с попр. коэф.) | H35: на единицу измерения | I35: общая
A36: 9 | B36: п. 2.11.2 | C36: Двухстадийная разработка проектной документации на АСУТП, количество баллов Sч, часть проектной документации ТО | D36: Sч | E36: =SUM(G31) -> 8 | F36: 33.77 | G36: =ROUND(E36*F36,5) -> 270.16 | H36: =ROUND(F36*$H$20,5) -> 56.7336 | I36: =ROUND(G36*$H$20,5) -> 453.8688
A37: 10 | B37: п. 2.11.5 | C37: При одностадийной разработке проектной документации на АСУТП базовая цена принимается с понижающим коэффициентом Кст = 0,8 | D37: Кст | E37: 0.8 | I37: =ROUND(SUM(I36:I36)*E37,5) -> 363.09504
A38: 11 | B38: Таблица 4 | C38: Коэф. повторно используемых проектных решений | D38: К1 | I38: =ROUND(I37*E38,5) -> 0
A39: 12 | B39: Итого | I39: =I38 -> 0
A40: 13 | B40: НДС | C40: Федеральный закон от 03.08.2018 № 303-ФЗ | G40: 0.2 | I40: =ROUND(I39*G40,5) -> 0
A41: 14 | B41: ВСЕГО в текущих ценах | I41: =ROUND(I39+I40,5) -> 0
A43: =CONCATENATE(ИД!I23," __________ ",ИД!I24) -> Начальник отдела водоснабжения проектного бюро __________

Sheet АСУТП_списки
C1: ОР | D1: ОО | E1: ИО | F1: TO | G1: МО | H1: ПО
B2: 1.1. Непрерывный (с длительным поддержанием режимов, близких к установившимся, и практически безостановочной подачей сырья и реагентов) | C2: 1 | D2: 1 | E2: 1 | F2: 1 | G2: 1 | H2: 1
B3: 1.2. Полунепрерывный (непрерывный, с существенными для управления переходными режимами, вызванными либо добавками (заменами) сырья или реагентов, либо выдачей продукции) | C3: 2 | D3: 1 | E3: 2 | F3: 1 | G3: 2 | H3: 2
B4: 1.3. Непрерывно-дискретный - I (сочетающий непрерывные и прерывистые режимы на различных стадиях процесса) | C4: 3 | D4: 3 | E4: 3 | F4: 3 | G4: 3 | H4: 3
B5: 1.4. Непрерывно-дискретный - II ( сочетающий непрерывные и прерывистые режимы с малой длительностью непрерывных режимов в аварийных условиях) | C5: 4 | D5: 3 | E5: 4 | F5: 3 | G5: 4 | H5: 4
B6: 1.5. Циклический (прерывистый, с существенной для управления длительностью интервалов непрерывного функционирования и циклическим следованием интервалов с различными режимами) | C6: 3 | D6: 2 | E6: 3 | F6: 2 | G6: 3 | H6: 3
B7: 1.6. Дискретный (прерывистый, с малой, несущественной для управления, длительностью непрерывных технологических операций) | C7: 2 | D7: 2 | E7: 2 | F7: 2 | G7: 3 | H7: 3
B9: 2.1 до 5 | C9: 1 | D9: 1 | E9: 1 | F9: 1 | G9: 1 | H9: 1
B10: 2.2 свыше 5 до 10 | C10: 2 | D10: 2 | E10: 2 | F10: 2 | G10: 2 | H10: 2
B11: 2.3 свыше 10 до 20 | C11: 3 | D11: 2 | E11: 3 | F11: 2 | G11: 3 | H11: 3
B12: 2.4 свыше 20 до 35 | C12: 4 | D12: 3 | E12: 4 | F12: 3 | G12: 4 | H12: 4
B13: 2.5 свыше 35 до 50 | C13: 5 | D13: 3 | E13: 5 | F13: 3 | G13: 5 | H13: 5
B14: 2.6 свыше 50 до 70 | C14: 6 | D14: 4 | E14: 6 | F14: 4 | G14: 6 | H14: 6
... B65: 7.14. за каждые 70 свыше 400 | C65: 1 | D65: 1 | E65: 1 | F65: 1 | G65: 1 | H65: 1

Sheet ПИР_Труд.зат.
A1: Согласовано: | G1: Утверждаю:
A2: =ИД!$B$23 -> 0 | F2: =ИД!$E$23 -> #N/A
A6: ="___________________"&ИД!$B$24 -> ___________________ | F6: ="____________________"&ИД!$E$24 -> ____________________Д.Г. Усенков
A7: м.п. | F7: м.п.
A8: ="«________» ________________ "&YEAR(TODAY()) -> «________» ________________ 2026 | F8: ="«________» ________________ "&YEAR(TODAY()) -> «________» ________________ 2026
A10: ='Свод. см.'!D29
A12: ="Проектные работы"&IF(ISBLANK(ИД!$N$6),""," ("&ИД!$L$6&")") -> Проектные работы
A14: Наименование работ - | C14: =CONCATENATE("Выполнение ",J14," по объекту: ",ИД!B3," , ш. ",ИД!B4) -> Выполнение проектной документации по объекту: Многоквартирные жилые дома. Этап 3. Этап 4. Жилой дом №4", расположенного по адресу: Российская Федерация, Красноярский край, г. Красноярск, ул. Кутузова, кадастровый номер 24:50:0600031:15100, 24:50:0000000:347853 , ш. | J14: проектной документации
A15: =ИД!$A$4 -> Шифр: | C15: =ИД!$B$4 -> 0
A16: =ИД!$A$5 -> Стадия проектирования: | C16: =ИД!$B$5 -> Рабочая документация
A17: Наименование проектной организации - | C17: =ИД!$B$6 -> ООО "Сибэнергоэксперт"
A18: Наименование организации заказчика - | C18: =ИД!$B$2 -> ООО "КСК"
A19: =ИД!$A$1 -> Номер договора: | C19: =IF(ISBLANK(ИД!$B$1),"отсутствует",ИД!$B$1) -> отсутствует
A21: № п/п | B21: Перечень выполняемых работ | C21: Исполнитель | E21: Кол-во дней | F21: Стоимость человеко дня, руб. | G21: Стоимость работ, руб | H21: Итого (трудозатраты, чел.дн. и сумма руб.)
C22: Кол-во | D22: Должность
A23: 1 | B23: 2 | C23: 3 | D23: 4 | E23: 5 | F23: 6 | G23: 7 | H23: 8
A24: =IF(B24=0,"",CONCATENATE(COUNTA($B$24:$B24),".")) -> 1. | B24: наименование раздела проекта/наименование работ | C24: 1 | D24: ГИП | F24: =IF(D24=0,"",VLOOKUP(D24,Трудозатраты!$B$9:$I$16,8,FALSE)) -> 7122 | G24: =IF(D24=0,"",H24*F24) -> 0 | H24: =IF(D24=0,"",E24*C24) -> 0
C25: 1 | D25: Начальник отдела | F25: =IF(D25=0,"",VLOOKUP(D25,Трудозатраты!$B$9:$I$16,8,FALSE)) -> 7122 | G25: =IF(D25=0,"",H25*F25) -> 0 | H25: =IF(D25=0,"",E25*C25) -> 0
C26: 1 | D26: Начальник сектора | F26: =IF(D26=0,"",VLOOKUP(D26,Трудозатраты!$B$9:$I$16,8,FALSE)) -> 5639 | G26: =IF(D26=0,"",H26*F26) -> 0 | H26: =IF(D26=0,"",E26*C26) -> 0
C27: 1 | D27: Главный специалист | F27: =IF(D27=0,"",VLOOKUP(D27,Трудозатраты!$B$9:$I$16,8,FALSE)) -> 5639 | G27: =IF(D27=0,"",H27*F27) -> 0 | H27: =IF(D27=0,"",E27*C27) -> 0
C28: 1 | D28: Ведущий инженер | F28: =IF(D28=0,"",VLOOKUP(D28,Трудозатраты!$B$9:$I$16,8,FALSE)) -> 4651 | G28: =IF(D28=0,"",H28*F28) -> 0 | H28: =IF(D28=0,"",E28*C28) -> 0
C29: 1 | D29: Инженер 1 категории | F29: =IF(D29=0,"",VLOOKUP(D29,Трудозатраты!$B$9:$I$16,8,FALSE)) -> 4104 | G29: =IF(D29=0,"",H29*F29) -> 0 | H29: =IF(D29=0,"",E29*C29) -> 0
C30: 1 | D30: Инженер 2 категории | F30: =IF(D30=0,"",VLOOKUP(D30,Трудозатраты!$B$9:$I$16,8,FALSE)) -> 3434 | G30: =IF(D30=0,"",H30*F30) -> 0 | H30: =IF(D30=0,"",E30*C30) -> 0
C31: 1 | D31: Инженер | F31: =IF(D31=0,"",VLOOKUP(D31,Трудозатраты!$B$9:$I$16,8,FALSE)) -> 2975 | G31: =IF(D31=0,"",H31*F31) -> 0 | H31: =IF(D31=0,"",E31*C31) -> 0
A32: =IF(B32=0,"",CONCATENATE(COUNTA($B$24:$B32),".")) | E32: Всего трудозатрат, чел.дн. | H32: =SUM(H24:H31) -> 0
A33: =IF(B33=0,"",CONCATENATE(COUNTA($B$24:$B33),".")) -> 2. | B33: Всего заработная плата | H33: =SUM(G24:G31) -> 0
A34: =IF(B34=0,"",CONCATENATE(COUNTA($B$24:$B34),"."))
A35: =IF(B35=0,"",CONCATENATE(COUNTA($B$24:$B35),".")) -> 3. | B35: Страховые взносы на заработную плату | D35: =Трудозатраты!C26 -> 0.3 | H35: =ROUND(H33*D35,2) -> 0
A36: =IF(B36=0,"",CONCATENATE(COUNTA($B$24:$B36),".")) -> 4. | B36: Накладные расходы | D36: =Трудозатраты!C27 -> 0.61 | H36: =ROUND(H33*D36,2) -> 0
A37: =IF(B37=0,"",CONCATENATE(COUNTA($B$24:$B37),".")) -> 5. | B37: Итого стоимость работ | H37: =ROUND(SUM(H33:H36),2) -> 0
A38: =IF(B38=0,"",CONCATENATE(COUNTA($B$24:$B38),".")) -> 6. | B38: Прибыль | D38: =Трудозатраты!C29 -> 0.035 | H38: =ROUND(H37*D38,2) -> 0
A39: =IF(B39=0,"",CONCATENATE(COUNTA($B$24:$B39),".")) -> 7. | B39: Всего стоимость работы | H39: =ROUND(H37+H38,2) -> 0
A40: =IF(B40=0,"",CONCATENATE(COUNTA($B$24:$B40),"."))
A41: =IF(B41=0,"",CONCATENATE(COUNTA($B$24:$B41),".")) -> 8. | B41: НДС ( 20%) | D41: 0.2 | H41: =ROUND(H39*D41,2) -> 0
A42: =IF(B42=0,"",CONCATENATE(COUNTA($B$24:$B42),".")) -> 9. | B42: ВСЕГО с НДС 20% | H42: =ROUND(H39+H41,2) -> 0
B44: Главный инженер проекта | G44: =ИД!I24 -> 0
B46: Ведущий специалист планово-производственного сектора | G46: О.Н. Мельникова

Sheet ПИР_НК
A1: Согласовано: | E1: Утверждаю:
D2: Директор ООО "КСК"
A6: ="___________________"&ИД!$B$24 -> ___________________ | D6: ="____________________"&ИД!$E$24 -> ____________________Д.Г. Усенков
A7: м.п. | D7: м.п.
A8: ="«________» ________________ "&YEAR(TODAY()) -> «________» ________________ 2026 | D8: =" "&A8 -> «________» ________________ 2026
A10: Смета № 2
A12: Наружные сети водоотведения (К1Н)
A14: =ИД!$A$3 -> Наименование объекта: | C14: Многоквартирные жилые дома. Этап 3. Этап 4. Жилой дом №4", расположенного по адресу: Российская Федерация, Красноярский край, г. Красноярск, ул. Кутузова, кадастровый номер 24:50:0600031:15100, 24:50:0000000:347853
A15: =ИД!$A$4 -> Шифр: | C15: =ИД!$B$4 -> 0
A16: =ИД!$A$5 -> Стадия проектирования: | C16: Рабочая документация
A17: =ИД!$A$6 -> Наименование проектной организации:
A18: =ИД!$A$2 -> Наименование организации заказчика: | C18: =ИД!$B$2 -> ООО "КСК"
A19: =ИД!$A$1 -> Номер договора: | C19: =IF(ISBLANK(ИД!$B$1),"отсутствует",ИД!$B$1) -> отсутствует
A21: № п/п | B21: Характеристика предприятия, здания, сооружения или виды работ | C21: Номер частей, глав, таблиц, процентов, параграфов и пунктов указаний к разделу Справочника базовых цен на проектные и изыскательские работы для строительства | E21: Расчет стоимости : (а+bx) * Ki, или (объём строительно-монтажных работ) * процент/100, или количество * цена,тыс. руб. | F21: Общая стоимость (тыс. руб. )
A22: =IF(COUNTBLANK(C22)=0,1,0) -> 1 | B22: Сеть канализации DN200 протяженностью 46 п.м | C22: Приказ Минстроя России от 28.11.2023 № 847/пр Таб. №3.5, п.1 - Линейные сооружения сети водоснабжения диаметром до 300 мм включительно, открытым способом, протяженностью от 100 п.м до 500 п.м включительно - а=122,6, в=0,641 Таб. №3.5.1, п.4.1 - Проектирование линейных сооружений сети водоотведения и прочих объектов сети водоотведения, расположенных на застроенной территории с коэффициентом застройки свыше 30 до 50 процентов - 1,2 | E22: ((122,6+0,641х(0,4х100+0,6×46))х(46÷50))×1,2 | F22: =((122.6+0.641*(0.4*100+0.6*46))*(46/50))*1.2 -> 183.18849
A24: =IF(COUNTBLANK(C24)=0,LARGE(A$22:A23,1)+1,0) -> 0
A25: =IF(COUNTBLANK(C25)=0,LARGE(A$22:A24,1)+1,0) -> 0 | B25: =IFERROR(ИД!AK16,"") | C25: =IFERROR(ИД!AL16,"") | E25: =ИД!BC16 | F25: =IFERROR(ИД!BD16,"")
A26: =IF(COUNTBLANK(C26)=0,LARGE(A$22:A25,1)+1,0) -> 0 | B26: =IFERROR(ИД!AK17,"") | C26: =IFERROR(ИД!AL17,"") | E26: =ИД!BC17 | F26: =IFERROR(ИД!BD17,"")
A27: =IF(COUNTBLANK(C27)=0,LARGE(A$22:A26,1)+1,0) -> 0 | B27: =IFERROR(ИД!AK18,"") | C27: =IFERROR(ИД!AL18,"") | E27: =ИД!BC18 | F27: =IFERROR(ИД!BD18,"")
A28: 3 | B28: Сеть канализации DN150 протяженностью 67,70 п.м | C28: Приказ Минстроя России от 28.11.2023 № 847/пр Таб. №3.5, п.1 - Линейные сооружения сети водоснабжения диаметром до 300 мм включительно, открытым способом, протяженностью от 100 п.м до 500 п.м включительно - а=122,6, в=0,641 Таб. №3.5.1, п.4.1 - Проектирование линейных сооружений сети водоотведения и прочих объектов сети водоотведения, расположенных на застроенной территории с коэффициентом застройки свыше 30 до 50 процентов - 1,2 | E28: (122,6+0,641х(0,4х100+0,6×67,70)×1,2 | F28: =((122.6+0.641*(0.4*100+0.6*67.7))*1.2) -> 209.1329
A29: =LARGE(A22:A27,1)+1 -> 2 | B29: Итого | F29: =F22+F28 -> 392.32139
A30: =A29+1 -> 3 | B30: Итого с индексом изменения сметной стоимости проектных работ | C30: =ИД!L7 -> Письмо Минстроя России 26.01.2026 г. № 3017-ИФ/09 | E30: =ИД!N7 -> 1.68 | F30: =F29*E30 -> 659.09994
A31: =A30+1 -> 4 | B31: Проектная документация | C31: Приказ Минстроя России от 28.11.2023 № 847/пр, таб. 1.1 | E31: =IF(ИД!B5=списки!G36,0.4,IF(ИД!B5=списки!G38,0.4,0)) -> 0 | F31: =ROUND(F30*E31,5) -> 0
A32: =A31+1 -> 5 | B32: Рабочая документация | E32: =IF(ИД!B5=списки!G36,0.6,IF(ИД!B5=списки!G37,0.6,0)) -> 0.6 | F32: =F30*E32 -> 395.45996
A33: =IF(COUNTBLANK(F33)=0,LARGE(A$22:A32,1)+1,0) -> 6 | B33: Районный коэффициент | C33: Приказ Минстроя России от 01.10.2021 № 707/пр, п. 168 | E33: 0.3 | F33: =F32*E33 -> 118.63799
A34: =LARGE(A22:A33,1)+1 -> 7 | B34: Итого | F34: =F32+F33 -> 514.09795
A35: =A34+1 -> 8 | B35: НДС | C35: Федеральный закон от 03.08.2018 № 303-ФЗ | E35: 0.22 | F35: =F34*E35 -> 113.10155
A36: =A35+1 -> 9 | B36: ВСЕГО в текущих ценах | F36: =F34+F35 -> 627.1995

Sheet Лист1

Sheet ЭПБ
A1: Согласовано: | E1: Утверждаю:
A2: =ИД!$B$23 -> 0 | D2: =ИД!$E$23 -> #N/A
A6: ="___________________"&ИД!$B$24 -> ___________________ | D6: ="____________________"&ИД!$E$24 -> ____________________Д.Г. Усенков
A7: м.п. | E7: м.п.
A8: ="«________» ________________ "&YEAR(TODAY()) -> «________» ________________ 2026 | D8: =" "&A8 -> «________» ________________ 2026
A10: ='Свод. см.'!D30
A12: Экспертиза промышленной безопасности
A14: =ИД!$A$3 -> Наименование объекта: | C14: =ИД!$B$3 -> Многоквартирные жилые дома. Этап 3. Этап 4. Жилой дом №4", расположенного по адресу: Российская Федерация, Красноярский край, г. Красноярск, ул. Кутузова, кадастровый номер 24:50:0600031:15100, 24:50:0000000:347853
A15: =ИД!$A$4 -> Шифр: | C15: =ИД!$B$4 -> 0
A16: =ИД!$A$5 -> Стадия проектирования: | C16: =ИД!$B$5 -> Рабочая документация
A17: =ИД!$A$6 -> Наименование проектной организации: | C17: =ИД!$B$6 -> ООО "Сибэнергоэксперт"
A18: =ИД!$A$2 -> Наименование организации заказчика: | C18: =ИД!$B$2 -> ООО "КСК"
A19: =ИД!$A$1 -> Номер договора: | C19: =IF(ISBLANK(ИД!$B$1),"отсутствует",ИД!$B$1) -> отсутствует
A21: № п/п | B21: Вид работ | D21: Основание | E21: Стоимость за единицу, руб. | F21: Общая стоимость, руб.
A22: 1 | B22: Выполнение экспертизы промышленной безопасности | D22: =ИД!I5 -> Договор с ООО "Сибирская экспертная компания" №Сибиац-20/1202 от 29.12.20, приложение №3 | E22: =ИД!H5 -> 0 | F22: =E22 -> 0
A23: 2 | B23: =ИД!O7 -> Ген. подряд | E23: =ИД!P7 -> 0.01 | F23: =ROUND(F22*E23,2) -> 0
A24: 3 | B24: Итого | F24: =SUM(F22:F23) -> 0
A25: 4 | B25: НДС | D25: Федеральный закон от 03.08.2018 № 303-ФЗ | E25: 0.2 | F25: =ROUND(F24*E25,2) -> 0
A26: 5 | B26: ВСЕГО | F26: =ROUND(F24+F25,2) -> 0
A28: =CONCATENATE(ИД!I23," __________ ",ИД!I24) -> Начальник отдела водоснабжения проектного бюро __________

Sheet Эксперт.
A1: Согласовано: | E1: Утверждаю:
A2: =ИД!$B$23 -> 0 | D2: =ИД!$E$23 -> #N/A
A6: ="___________________"&ИД!$B$24 -> ___________________ | D6: ="____________________"&ИД!$E$24 -> ____________________Д.Г. Усенков
A7: м.п. | E7: м.п.
A8: ="«________» ________________ "&YEAR(TODAY()) -> «________» ________________ 2026 | D8: =" "&A8 -> «________» ________________ 2026
A10: ='Свод. см.'!D30
A12: Негосударственная экспертиза проектной документации
A14: =ИД!$A$3 -> Наименование объекта: | C14: =ИД!$B$3 -> Многоквартирные жилые дома. Этап 3. Этап 4. Жилой дом №4", расположенного по адресу: Российская Федерация, Красноярский край, г. Красноярск, ул. Кутузова, кадастровый номер 24:50:0600031:15100, 24:50:0000000:347853
A15: =ИД!$A$4 -> Шифр: | C15: =ИД!$B$4 -> 0
A16: =ИД!$A$5 -> Стадия проектирования: | C16: =ИД!$B$5 -> Рабочая документация
A17: =ИД!$A$6 -> Наименование проектной организации: | C17: =ИД!$B$6 -> ООО "Сибэнергоэксперт"
A18: =ИД!$A$2 -> Наименование организации заказчика: | C18: =ИД!$B$2 -> ООО "КСК"
A19: =ИД!$A$1 -> Номер договора: | C19: =IF(ISBLANK(ИД!$B$1),"отсутствует",ИД!$B$1) -> отсутствует
A21: № п/п | B21: Вид работ | D21: Основание | E21: Стоимость за единицу, руб. | F21: Общая стоимость, руб.
A22: 1 | B22: Выполнение негосударственной экспертизы проектной документации | D22: =ИД!I6 -> Договор с ООО "СибСтройЭксперт" №СибИАЦ-21/1484 от 28.11.2021, п. 4.1 | E22: =ИД!H6 -> 0 | F22: =E22 -> 0
A23: =A22+1 -> 2 | B23: =ИД!O7 -> Ген. подряд | E23: =ИД!P7 -> 0.01 | F23: =ROUND(F22*E23,2) -> 0
A24: =A23+1 -> 3 | B24: Итого | F24: =SUM(F22:F23) -> 0
A25: =A24+1 -> 4 | B25: НДС | D25: ФЗ от 03.08.2018 № 303-ФЗ | E25: 0.2 | F25: =ROUND(F24*E25,2) -> 0
A26: =A25+1 -> 5 | B26: ВСЕГО | F26: =ROUND(F24+F25,2) -> 0
A28: =CONCATENATE(ИД!I23," __________ ",ИД!I24) -> Начальник отдела водоснабжения проектного бюро __________

Sheet Суб.подр.СМ_1
A1: Согласовано: | E1: Утверждаю:
A2: =ИД!$B$23 -> 0 | D2: =ИД!$E$23 -> #N/A
A6: ="___________________"&ИД!$B$24 -> ___________________ | D6: ="____________________"&ИД!$E$24 -> ____________________Д.Г. Усенков
A7: м.п. | E7: м.п.
A8: ="«________» ________________ "&YEAR(TODAY()) -> «________» ________________ 2026 | D8: =" "&A8 -> «________» ________________ 2026
A10: ='Свод. см.'!D31
A12: =ИД!D7 -> Название сметы_1
A14: =ИД!$A$3 -> Наименование объекта: | C14: =ИД!$B$3 -> Многоквартирные жилые дома. Этап 3. Этап 4. Жилой дом №4", расположенного по адресу: Российская Федерация, Красноярский край, г. Красноярск, ул. Кутузова, кадастровый номер 24:50:0600031:15100, 24:50:0000000:347853
A15: =ИД!$A$4 -> Шифр: | C15: =ИД!$B$4 -> 0
A16: =ИД!$A$5 -> Стадия проектирования: | C16: =ИД!$B$5 -> Рабочая документация
A17: =ИД!$A$6 -> Наименование проектной организации: | C17: =ИД!$B$6 -> ООО "Сибэнергоэксперт"
A18: =ИД!$A$2 -> Наименование организации заказчика: | C18: =ИД!$B$2 -> ООО "КСК"
A19: =ИД!$A$1 -> Номер договора: | C19: =IF(ISBLANK(ИД!$B$1),"отсутствует",ИД!$B$1) -> отсутствует
A21: № п/п | B21: Вид работ | D21: Основание | E21: Стоимость за единицу, руб. | F21: Общая стоимость, руб.
A22: 1 | B22: =ИД!F7 -> Наименование работ_1 | D22: =ИД!I7 -> Основание договор/КП/смета_1 | E22: =ИД!H7 -> 0 | F22: =E22 -> 0
A23: 2 | B23: =ИД!O7 -> Ген. подряд | E23: =ИД!P7 -> 0.01 | F23: =ROUND(F22*E23,2) -> 0
A24: 3 | B24: Итого | F24: =SUM(F22:F23) -> 0
A25: 4 | B25: НДС | D25: ФЗ от 03.08.2018 № 303-ФЗ | E25: 0.2 | F25: =ROUND(F24*E25,2) -> 0
A26: 5 | B26: ВСЕГО | F26: =F24+F25 -> 0
A28: =CONCATENATE(ИД!I23," __________ ",ИД!I24) -> Начальник отдела водоснабжения проектного бюро __________

Sheet Суб.подр.СМ_2
A1: Согласовано: | E1: Утверждаю:
A2: =ИД!$B$23 -> 0 | D2: =ИД!$E$23 -> #N/A
A6: ="___________________"&ИД!$B$24 -> ___________________ | D6: ="____________________"&ИД!$E$24 -> ____________________Д.Г. Усенков
A7: м.п. | E7: м.п.
A8: ="«________» ________________ "&YEAR(TODAY()) -> «________» ________________ 2026 | D8: =" "&A8 -> «________» ________________ 2026
A10: ='Свод. см.'!D32
A12: =ИД!D8 -> Название сметы_2
A14: =ИД!$A$3 -> Наименование объекта: | C14: =ИД!$B$3 -> Многоквартирные жилые дома. Этап 3. Этап 4. Жилой дом №4", расположенного по адресу: Российская Федерация, Красноярский край, г. Красноярск, ул. Кутузова, кадастровый номер 24:50:0600031:15100, 24:50:0000000:347853
A15: =ИД!$A$4 -> Шифр: | C15: =ИД!$B$4 -> 0
A16: =ИД!$A$5 -> Стадия проектирования: | C16: =ИД!$B$5 -> Рабочая документация
A17: =ИД!$A$6 -> Наименование проектной организации: | C17: =ИД!$B$6 -> ООО "Сибэнергоэксперт"
A18: =ИД!$A$2 -> Наименование организации заказчика: | C18: =ИД!$B$2 -> ООО "КСК"
A19: =ИД!$A$1 -> Номер договора: | C19: =IF(ISBLANK(ИД!$B$1),"отсутствует",ИД!$B$1) -> отсутствует
A21: № п/п | B21: Вид работ | D21: Основание | E21: Стоимость за единицу, руб. | F21: Общая стоимость, руб.
A22: 1 | B22: =ИД!F8 -> Наименование работ_2 | D22: =ИД!I8 -> Основание договор/КП/смета_2 | E22: =ИД!H8 -> 0 | F22: =E22 -> 0
A23: 2 | B23: =ИД!O7 -> Ген. подряд | E23: =ИД!P7 -> 0.01 | F23: =ROUND(F22*E23,2) -> 0
A24: 3 | B24: Итого | F24: =SUM(F22:F23) -> 0
A25: 4 | B25: НДС | D25: ФЗ от 03.08.2018 № 303-ФЗ | E25: 0.2 | F25: =ROUND(F24*E25,2) -> 0
A26: 5 | B26: ВСЕГО | F26: =F24+F25 -> 0
A28: =CONCATENATE(ИД!I23," __________ ",ИД!I24) -> Начальник отдела водоснабжения проектного бюро __________

Sheet Автор. над.
A1: Согласовано: | G1: Утверждаю:
A2: =ИД!$B$23 -> 0 | F2: =ИД!$E$23 -> #N/A
A6: ="___________________"&ИД!$B$24 -> ___________________ | F6: ="____________________"&ИД!$E$24 -> ____________________Д.Г. Усенков
A7: м.п. | F7: м.п.
A8: ="«________» ________________ "&YEAR(TODAY()) -> «________» ________________ 2026 | F8: ="«________» ________________ "&YEAR(TODAY()) -> «________» ________________ 2026
A10: Смета №1-П
A12: Авторский надзор
A14: Наименование работ - | C14: =CONCATENATE("Выполнение авторского надзора по объекту: ",ИД!B3," , ш. ",ИД!B4) -> Выполнение авторского надзора по объекту: Многоквартирные жилые дома. Этап 3. Этап 4. Жилой дом №4", расположенного по адресу: Российская Федерация, Красноярский край, г. Красноярск, ул. Кутузова, кадастровый номер 24:50:0600031:15100, 24:50:0000000:347853 , ш.
A15: =ИД!$A$4 -> Шифр: | C15: =ИД!$B$4 -> 0
A16: =ИД!$A$5 -> Стадия проектирования: | C16: =A12 -> Авторский надзор
A17: Наименование проектной организации - | C17: =ИД!$B$6 -> ООО "Сибэнергоэксперт"
A18: Наименование организации заказчика - | C18: =ИД!$B$2 -> ООО "КСК"
A19: =ИД!$A$1 -> Номер договора: | C19: =IF(ISBLANK(ИД!$B$1),"отсутствует",ИД!$B$1) -> отсутствует
A21: № п/п | B21: Перечень выполняемых работ | C21: Исполнитель | E21: Кол-во дней | F21: Стоимость 1 чел/д, руб | G21: Итого стоимость чел/д, руб | H21: Итого (трудозатраты, чел/д, сумма руб)
C22: Кол-во | D22: Должность
A23: 1 | B23: 2 | C23: 3 | D23: 4 | E23: 5 | F23: 6 | G23: 7 | H23: 8
A24: 1 | B24: Авторский надзор | C24: 1 | D24: ГИП | E24: 1 | F24: =IF(D24=0,"",VLOOKUP(D24,Трудозатраты!$B$9:$I$16,8,FALSE)) -> 7122 | G24: =IF(D24=0,"",H24*F24) -> 7122 | H24: =IF(D24=0,"",E24*C24) -> 1
C25: 1 | D25: Начальник отдела | E25: 1 | F25: =IF(D25=0,"",VLOOKUP(D25,Трудозатраты!$B$9:$I$16,8,FALSE)) -> 7122 | G25: =IF(D25=0,"",H25*F25) -> 7122 | H25: =IF(D25=0,"",E25*C25) -> 1
C26: 1 | D26: Начальник сектора | E26: 1 | F26: =IF(D26=0,"",VLOOKUP(D26,Трудозатраты!$B$9:$I$16,8,FALSE)) -> 5639 | G26: =IF(D26=0,"",H26*F26) -> 5639 | H26: =IF(D26=0,"",E26*C26) -> 1
C27: 1 | D27: Главный специалист | E27: 1 | F27: =IF(D27=0,"",VLOOKUP(D27,Трудозатраты!$B$9:$I$16,8,FALSE)) -> 5639 | G27: =IF(D27=0,"",H27*F27) -> 5639 | H27: =IF(D27=0,"",E27*C27) -> 1
C28: 1 | D28: Ведущий инженер | E28: 1 | F28: =IF(D28=0,"",VLOOKUP(D28,Трудозатраты!$B$9:$I$16,8,FALSE)) -> 4651 | G28: =IF(D28=0,"",H28*F28) -> 4651 | H28: =IF(D28=0,"",E28*C28) -> 1
C29: 1 | D29: Инженер 1 категории | E29: 1 | F29: =IF(D29=0,"",VLOOKUP(D29,Трудозатраты!$B$9:$I$16,8,FALSE)) -> 4104 | G29: =IF(D29=0,"",H29*F29) -> 4104 | H29: =IF(D29=0,"",E29*C29) -> 1
C30: 1 | D30: Инженер 2 категории | E30: 1 | F30: =IF(D30=0,"",VLOOKUP(D30,Трудозатраты!$B$9:$I$16,8,FALSE)) -> 3434 | G30: =IF(D30=0,"",H30*F30) -> 3434 | H30: =IF(D30=0,"",E30*C30) -> 1
C31: 1 | D31: Инженер | E31: 1 | F31: =IF(D31=0,"",VLOOKUP(D31,Трудозатраты!$B$9:$I$16,8,FALSE)) -> 2975 | G31: =IF(D31=0,"",H31*F31) -> 2975 | H31: =IF(D31=0,"",E31*C31) -> 1
A32: 2 | B32: Всего трудозатрат, чел/д | H32: =SUM(H24:H31) -> 8
A33: 3 | B33: Всего заработная плата, руб | H33: =SUM(G24:G31) -> 40686
A34: 4 | B34: =Трудозатраты!B26 -> Величина страховых взносов на заработную плату | C34: =Трудозатраты!C26 -> 0.3 | H34: =ROUND(H33*C34,2) -> 12205.8
A35: 5 | B35: =Трудозатраты!B27 -> Уровень накладных расходов | C35: =Трудозатраты!C27 -> 0.61 | H35: =ROUND(H33*C35,2) -> 24818.46
A36: 6 | B36: Итого стоимость работ | H36: =ROUND(SUM(H33:H35),2) -> 77710.26
A37: 7 | B37: =Трудозатраты!B29 -> Уровень рентабельности | C37: =Трудозатраты!C29 -> 0.035 | H37: =ROUND(H36*C37,2) -> 2719.86
A38: 8 | B38: Итого стоимость работы | H38: =ROUND(H36+H37,2) -> 80430.12
A39: 9 | B39: НДС | C39: Федеральный закон от 03.08.2018 N 303-ФЗ | G39: 0.2 | H39: =ROUND(H38*G39,2) -> 16086.02
A40: 10 | B40: ВСЕГО | H40: =ROUND(H38+H39,2) -> 96516.14
B42: Главный инженер проекта | G42: А.Л. Фомюк
B44: Ведущий специалист планово-производственного сектора | G44: О.Н. Мельникова

Sheet Распред._Автор. над.
D1: Утверждаю:
D2: =ИД!$B$23 -> 0
D3: ="___________________"&ИД!$B$24 -> ___________________
A5: Распределение объёма работ по отделам
A14: =ИД!A3 -> Наименование объекта: | B14: =ИД!B3 -> Многоквартирные жилые дома. Этап 3. Этап 4. Жилой дом №4", расположенного по адресу: Российская Федерация, Красноярский край, г. Красноярск, ул. Кутузова, кадастровый номер 24:50:0600031:15100, 24:50:0000000:347853
A15: =ИД!A4 -> Шифр: | B15: =ИД!B4 -> 0
A16: ='Автор. над.'!A16:B16 -> Стадия проектирования: | B16: ='Автор. над.'!B24 -> Авторский надзор
A17: =ИД!A2 -> Наименование организации заказчика: | B17: =ИД!B2 -> ООО "КСК"
A18: =ИД!A1 -> Номер договора: | B18: =ИД!B1 -> 0
A20: Отделы | C20: Объем работ на отдел, % | E20: Сумма к распределению в отдел, руб | F20: Сумма по договору, руб без НДС | G20: Подпись начальника отдела/сектора | H20: =1-SUM(C21:C25) -> 0
A21: КрОСП Тепломеханический отдел | C21: =IF($B$16=списки!$G$36,0.42,0.4)-_xlfn.CEILING.PRECISE(C23/2,0.01) -> 0.4 | E21: =IF(C21*$F$21=0,"",C21*$F$21) -> 32172.048 | F21: ='Автор. над.'!H38 -> 80430.12
A22: КрОСП Архитектурно-строительный отдел | C22: =IF($B$16=списки!$G$36,0.38,0.38)-_xlfn.FLOOR.PRECISE(C23/2,0.01) -> 0.38 | E22: =IF(C22*$F$21=0,"",C22*$F$21) -> 30563.446
A23: КрОСП Отдел автоматизации и электротехники | C23: =IF(OR(AND(ИД!A11=списки!C41,ИД!B11>=500),AND(ИД!A11=списки!C42,ИД!B11>=500),AND(ИД!A11=списки!C43,ИД!B11>=500)),0.01,0) -> 0 | E23: =IF(C23*$F$21=0,"",C23*$F$21)
A24: КрОСП Отдел разработки специальных разделов проектов | C24: =IF($B$16=списки!$G$36,0.12,0.1) -> 0.1 | E24: =IF(C24*$F$21=0,"",C24*$F$21) -> 8043.012
A25: КрОСП Сметный сектор | C25: =IF($B$16=списки!$G$36,0.08,0.12) -> 0.12 | E25: =IF(C25*$F$21=0,"",C25*$F$21) -> 9651.6144
A27: =CONCATENATE(ИД!I23," __________ ",ИД!I24) -> Начальник отдела водоснабжения проектного бюро __________

Sheet Доп.см_Труд.зат.
A1: Согласовано: | G1: Утверждаю:
A2: =ИД!$B$23 -> 0 | F2: =ИД!$E$23 -> #N/A
A6: ="___________________"&ИД!$B$24 -> ___________________ | F6: ="____________________"&ИД!$E$24 -> ____________________Д.Г. Усенков
A7: м.п. | F7: м.п.
A8: ="«________» ________________ "&YEAR(TODAY()) -> «________» ________________ 2026 | F8: ="«________» ________________ "&YEAR(TODAY()) -> «________» ________________ 2026
A10: Смета №1
A12: Внесение изменения
A14: =ИД!$A$3 -> Наименование объекта: | C14: =ИД!$B$3 -> Многоквартирные жилые дома. Этап 3. Этап 4. Жилой дом №4", расположенного по адресу: Российская Федерация, Красноярский край, г. Красноярск, ул. Кутузова, кадастровый номер 24:50:0600031:15100, 24:50:0000000:347853
A15: =ИД!$A$4 -> Шифр: | C15: =ИД!$B$4 -> 0
A16: Наименование работ | C16: =A12 -> Внесение изменения
A17: =ИД!$A$6 -> Наименование проектной организации: | C17: =ИД!$B$6 -> ООО "Сибэнергоэксперт"
A18: =ИД!$A$2 -> Наименование организации заказчика: | C18: =ИД!$B$2 -> ООО "КСК"
A19: =ИД!$A$1 -> Номер договора: | C19: =IF(ISBLANK(ИД!$B$1),"отсутствует",ИД!$B$1) -> отсутствует
A21: № п/п | B21: Перечень выполняемых работ | C21: Исполнитель | E21: Кол-во дней | F21: Стоимость 1 чел/д, руб | G21: Итого стоимость чел/д, руб | H21: Итого (трудозатраты, чел/д, сумма руб)
C22: Кол-во | D22: Должность
A23: 1 | B23: 2 | C23: 3 | D23: 4 | E23: 5 | F23: 6 | G23: 7 | H23: 8
A24: 1 | B24: Изменение разделов ХХ, ХХ, ХХ | C24: 2 | D24: ГИП | E24: 1 | F24: =IF(D24=0,"",VLOOKUP(D24,Трудозатраты!$B$9:$I$16,8,FALSE)) -> 7122 | G24: =IF(D24=0,"",H24*F24) -> 14244 | H24: =IF(D24=0,"",E24*C24) -> 2
C25: 2 | D25: Начальник отдела | E25: 1 | F25: =IF(D25=0,"",VLOOKUP(D25,Трудозатраты!$B$9:$I$16,8,FALSE)) -> 7122 | G25: =IF(D25=0,"",H25*F25) -> 14244 | H25: =IF(D25=0,"",E25*C25) -> 2
C26: 2 | D26: Начальник сектора | E26: 1 | F26: =IF(D26=0,"",VLOOKUP(D26,Трудозатраты!$B$9:$I$16,8,FALSE)) -> 5639 | G26: =IF(D26=0,"",H26*F26) -> 11278 | H26: =IF(D26=0,"",E26*C26) -> 2
C27: 2 | D27: Главный специалист | E27: 1 | F27: =IF(D27=0,"",VLOOKUP(D27,Трудозатраты!$B$9:$I$16,8,FALSE)) -> 5639 | G27: =IF(D27=0,"",H27*F27) -> 11278 | H27: =IF(D27=0,"",E27*C27) -> 2
C28: 2 | D28: Ведущий инженер | E28: 1 | F28: =IF(D28=0,"",VLOOKUP(D28,Трудозатраты!$B$9:$I$16,8,FALSE)) -> 4651 | G28: =IF(D28=0,"",H28*F28) -> 9302 | H28: =IF(D28=0,"",E28*C28) -> 2
C29: 2 | D29: Инженер 1 категории | E29: 1 | F29: =IF(D29=0,"",VLOOKUP(D29,Трудозатраты!$B$9:$I$16,8,FALSE)) -> 4104 | G29: =IF(D29=0,"",H29*F29) -> 8208 | H29: =IF(D29=0,"",E29*C29) -> 2
C30: 2 | D30: Инженер 2 категории | E30: 1 | F30: =IF(D30=0,"",VLOOKUP(D30,Трудозатраты!$B$9:$I$16,8,FALSE)) -> 3434 | G30: =IF(D30=0,"",H30*F30) -> 6868 | H30: =IF(D30=0,"",E30*C30) -> 2
C31: 2 | D31: Инженер | E31: 1 | F31: =IF(D31=0,"",VLOOKUP(D31,Трудозатраты!$B$9:$I$16,8,FALSE)) -> 2975 | G31: =IF(D31=0,"",H31*F31) -> 5950 | H31: =IF(D31=0,"",E31*C31) -> 2
A32: 2 | B32: Всего трудозатрат, чел/д | H32: =SUM(H24:H31) -> 16
A33: 3 | B33: Всего заработная плата, руб | H33: =SUM(G24:G31) -> 81372
A34: 4 | B34: =Трудозатраты!B26 -> Величина страховых взносов на заработную плату | C34: =Трудозатраты!C26 -> 0.3 | H34: =ROUND(H33*C34,2) -> 24411.6
A35: 5 | B35: =Трудозатраты!B27 -> Уровень накладных расходов | C35: =Трудозатраты!C27 -> 0.61 | H35: =ROUND(H33*C35,2) -> 49636.92
A36: 6 | B36: Итого стоимость работ | H36: =ROUND(SUM(H33:H35),2) -> 155420.52
A37: 7 | B37: =Трудозатраты!B29 -> Уровень рентабельности | C37: =Трудозатраты!C29 -> 0.035 | H37: =ROUND(H36*C37,2) -> 5439.72
A38: 8 | B38: Итого стоимость работы | H38: =ROUND(H36+H37,2) -> 160860.24
A39: 9 | B39: НДС | C39: Федеральный закон от 03.08.2018 N 303-ФЗ | G39: 0.2 | H39: =ROUND(H38*G39,2) -> 32172.05
A40: 10 | B40: ВСЕГО | H40: =ROUND(H38+H39,2) -> 193032.29
B42: Главный инженер проекта | G42: А.Л. Фомюк
B44: Ведущий специалист планово-производственного сектора | G44: О.Н. Мельникова

Sheet Распред_Труд.зат.
D1: Утверждаю:
D2: =ИД!$B$23 -> 0
D3: ="___________________"&ИД!$B$24 -> ___________________
A5: Распределение объёма работ по отделам
A14: =ИД!A3 -> Наименование объекта: | B14: =ИД!B3 -> Многоквартирные жилые дома. Этап 3. Этап 4. Жилой дом №4", расположенного по адресу: Российская Федерация, Красноярский край, г. Красноярск, ул. Кутузова, кадастровый номер 24:50:0600031:15100, 24:50:0000000:347853
A15: =ИД!A4 -> Шифр: | B15: =ИД!B4 -> 0
A16: =Доп.см_Труд.зат.!A16:B16 -> Наименование работ | B16: =Доп.см_Труд.зат.!B24 -> Изменение разделов ХХ, ХХ, ХХ
A17: =ИД!A2 -> Наименование организации заказчика: | B17: =ИД!B2 -> ООО "КСК"
A18: =ИД!A1 -> Номер договора: | B18: =ИД!B1 -> 0
A20: Отделы | C20: Объем работ на отдел, % | E20: Сумма к распределению в отдел, руб | F20: Сумма по договору, руб без НДС | G20: Подпись начальника отдела/сектора | H20: =1-SUM(C21:C25) -> 0
A21: КрОСП Тепломеханический отдел | C21: =IF($B$16=списки!$G$36,0.42,0.4)-_xlfn.CEILING.PRECISE(C23/2,0.01) -> 0.4 | E21: =IF(C21*$F$21=0,"",C21*$F$21) -> 64344.096 | F21: =Доп.см_Труд.зат.!H38 -> 160860.24
A22: КрОСП Архитектурно-строительный отдел | C22: =IF($B$16=списки!$G$36,0.38,0.38)-_xlfn.FLOOR.PRECISE(C23/2,0.01) -> 0.38 | E22: =IF(C22*$F$21=0,"",C22*$F$21) -> 61126.891
A23: КрОСП Отдел автоматизации и электротехники | C23: =IF(OR(AND(ИД!A11=списки!C41,ИД!B11>=500),AND(ИД!A11=списки!C42,ИД!B11>=500),AND(ИД!A11=списки!C43,ИД!B11>=500)),0.01,0) -> 0 | E23: =IF(C23*$F$21=0,"",C23*$F$21)
A24: КрОСП Отдел разработки специальных разделов проектов | C24: =IF($B$16=списки!$G$36,0.12,0.1) -> 0.1 | E24: =IF(C24*$F$21=0,"",C24*$F$21) -> 16086.024
A25: КрОСП Сметный сектор | C25: =IF($B$16=списки!$G$36,0.08,0.12) -> 0.12 | E25: =IF(C25*$F$21=0,"",C25*$F$21) -> 19303.229
A27: =CONCATENATE(ИД!I23," __________ ",ИД!I24) -> Начальник отдела водоснабжения проектного бюро __________

Sheet архив_норма_ПИР_Труд.зат.
A1: Согласовано: | G1: Утверждаю:
A2: =ИД!$B$23 -> 0 | F2: =ИД!$E$23 -> #N/A
A6: ="___________________"&ИД!$B$24 -> ___________________ | F6: ="____________________"&ИД!$E$24 -> ____________________Д.Г. Усенков
A7: м.п. | F7: м.п.
A8: ="«________» ________________ "&YEAR(TODAY()) -> «________» ________________ 2026 | F8: ="«________» ________________ "&YEAR(TODAY()) -> «________» ________________ 2026
A10: ='Свод. см.'!D29
A12: ="Проектные работы"&IF(ISBLANK(ИД!$N$6),""," ("&ИД!$L$6&")") -> Проектные работы
A14: =ИД!$A$3 -> Наименование объекта: | C14: =ИД!$B$3 -> Многоквартирные жилые дома. Этап 3. Этап 4. Жилой дом №4", расположенного по адресу: Российская Федерация, Красноярский край, г. Красноярск, ул. Кутузова, кадастровый номер 24:50:0600031:15100, 24:50:0000000:347853
A15: =ИД!$A$4 -> Шифр: | C15: =ИД!$B$4 -> 0
A16: =ИД!$A$5 -> Стадия проектирования: | C16: =ИД!$B$5 -> Рабочая документация
A17: =ИД!$A$6 -> Наименование проектной организации: | C17: =ИД!$B$6 -> ООО "Сибэнергоэксперт"
A18: =ИД!$A$2 -> Наименование организации заказчика: | C18: =ИД!$B$2 -> ООО "КСК"
A19: =ИД!$A$1 -> Номер договора: | C19: =IF(ISBLANK(ИД!$B$1),"отсутствует",ИД!$B$1) -> отсутствует
A21: № п/п | B21: Перечень выполняемых работ | C21: Исполнитель | E21: Кол-во дней | F21: Стоимость 1 чел/д, руб | G21: Итого стоимость чел/д, руб | H21: Итого (трудозатраты, чел/д, сумма руб)
C22: Кол-во | D22: Должность
A23: 1 | B23: 2 | C23: 3 | D23: 4 | E23: 5 | F23: 6 | G23: 7 | H23: 8
A24: 1 | B24: =ИД!B5 -> Рабочая документация | C24: 1 | D24: ГИП | F24: =IF(D24=0,"",VLOOKUP(D24,Трудозатраты!$B$9:$I$16,8,FALSE)) -> 7122 | G24: =IF(D24=0,"",H24*F24) -> 0 | H24: =IF(D24=0,"",E24*C24) -> 0
C25: 1 | D25: Начальник отдела | F25: =IF(D25=0,"",VLOOKUP(D25,Трудозатраты!$B$9:$I$16,8,FALSE)) -> 7122 | G25: =IF(D25=0,"",H25*F25) -> 0 | H25: =IF(D25=0,"",E25*C25) -> 0
C26: 1 | D26: Начальник сектора | F26: =IF(D26=0,"",VLOOKUP(D26,Трудозатраты!$B$9:$I$16,8,FALSE)) -> 5639 | G26: =IF(D26=0,"",H26*F26) -> 0 | H26: =IF(D26=0,"",E26*C26) -> 0
C27: 1 | D27: Главный специалист | F27: =IF(D27=0,"",VLOOKUP(D27,Трудозатраты!$B$9:$I$16,8,FALSE)) -> 5639 | G27: =IF(D27=0,"",H27*F27) -> 0 | H27: =IF(D27=0,"",E27*C27) -> 0
C28: 1 | D28: Ведущий инженер | F28: =IF(D28=0,"",VLOOKUP(D28,Трудозатраты!$B$9:$I$16,8,FALSE)) -> 4651 | G28: =IF(D28=0,"",H28*F28) -> 0 | H28: =IF(D28=0,"",E28*C28) -> 0
C29: 1 | D29: Инженер 1 категории | F29: =IF(D29=0,"",VLOOKUP(D29,Трудозатраты!$B$9:$I$16,8,FALSE)) -> 4104 | G29: =IF(D29=0,"",H29*F29) -> 0 | H29: =IF(D29=0,"",E29*C29) -> 0
C30: 1 | D30: Инженер 2 категории | F30: =IF(D30=0,"",VLOOKUP(D30,Трудозатраты!$B$9:$I$16,8,FALSE)) -> 3434 | G30: =IF(D30=0,"",H30*F30) -> 0 | H30: =IF(D30=0,"",E30*C30) -> 0
C31: 1 | D31: Инженер | F31: =IF(D31=0,"",VLOOKUP(D31,Трудозатраты!$B$9:$I$16,8,FALSE)) -> 2975 | G31: =IF(D31=0,"",H31*F31) -> 0 | H31: =IF(D31=0,"",E31*C31) -> 0
A32: 2 | B32: Всего трудозатрат, чел/д | H32: =SUM(H24:H31) -> 0
A33: 3 | B33: Всего заработная плата, руб | H33: =SUM(G24:G31) -> 0
A34: 4 | B34: =Трудозатраты!B26 -> Величина страховых взносов на заработную плату | C34: =Трудозатраты!C26 -> 0.3 | H34: =ROUND(H33*C34,2) -> 0
A35: 5 | B35: =Трудозатраты!B27 -> Уровень накладных расходов | C35: =Трудозатраты!C27 -> 0.61 | H35: =ROUND(H33*C35,2) -> 0
A36: 6 | B36: Итого стоимость работ | H36: =ROUND(SUM(H33:H35),2) -> 0
A37: 7 | B37: =Трудозатраты!B29 -> Уровень рентабельности | C37: =Трудозатраты!C29 -> 0.035 | H37: =ROUND(H36*C37,2) -> 0
A38: 8 | B38: Итого стоимость работы | H38: =ROUND(H36+H37,2) -> 0
A39: 9 | B39: НДС | C39: Федеральный закон от 03.08.2018 N 303-ФЗ | G39: 0.2 | H39: =ROUND(H38*G39,2) -> 0
A40: 10 | B40: ВСЕГО | H40: =ROUND(H38+H39,2) -> 0
B42: Главный инженер проекта | G42: А.Л. Фомюк
B44: Ведущий специалист планово-производственного сектора | G44: О.Н. Мельникова

Sheet архив_норма_Автор. над.
A1: Согласовано: | G1: Утверждаю:
A2: =ИД!$B$23 -> 0 | F2: =ИД!$E$23 -> #N/A
A6: ="___________________"&ИД!$B$24 -> ___________________ | F6: ="____________________"&ИД!$E$24 -> ____________________Д.Г. Усенков
A7: м.п. | F7: м.п.
A8: ="«________» ________________ "&YEAR(TODAY()) -> «________» ________________ 2026 | F8: ="«________» ________________ "&YEAR(TODAY()) -> «________» ________________ 2026
A10: Смета №1-П
A12: Авторский надзор
A14: =ИД!$A$3 -> Наименование объекта: | C14: =ИД!$B$3 -> Многоквартирные жилые дома. Этап 3. Этап 4. Жилой дом №4", расположенного по адресу: Российская Федерация, Красноярский край, г. Красноярск, ул. Кутузова, кадастровый номер 24:50:0600031:15100, 24:50:0000000:347853
A15: =ИД!$A$4 -> Шифр: | C15: =ИД!$B$4 -> 0
A16: Наименование работ | C16: =A12 -> Авторский надзор
A17: =ИД!$A$6 -> Наименование проектной организации: | C17: =ИД!$B$6 -> ООО "Сибэнергоэксперт"
A18: =ИД!$A$2 -> Наименование организации заказчика: | C18: =ИД!$B$2 -> ООО "КСК"
A19: =ИД!$A$1 -> Номер договора: | C19: =IF(ISBLANK(ИД!$B$1),"отсутствует",ИД!$B$1) -> отсутствует
A21: № п/п | B21: Перечень выполняемых работ | C21: Исполнитель | E21: Кол-во дней | F21: Стоимость 1 чел/д, руб | G21: Итого стоимость чел/д, руб | H21: Итого (трудозатраты, чел/д, сумма руб)
C22: Кол-во | D22: Должность
A23: 1 | B23: 2 | C23: 3 | D23: 4 | E23: 5 | F23: 6 | G23: 7 | H23: 8
A24: 1 | B24: =CONCATENATE("Ведение авторского надзора за строительством объекта: «",C14,"»") -> Ведение авторского надзора за строительством объекта: «Многоквартирные жилые дома. Этап 3. Этап 4. Жилой дом №4", расположенного по адресу: Российская Федерация, Красноярский край, г. Красноярск, ул. Кутузова, кадастровый номер 24:50:0600031:15100, 24:50:0000000:347853» | C24: 1 | D24: ГИП | E24: 1 | F24: =IF(D24=0,"",VLOOKUP(D24,Трудозатраты!$B$9:$I$16,8,FALSE)) -> 7122 | G24: =IF(D24=0,"",H24*F24) -> 7122 | H24: =IF(D24=0,"",E24*C24) -> 1
C25: 1 | D25: Начальник отдела | E25: 1 | F25: =IF(D25=0,"",VLOOKUP(D25,Трудозатраты!$B$9:$I$16,8,FALSE)) -> 7122 | G25: =IF(D25=0,"",H25*F25) -> 7122 | H25: =IF(D25=0,"",E25*C25) -> 1
C26: 1 | D26: Начальник сектора | E26: 1 | F26: =IF(D26=0,"",VLOOKUP(D26,Трудозатраты!$B$9:$I$16,8,FALSE)) -> 5639 | G26: =IF(D26=0,"",H26*F26) -> 5639 | H26: =IF(D26=0,"",E26*C26) -> 1
C27: 1 | D27: Главный специалист | E27: 1 | F27: =IF(D27=0,"",VLOOKUP(D27,Трудозатраты!$B$9:$I$16,8,FALSE)) -> 5639 | G27: =IF(D27=0,"",H27*F27) -> 5639 | H27: =IF(D27=0,"",E27*C27) -> 1
C28: 1 | D28: Ведущий инженер | E28: 1 | F28: =IF(D28=0,"",VLOOKUP(D28,Трудозатраты!$B$9:$I$16,8,FALSE)) -> 4651 | G28: =IF(D28=0,"",H28*F28) -> 4651 | H28: =IF(D28=0,"",E28*C28) -> 1
C29: 1 | D29: Инженер 1 категории | E29: 1 | F29: =IF(D29=0,"",VLOOKUP(D29,Трудозатраты!$B$9:$I$16,8,FALSE)) -> 4104 | G29: =IF(D29=0,"",H29*F29) -> 4104 | H29: =IF(D29=0,"",E29*C29) -> 1
C30: 1 | D30: Инженер 2 категории | E30: 1 | F30: =IF(D30=0,"",VLOOKUP(D30,Трудозатраты!$B$9:$I$16,8,FALSE)) -> 3434 | G30: =IF(D30=0,"",H30*F30) -> 3434 | H30: =IF(D30=0,"",E30*C30) -> 1
C31: 1 | D31: Инженер | E31: 1 | F31: =IF(D31=0,"",VLOOKUP(D31,Трудозатраты!$B$9:$I$16,8,FALSE)) -> 2975 | G31: =IF(D31=0,"",H31*F31) -> 2975 | H31: =IF(D31=0,"",E31*C31) -> 1
A32: 2 | B32: Всего трудозатрат, чел/д | H32: =SUM(H24:H31) -> 8
A33: 3 | B33: Всего заработная плата, руб | H33: =SUM(G24:G31) -> 40686
A34: 4 | B34: =Трудозатраты!B26 -> Величина страховых взносов на заработную плату | C34: =Трудозатраты!C26 -> 0.3 | H34: =ROUND(H33*C34,2) -> 12205.8
A35: 5 | B35: =Трудозатраты!B27 -> Уровень накладных расходов | C35: =Трудозатраты!C27 -> 0.61 | H35: =ROUND(H33*C35,2) -> 24818.46
A36: 6 | B36: Итого стоимость работ | H36: =ROUND(SUM(H33:H35),2) -> 77710.26
A37: 7 | B37: =Трудозатраты!B29 -> Уровень рентабельности | C37: =Трудозатраты!C29 -> 0.035 | H37: =ROUND(H36*C37,2) -> 2719.86
A38: 8 | B38: Итого стоимость работы | H38: =ROUND(H36+H37,2) -> 80430.12
A39: 9 | B39: НДС | C39: Федеральный закон от 03.08.2018 N 303-ФЗ | G39: 0.2 | H39: =ROUND(H38*G39,2) -> 16086.02
A40: 10 | B40: ВСЕГО | H40: =ROUND(H38+H39,2) -> 96516.14
B42: Главный инженер проекта | G42: А.Л. Фомюк
B44: Ведущий специалист планово-производственного сектора | G44: О.Н. Мельникова

Sheet архив_норДоп.см_Труд.зат._1
A1: Согласовано: | G1: Утверждаю:
A2: =ИД!$B$23 -> 0 | F2: =ИД!$E$23 -> #N/A
A6: ="___________________"&ИД!$B$24 -> ___________________ | F6: ="____________________"&ИД!$E$24 -> ____________________Д.Г. Усенков
A7: м.п. | F7: м.п.
A8: ="«________» ________________ "&YEAR(TODAY()) -> «________» ________________ 2026 | F8: ="«________» ________________ "&YEAR(TODAY()) -> «________» ________________ 2026
A10: Смета №1
A12: Внесение изменения
A14: =ИД!$A$3 -> Наименование объекта: | C14: =ИД!$B$3 -> Многоквартирные жилые дома. Этап 3. Этап 4. Жилой дом №4", расположенного по адресу: Российская Федерация, Красноярский край, г. Красноярск, ул. Кутузова, кадастровый номер 24:50:0600031:15100, 24:50:0000000:347853
A15: =ИД!$A$4 -> Шифр: | C15: =ИД!$B$4 -> 0
A16: Наименование работ | C16: =A12 -> Внесение изменения
A17: =ИД!$A$6 -> Наименование проектной организации: | C17: =ИД!$B$6 -> ООО "Сибэнергоэксперт"
A18: =ИД!$A$2 -> Наименование организации заказчика: | C18: =ИД!$B$2 -> ООО "КСК"
A19: =ИД!$A$1 -> Номер договора: | C19: =IF(ISBLANK(ИД!$B$1),"отсутствует",ИД!$B$1) -> отсутствует
A21: № п/п | B21: Перечень выполняемых работ | C21: Исполнитель | E21: Кол-во дней | F21: Стоимость 1 чел/д, руб | G21: Итого стоимость чел/д, руб | H21: Итого (трудозатраты, чел/д, сумма руб)
C22: Кол-во | D22: Должность
A23: 1 | B23: 2 | C23: 3 | D23: 4 | E23: 5 | F23: 6 | G23: 7 | H23: 8
A24: 1 | B24: Изменение разделов ХХ, ХХ, ХХ | C24: 2 | D24: ГИП | E24: 1 | F24: =IF(D24=0,"",VLOOKUP(D24,Трудозатраты!$B$9:$I$16,8,FALSE)) -> 7122 | G24: =IF(D24=0,"",H24*F24) -> 14244 | H24: =IF(D24=0,"",E24*C24) -> 2
C25: 2 | D25: Начальник отдела | E25: 1 | F25: =IF(D25=0,"",VLOOKUP(D25,Трудозатраты!$B$9:$I$16,8,FALSE)) -> 7122 | G25: =IF(D25=0,"",H25*F25) -> 14244 | H25: =IF(D25=0,"",E25*C25) -> 2
C26: 2 | D26: Начальник сектора | E26: 1 | F26: =IF(D26=0,"",VLOOKUP(D26,Трудозатраты!$B$9:$I$16,8,FALSE)) -> 5639 | G26: =IF(D26=0,"",H26*F26) -> 11278 | H26: =IF(D26=0,"",E26*C26) -> 2
C27: 2 | D27: Главный специалист | E27: 1 | F27: =IF(D27=0,"",VLOOKUP(D27,Трудозатраты!$B$9:$I$16,8,FALSE)) -> 5639 | G27: =IF(D27=0,"",H27*F27) -> 11278 | H27: =IF(D27=0,"",E27*C27) -> 2
C28: 2 | D28: Ведущий инженер | E28: 1 | F28: =IF(D28=0,"",VLOOKUP(D28,Трудозатраты!$B$9:$I$16,8,FALSE)) -> 4651 | G28: =IF(D28=0,"",H28*F28) -> 9302 | H28: =IF(D28=0,"",E28*C28) -> 2
C29: 2 | D29: Инженер 1 категории | E29: 1 | F29: =IF(D29=0,"",VLOOKUP(D29,Трудозатраты!$B$9:$I$16,8,FALSE)) -> 4104 | G29: =IF(D29=0,"",H29*F29) -> 8208 | H29: =IF(D29=0,"",E29*C29) -> 2
C30: 2 | D30: Инженер 2 категории | E30: 1 | F30: =IF(D30=0,"",VLOOKUP(D30,Трудозатраты!$B$9:$I$16,8,FALSE)) -> 3434 | G30: =IF(D30=0,"",H30*F30) -> 6868 | H30: =IF(D30=0,"",E30*C30) -> 2
C31: 2 | D31: Инженер | E31: 1 | F31: =IF(D31=0,"",VLOOKUP(D31,Трудозатраты!$B$9:$I$16,8,FALSE)) -> 2975 | G31: =IF(D31=0,"",H31*F31) -> 5950 | H31: =IF(D31=0,"",E31*C31) -> 2
A32: 2 | B32: Всего трудозатрат, чел/д | H32: =SUM(H24:H31) -> 16
A33: 3 | B33: Всего заработная плата, руб | H33: =SUM(G24:G31) -> 81372
A34: 4 | B34: =Трудозатраты!B26 -> Величина страховых взносов на заработную плату | C34: =Трудозатраты!C26 -> 0.3 | H34: =ROUND(H33*C34,2) -> 24411.6
A35: 5 | B35: =Трудозатраты!B27 -> Уровень накладных расходов | C35: =Трудозатраты!C27 -> 0.61 | H35: =ROUND(H33*C35,2) -> 49636.92
A36: 6 | B36: Итого стоимость работ | H36: =ROUND(SUM(H33:H35),2) -> 155420.52
A37: 7 | B37: =Трудозатраты!B29 -> Уровень рентабельности | C37: =Трудозатраты!C29 -> 0.035 | H37: =ROUND(H36*C37,2) -> 5439.72
A38: 8 | B38: Итого стоимость работы | H38: =ROUND(H36+H37,2) -> 160860.24
A39: 9 | B39: НДС | C39: Федеральный закон от 03.08.2018 N 303-ФЗ | G39: 0.2 | H39: =ROUND(H38*G39,2) -> 32172.05
A40: 10 | B40: ВСЕГО | H40: =ROUND(H38+H39,2) -> 193032.29
B42: Главный инженер проекта | G42: А.Л. Фомюк
B44: Ведущий специалист планово-производственного сектора | G44: О.Н. Мельникова

Sheet Трудозатраты
A2: Исходные данные по Красноярскому проектному отделению ОСП Сибирьэнергопроект для расчётов смет по трудозатратам на 2022 год (Приказ №СибИАЦ/161 от 25.04.2022)
A4: 1. | B4: Фонд оплаты труда
A5: № п/п | B5: Наименование должностей | C5: Оклад | D5: Премия | E5: Районный коэффициент 30% | F5: Северная надбавка 30% | G5: Итого ФОТ | H5: Стоимость одного человека дня | I5: Фонд оплаты труда одного человеко- дня по должностям | J5: Примечание
I7: руб/чел.дн.
A8: 1 | B8: 2 | C8: 3 | D8: 4 | E8: 5 | F8: 6 | G8: 7 | H8: 8 | I8: 9
A9: 1 | B9: ГИП | C9: 45808 | D9: =C9*1 -> 45808 | E9: =(C9+D9)*0.3 -> 27484.8 | F9: =(C9+D9)*0.3 -> 27484.8 | G9: =SUM(C9:F9) -> 146585.6 | H9: =ROUND(G9/$C$25,0) -> 7122 | I9: =H9 -> 7122
A10: 2 | B10: Начальник отдела | C10: 45808.365 | D10: =C10*1 -> 45808.365 | E10: =(C10+D10)*0.3 -> 27485.019 | F10: =(C10+D10)*0.3 -> 27485.019 | G10: =SUM(C10:F10) -> 146586.77 | H10: =ROUND(G10/$C$25,0) -> 7122 | I10: =H10 -> 7122
A11: 3 | B11: Главный специалист | C11: 36274.365 | D11: =C11*1 -> 36274.365 | E11: =(C11+D11)*0.3 -> 21764.619 | F11: =(C11+D11)*0.3 -> 21764.619 | G11: =SUM(C11:F11) -> 116077.97 | H11: =ROUND(G11/$C$25,0) -> 5639 | I11: =H11 -> 5639
A12: 4 | B12: Начальник сектора | C12: 36274.365 | D12: =C12*1 -> 36274.365 | E12: =(C12+D12)*0.3 -> 21764.619 | F12: =(C12+D12)*0.3 -> 21764.619 | G12: =SUM(C12:F12) -> 116077.97 | H12: =ROUND(G12/$C$25,0) -> 5639 | I12: =H12 -> 5639
A13: 5 | B13: Ведущий инженер | C13: 29918.365 | D13: =C13*1 -> 29918.365 | E13: =(C13+D13)*0.3 -> 17951.019 | F13: =(C13+D13)*0.3 -> 17951.019 | G13: =SUM(C13:F13) -> 95738.768 | H13: =ROUND(G13/$C$25,0) -> 4651 | I13: =H13 -> 4651
A14: 6 | B14: Инженер 1 категории | C14: 26399.865 | D14: =C14*1 -> 26399.865 | E14: =(C14+D14)*0.3 -> 15839.919 | F14: =(C14+D14)*0.3 -> 15839.919 | G14: =SUM(C14:F14) -> 84479.568 | H14: =ROUND(G14/$C$25,0) -> 4104 | I14: =H14 -> 4104
A15: 7 | B15: Инженер 2 категории | C15: 22086.865 | D15: =C15*1 -> 22086.865 | E15: =(C15+D15)*0.3 -> 13252.119 | F15: =(C15+D15)*0.3 -> 13252.119 | G15: =SUM(C15:F15) -> 70677.968 | H15: =ROUND(G15/$C$25,0) -> 3434 | I15: =H15 -> 3434
A16: 8 | B16: Инженер | C16: 19135.865 | D16: =C16*1 -> 19135.865 | E16: =(C16+D16)*0.3 -> 11481.519 | F16: =(C16+D16)*0.3 -> 11481.519 | G16: =SUM(C16:F16) -> 61234.768 | H16: =ROUND(G16/$C$25,0) -> 2975 | I16: =H16 -> 2975
A21: 2. | B21: Налог на добавленную стоимость (НДС) | C21: 0.2
A23: 3. | B23: Количество рабочих дней в году по балансу рабочего вренмени | C23: 247 | D23: Приказ № СибИАЦ/475 от 01.11.2021
A25: 4. | B25: Среднее количество рабочих дней в месяце ( =247/12) | C25: =C23/12 -> 20.583333
A26: 5. | B26: Величина страховых взносов на заработную плату | C26: 0.3 | D26: Приказ №СибИАЦ/161 от 25.04.2022 ( Приложение №1)
A27: 6. | B27: Уровень накладных расходов | C27: 0.61 | D27: Приказ №СибИАЦ/161 от 25.04.2022 ( Приложение №1)
A29: 7. | B29: Уровень рентабельности | C29: 0.035 | D29: Приказ №СибИАЦ/161 от 25.04.2022 ( Приложение №4)
B32: Начальник планово-производственного сектора
B33: ОСП Сибирьэнергопроект АО "СибИАЦ" | F33: Ю.В. Воробьева

Sheet СБЦП 81-02-07-2001
A1: № | B1: Диаметр | C1: Длина, км | E1: a, тыс. руб. | F1: в, тыс. руб. | L1: Узел управления и обслуживания электрифицированных задвижек на 2-х трубных тепловых сетях, мм | M1: a, тыс. руб. | N1: в, тыс. руб. | O1: №
C2: мин. | D2: макс. | L2: 500 | M2: 29.3 | N2: 0 | O2: Таб. №12, п.1
A3: Таб. №9, п.1 | B3: 50 | C3: 0 | D3: 0.05 | E3: 16.61 | G3: до 0,05 км | L3: 600 | M3: 40.86 | N3: 0 | O3: Таб. №12, п.2
A4: Таб. №9, п.2 | B4: =B3 -> 50 | C4: 0.05 | D4: 0.1 | E4: 4.99 | F4: 232.47 | G4: свыше 0,05 км до 0,1 км | L4: 700 | M4: =M3 -> 40.86 | N4: 0 | O4: Таб. №12, п.3
A5: Таб. №9, п.3 | B5: =B4 -> 50 | C5: 0.1 | D5: 1 | E5: 14.24 | F5: 139.96 | G5: свыше 0,1 км до 1 км | L5: 800 | M5: 52.43 | N5: 0 | O5: Таб. №12, п.4
A6: Таб. №9, п.4 | B6: =B5 -> 50 | C6: 1 | D6: 5 | E6: 53.39 | F6: 100.82 | G6: свыше 1 км до 5 км | L6: 900 | M6: =M5 -> 52.43 | N6: 0 | O6: Таб. №12, п.5
A7: Таб. №9, п.6 | B7: 80 | C7: 0 | D7: 0.05 | E7: 17.94 | G7: до 0,05 км | L7: 1000 | M7: 60.14 | N7: 0 | O7: Таб. №12, п.6
A8: Таб. №9, п.7 | B8: =B7 -> 80 | C8: 0.05 | D8: 0.1 | E8: 5.39 | F8: 251.07 | G8: свыше 0,05 км до 0,1 км | L8: 1200 | M8: 63.99 | N8: 0 | O8: Таб. №12, п.7
A9: Таб. №9, п.8 | B9: =B8 -> 80 | C9: 0.1 | D9: 1 | E9: 15.38 | F9: 151.16 | G9: свыше 0,1 км до 1 км | L9: 1400 | M9: 68.62 | N9: 0 | O9: Таб. №12, п.8
A10: Таб. №9, п.9 | B10: =B9 -> 80 | C10: 1 | D10: 5 | E10: 57.66 | F10: 108.88 | G10: свыше 1 км до 5 км
A11: Таб. №9, п.11 | B11: 100 | C11: 0 | D11: 0.05 | E11: 20.45 | G11: до 0,05 км
A12: Таб. №9, п.12 | B12: =B11 -> 100 | C12: 0.05 | D12: 0.1 | E12: 6.14 | F12: 286.22 | G12: свыше 0,05 км до 0,1 км | P12: № | Q12: Подкачивающая насосная станция суммарной производительностью, м³/ч | R12: Производительность, м³/ч | T12: a, тыс. руб. | U12: в, тыс. руб.
A13: Таб. №9, п.13 | B13: =B12 -> 100 | C13: 0.1 | D13: 1 | E13: 17.53 | F13: 172.32 | G13: свыше 0,1 км до 1 км | R13: мин. | S13: макс.
A14: Таб. №9, п.14 | B14: =B13 -> 100 | C14: 1 | D14: 5 | E14: 65.73 | F14: 124.12 | G14: свыше 1 км до 5 км | P14: Таб. №11, п.1 | Q14: от 1000 до 2500 | R14: 999 | S14: 2500 | T14: 252.38 | U14: 0.1327
A15: Таб. №9, п.16 | B15: 150 | C15: 0 | D15: 0.05 | E15: 21.88 | G15: до 0,05 км | P15: Таб. №11, п.2 | Q15: свыше 2500 до 3750 | R15: 2500 | S15: 3750 | T15: 382.68 | U15: 0.0806
A16: Таб. №9, п.17 | B16: =B15 -> 150 | C16: 0.05 | D16: 0.1 | E16: 6.57 | F16: 306.25 | G16: свыше 0,05 км до 0,1 км | P16: Таб. №11, п.3 | Q16: свыше 3750 до 5000 | R16: 3750 | S16: 5000 | T16: 467.06 | U16: 0.0581
A17: Таб. №9, п.18 | B17: =B16 -> 150 | C17: 0.1 | D17: 1 | E17: 18.75 | F17: 184.38 | G17: свыше 0,1 км до 1 км | P17: Таб. №11, п.4 | Q17: свыше 5000 до 10000 | R17: 5000 | S17: 10000 | T17: 539.06 | U17: 0.0437
A18: Таб. №9, п.19 | B18: =B17 -> 150 | C18: 1 | D18: 5 | E18: 70.32 | F18: 132.81 | G18: свыше 1 км до 5 км | P18: Таб. №11, п.5 | Q18: свыше 10000 до 15000 | R18: 10000 | S18: 15000 | T18: 579.06 | U18: 0.0397
A19: Таб. №9, п.20 | B19: =B18 -> 150 | C19: 5 | D19: 100 | E19: 734.37 | G19: свыше 5 км до 100 км | P19: Таб. №11, п.6 | Q19: свыше 15000 до 20000 | R19: 15000 | S19: 20000 | T19: 651.06 | U19: 0.0349
A20: Таб. №9, п.21 | B20: 200 | C20: 0 | D20: 0.05 | E20: 26.48 | G20: до 0,05 км
A21: Таб. №9, п.22 | B21: =B20 -> 200 | C21: 0.05 | D21: 0.1 | E21: 7.95 | F21: 370.56 | G21: свыше 0,05 км до 0,1 км | W21: № | X21: Центральный тепловой пункт в составе: коллекторных теплофикационный воды, насосных установок, теплообменного оборудования и регулирующих устройств - с суммарной нагрузкой, Гкал/ч | Y21: Производительность, Гкал/ч | AA21: a, тыс. руб. | AB21: в, тыс. руб.
A22: Таб. №9, п.23 | B22: =B21 -> 200 | C22: 0.1 | D22: 1 | E22: 22.69 | F22: 223.1 | G22: свыше 0,1 км до 1 км | Y22: мин. | Z22: макс.
A23: Таб. №9, п.24 | B23: =B22 -> 200 | C23: 1 | D23: 5 | E23: 85.09 | F23: 160.7 | G23: свыше 1 км до 5 км | W23: Таб. №14, п.1 | X23: свыше 10 до 40 | Y23: 9 | Z23: 40 | AA23: 1068.07 | AB23: 4.25
A24: Таб. №9, п.25 | B24: =B23 -> 200 | C24: 5 | D24: 100 | E24: 888.59 | G24: свыше 5 км до 100 км | W24: Таб. №14, п.2 | X24: свыше 40 до 160 | Y24: 40 | Z24: 160 | AA24: 1151.67 | AB24: 2.16
A25: Таб. №9, п.26 | B25: 250 | C25: 0 | D25: 0.05 | E25: 30.19 | G25: до 0,05 км
A26: Таб. №9, п.27 | B26: =B25 -> 250 | C26: 0.05 | D26: 0.1 | E26: 9.07 | F26: 422.44 | G26: свыше 0,05 км до 0,1 км
A27: Таб. №9, п.28 | B27: =B26 -> 250 | C27: 0.1 | D27: 1 | E27: 25.88 | F27: 254.33 | G27: свыше 0,1 км до 1 км | AD27: № | AE27: Аккумуляторная установка суммарной емкостью резервуаров, тыс. м³ | AF27: Емкость, тыс. м³ | AH27: a, тыс. руб. | AI27: в, тыс. руб.
A28: Таб. №9, п.29 | B28: =B27 -> 250 | C28: 1 | D28: 5 | E28: 97 | F28: 183.2 | G28: свыше 1 км до 5 км | AF28: мин. | AG28: макс.
A29: Таб. №9, п.30 | B29: =B28 -> 250 | C29: 5 | D29: 100 | E29: 1013 | G29: свыше 5 км до 100 км | AD29: Таб. №13, п.1 | AE29: до 0,1 | AF29: 0 | AG29: 0.1 | AH29: 190
A30: Таб. №9, п.31 | B30: 300 | C30: 0 | D30: 0.05 | E30: 57.23 | G30: до 0,05 км | AD30: Таб. №13, п.2 | AE30: свыше 0,1 до 0,5 | AF30: 0.1 | AG30: 0.5 | AH30: 180 | AI30: 100
A31: Таб. №9, п.32 | B31: =B30 -> 300 | C31: 0.05 | D31: 0.1 | E31: 19.12 | F31: 762.26 | G31: свыше 0,05 км до 0,1 км | AD31: Таб. №13, п.3 | AE31: свыше 0,5 до 1 | AF31: 0.5 | AG31: 1 | AH31: 190 | AI31: 80
A32: Таб. №9, п.33 | B32: =B31 -> 300 | C32: 0.1 | D32: 1 | E32: 68.56 | F32: 267.93 | G32: свыше 0,1 км до 1 км | AD32: Таб. №13, п.4 | AE32: свыше 1 до 2 | AF32: 1 | AG32: 2 | AH32: 214.13 | AI32: 55.866
A33: Таб. №9, п.34 | B33: =B32 -> 300 | C33: 1 | D33: 5 | E33: 128.94 | F33: 207.55 | G33: свыше 1 км до 5 км | AD33: Таб. №13, п.5 | AE33: свыше 2 до 6 | AF33: 2 | AG33: 6 | AH33: 279.44 | AI33: 23.213
A34: Таб. №9, п.35 | B34: =B33 -> 300 | C34: 5 | D34: 100 | E34: 1166.69 | G34: свыше 5 км до 100 км | AD34: Таб. №13, п.6 | AE34: свыше 6 до 15 | AF34: 6 | AG34: 15 | AH34: 315.52 | AI34: 17.2
A35: Таб. №9, п.36 | B35: 350 | C35: 0 | D35: 0.05 | E35: 60.44 | G35: до 0,05 км | AD35: Таб. №13, п.7 | AE35: свыше 15 до 30 | AF35: 15 | AG35: 30 | AH35: 351.61 | AI35: 14.794
A36: Таб. №9, п.37 | B36: =B35 -> 350 | C36: 0.05 | D36: 0.1 | E36: 20.19 | F36: 804.95 | G36: свыше 0,05 км до 0,1 км
A37: Таб. №9, п.38 | B37: =B36 -> 350 | C37: 0.1 | D37: 1 | E37: 72.4 | F37: 282.93 | G37: свыше 0,1 км до 1 км
A38: Таб. №9, п.39 | B38: =B37 -> 350 | C38: 1 | D38: 5 | E38: 136.16 | F38: 219.17 | G38: свыше 1 км до 5 км
A39: Таб. №9, п.40 | B39: =B38 -> 350 | C39: 5 | D39: 100 | E39: 1232.01 | G39: свыше 5 км до 100 км
A40: Таб. №9, п.41 | B40: 400 | C40: 0 | D40: 0.05 | E40: 62.86 | G40: до 0,05 км
A41: Таб. №9, п.42 | B41: =B40 -> 400 | C41: 0.05 | D41: 0.1 | E41: 21 | F41: 837.15 | G41: свыше 0,05 км до 0,1 км
A42: Таб. №9, п.43 | B42: =B41 -> 400 | C42: 0.1 | D42: 1 | E42: 75.3 | F42: 294.25 | G42: свыше 0,1 км до 1 км
A43: Таб. №9, п.44 | B43: =B42 -> 400 | C43: 1 | D43: 5 | E43: 141.61 | F43: 227.94 | G43: свыше 1 км до 5 км
A44: Таб. №9, п.45 | B44: =B43 -> 400 | C44: 5 | D44: 100 | E44: 1281.31 | G44: свыше 5 км до 100 км
A45: Таб. №9, п.46 | B45: 450 | C45: 0 | D45: 0.05 | E45: 65.37 | G45: до 0,05 км
A46: Таб. №9, п.47 | B46: =B45 -> 450 | C46: 0.05 | D46: 0.1 | E46: 21.84 | F46: 870.64 | G46: свыше 0,05 км до 0,1 км
A47: Таб. №9, п.48 | B47: =B46 -> 450 | C47: 0.1 | D47: 1 | E47: 78.31 | F47: 306.02 | G47: свыше 0,1 км до 1 км
A48: Таб. №9, п.49 | B48: =B47 -> 450 | C48: 1 | D48: 5 | E48: 147.27 | F48: 237.06 | G48: свыше 1 км до 5 км
A49: Таб. №9, п.50 | B49: =B48 -> 450 | C49: 5 | D49: 100 | E49: 1332.57 | G49: свыше 5 км до 100 км
A50: Таб. №9, п.51 | B50: 500 | C50: 0 | D50: 0.05 | E50: 73.9 | G50: до 0,05 км
A51: Таб. №9, п.52 | B51: =B50 -> 500 | C51: 0.05 | D51: 0.1 | E51: 24.3 | F51: 992.17 | G51: свыше 0,05 км до 0,1 км
A52: Таб. №9, п.53 | B52: =B51 -> 500 | C52: 0.1 | D52: 1 | E52: 86.52 | F52: 370 | G52: свыше 0,1 км до 1 км
A53: Таб. №9, п.54 | B53: =B52 -> 500 | C53: 1 | D53: 5 | E53: 148.26 | F53: 308.26 | G53: свыше 1 км до 5 км
A54: Таб. №9, п.55 | B54: =B53 -> 500 | C54: 5 | D54: 100 | E54: 1689.56 | G54: свыше 5 км до 100 км
A55: Таб. №9, п.56 | B55: 600 | C55: 0 | D55: 0.05 | E55: 84.85 | G55: до 0,05 км
A56: Таб. №9, п.57 | B56: =B55 -> 600 | C56: 0.05 | D56: 0.1 | E56: 27.9 | F56: 1139.01 | G56: свыше 0,05 км до 0,1 км
A57: Таб. №9, п.58 | B57: =B56 -> 600 | C57: 0.1 | D57: 1 | E57: 99.33 | F57: 424.76 | G57: свыше 0,1 км до 1 км
A58: Таб. №9, п.59 | B58: =B57 -> 600 | C58: 1 | D58: 5 | E58: 170.21 | F58: 353.88 | G58: свыше 1 км до 5 км
A59: Таб. №9, п.60 | B59: =B58 -> 600 | C59: 5 | D59: 100 | E59: 1939.61 | G59: свыше 5 км до 100 км
A60: Таб. №9, п.61 | B60: 700 | C60: 0 | D60: 0.05 | E60: 93.51 | G60: до 0,05 км
A61: Таб. №9, п.62 | B61: =B60 -> 700 | C61: 0.05 | D61: 0.1 | E61: 30.75 | F61: 1255.19 | G61: свыше 0,05 км до 0,1 км
A62: Таб. №9, п.63 | B62: =B61 -> 700 | C62: 0.1 | D62: 1 | E62: 109.46 | F62: 468.09 | G62: свыше 0,1 км до 1 км
A63: Таб. №9, п.64 | B63: =B62 -> 700 | C63: 1 | D63: 5 | E63: 187.57 | F63: 389.98 | G63: свыше 1 км до 5 км
A64: Таб. №9, п.65 | B64: =B63 -> 700 | C64: 5 | D64: 100 | E64: 2137.47 | G64: свыше 5 км до 100 км
A65: Таб. №9, п.66 | B65: 800 | C65: 0 | D65: 0.05 | E65: 111.53 | G65: до 0,05 км
A66: Таб. №9, п.67 | B66: =B65 -> 800 | C66: 0.05 | D66: 0.1 | E66: 36.55 | F66: 1499.53 | G66: свыше 0,05 км до 0,1 км
A67: Таб. №9, п.68 | B67: =B66 -> 800 | C67: 0.1 | D67: 1 | E67: 133.55 | F67: 529.52 | G67: свыше 0,1 км до 1 км
A68: Таб. №9, п.69 | B68: =B67 -> 800 | C68: 1 | D68: 5 | E68: 241.8 | F68: 421.28 | G68: свыше 1 км до 5 км
A69: Таб. №9, п.70 | B69: =B68 -> 800 | C69: 5 | D69: 100 | E69: 2348.2 | G69: свыше 5 км до 100 км
A70: Таб. №9, п.71 | B70: 900 | C70: 0 | D70: 0.05 | E70: 127.14 | G70: до 0,05 км
A71: Таб. №9, п.72 | B71: =B70 -> 900 | C71: 0.05 | D71: 0.1 | E71: 41.67 | F71: 1709.46 | G71: свыше 0,05 км до 0,1 км
A72: Таб. №9, п.73 | B72: =B71 -> 900 | C72: 0.1 | D72: 1 | E72: 152.25 | F72: 603.65 | G72: свыше 0,1 км до 1 км
A73: Таб. №9, п.74 | B73: =B72 -> 900 | C73: 1 | D73: 5 | E73: 275.65 | F73: 480.26 | G73: свыше 1 км до 5 км
A74: Таб. №9, п.75 | B74: =B73 -> 900 | C74: 5 | D74: 100 | E74: 2676.95 | G74: свыше 5 км до 100 км
A75: Таб. №9, п.76 | B75: 1000 | C75: 0 | D75: 0.05 | E75: 132.2 | G75: до 0,05 км
A76: Таб. №9, п.77 | B76: =B75 -> 1000 | C76: 0.05 | D76: 0.1 | E76: 43.92 | F76: 1765.96 | G76: свыше 0,05 км до 0,1 км
A77: Таб. №9, п.78 | B77: =B76 -> 1000 | C77: 0.1 | D77: 1 | E77: 153.5 | F77: 670.21 | G77: свыше 0,1 км до 1 км
A78: Таб. №9, п.79 | B78: =B77 -> 1000 | C78: 1 | D78: 5 | E78: 311.55 | F78: 512.16 | G78: свыше 1 км до 5 км
A79: Таб. №9, п.80 | B79: =B78 -> 1000 | C79: 5 | D79: 100 | E79: 2872.35 | G79: свыше 5 км до 100 км
A80: Таб. №9, п.81 | B80: 1200 | C80: 0 | D80: 0.05 | E80: 171.63 | G80: до 0,05 км
A81: Таб. №9, п.82 | B81: =B80 -> 1200 | C81: 0.05 | D81: 0.1 | E81: 57.21 | F81: 2288.33 | G81: свыше 0,05 км до 0,1 км
A82: Таб. №9, п.83 | B82: =B81 -> 1200 | C82: 0.1 | D82: 1 | E82: 200.23 | F82: 858.12 | G82: свыше 0,1 км до 1 км
A83: Таб. №9, п.84 | B83: =B82 -> 1200 | C83: 1 | D83: 5 | E83: 392.45 | F83: 665.9 | G83: свыше 1 км до 5 км
A84: Таб. №9, п.85 | B84: =B83 -> 1200 | C84: 5 | D84: 100 | E84: 3721.95 | G84: свыше 5 км до 100 км
A85: Таб. №9, п.86 | B85: 1400 | C85: 0 | D85: 0.05 | E85: 199.51 | G85: до 0,05 км
A86: Таб. №9, п.87 | B86: =B85 -> 1400 | C86: 0.05 | D86: 0.1 | E86: 66.44 | F86: 2661.38 | G86: свыше 0,05 км до 0,1 км
A87: Таб. №9, п.88 | B87: =B86 -> 1400 | C87: 0.1 | D87: 1 | E87: 231.24 | F87: 1013.42 | G87: свыше 0,1 км до 1 км
A88: Таб. №9, п.89 | B88: =B87 -> 1400 | C88: 1 | D88: 5 | E88: 465.53 | F88: 779.13 | G88: свыше 1 км до 5 км
A89: Таб. №9, п.90 | B89: =B88 -> 1400 | C89: 5 | D89: 100 | E89: 4361.18 | G89: свыше 5 км до 100 км

Sheet коэфф.
A1: Название | B1: Пункт | C1: MIN | D1: MAX | E1: Коэфф.
A2: Технолог. трубопровод | B2: п. 2.6.5 | E2: 1.1
A3: Кол. труб тепловой сети | B3: п. 2.6.6 | E3: 0.25
A4: Паропровод, конденсатопровод | B4: п. 2.6.7 | E4: 1.15
A5: Коэффициент застройки | B5: п. 2.6.8 | C5: 0.3 | D5: 0.5 | E5: 1.2 | F5: Коэффициент застройки - отношение площади, занятой под зданиями и сооружениями, к площади участка.
A6: Коэффициент застройки | B6: =B5 -> п. 2.6.8 | C6: 0.5 | D6: 0.8 | E6: 1.4
A7: Кол. пересечений сущ. коммуникация | B7: п. 2.6.9 | C7: 5 | D7: 10 | E7: 1.1
A8: Кол. пересечений сущ. коммуникация | B8: =B7 -> п. 2.6.9 | C8: 11 | D8: 100 | E8: 1.15
A9: Пересеченный рельев и овраги | B9: п. 2.6.10 | E9: 1.2
A10: Тип прокладки
A11: =списки!C24 -> бесканальная прокладка с дренажом | B11: п. 2.6.11 | E11: 1.2
A12: =списки!C21 -> канальная прокладка | B12: п. 2.6.11 | E12: 1.5
C13: высота опоры
A14: =списки!C22 -> надземная прокладка | B14: п. 2.6.11 | D14: 1.5 | E14: 0.85
A15: =списки!C22 -> надземная прокладка | B15: п. 2.6.11 | C15: 1.5 | E15: 0.95
C16: от земли до низа канала
A17: Глуб. залож. до нижнего габарита, м | B17: п. 2.6.11 | C17: 2 | E17: 1.1
A18: Кол-то труб в узле | B18: п. 2.6.12 | E18: 1.3
A19: Кол-во повторных узлов | B19: п. 2.6.12 | E19: 0.35
A20: Герметик в БАГВ | B20: п. 2.6.13 | E20: 1.2
A21: Усиление бака от разрушения | B21: п. 2.6.13 | E21: 1.4
A22: ЦТП с паром | B22: п. 2.6.14 | E22: 1.2

Sheet списки
A1: 1400
A2: 1200
A3: 1000
A4: 900
A5: 800
A6: 700
A7: 600
A8: 500
A9: 450
A10: 400
A11: 350
A12: 300
... A18: 80
A19: 50 | I19: реконструкция
I20: техническое перевооружение
C21: канальная прокладка
C22: надземная прокладка
C23: бесканальная прокладка
C24: бесканальная прокладка с дренажом | E24: Заказчик | F24: Должность | G24: Фамилия | H24: Номер договора
E25: филиал «Красноярская теплосеть» АО «Енисейская ТГК (ТГК-13)» | F25: Директор филиала «Красноярская теплосеть» АО «Енисейская ТГК (ТГК-13)» | G25: С.В. Иванов | H25: КТТК-21/236 от 29.04.2021
E26: ООО «Южно-Сибирская Теплосетевая компания»
E27: АО "Барнаульская теплосетевая компания"
E28: АО "Кемеровская теплосетевая компания"
E29: ООО «Новосибирская теплосетевая компания»
E30: АО "Барнаульская тепломагистральная компания"
E31: ООО "Красноярская теплоэнергетическая компания"
E32: АО "Кызылская ТЭЦ"
G36: Проектная и рабочая документация | I36: Руководитель ОСП Сибирьэнергопроект АО "СибИАЦ" | J36: В.В. Ермаков
G37: Рабочая документация | I37: Начальник Красноярского отделения ПИ Сибирьэнергопроект АО "СибИАЦ" | J37: С.Г. Лобов
G38: Проектная документация
G40: проектной и рабочей документации
C41: Тепловая сеть | D41: мм | E41: DN | G41: рабочей документации
C42: Паропровод | D42: мм | E42: DN | G42: проектной документации
C43: Конденсатопровод | D43: мм | E43: DN
C44: Узел управления и обслуживания электрифицированных задвижек | D44: мм | E44: DN
C45: ПНС | D45: м³/ч | E45: G=
C46: ЦТП | D46: Гкал/ч | E46: Q=
C47: БАГВ | D47: м³ | E47: V=
L48: ИГДИ | M48: Инженерно-геодезические
L49: ИГИ | M49: Инженерно-геологические
L50: ИЭИ | M50: Инженерно-экологические
L51: ИГМИ | M51: Инженерно-гидрометеорологические

Sheet Списки_2
A1: =списки!$C$41 -> Тепловая сеть | B1: 1400
A2: =списки!$C$41 -> Тепловая сеть | B2: 1200
A3: =списки!$C$41 -> Тепловая сеть | B3: 1000
A4: =списки!$C$41 -> Тепловая сеть | B4: 900
A5: =списки!$C$41 -> Тепловая сеть | B5: 800
A6: =списки!$C$41 -> Тепловая сеть | B6: 700
A7: =списки!$C$41 -> Тепловая сеть | B7: 600
A8: =списки!$C$41 -> Тепловая сеть | B8: 500
A9: =списки!$C$41 -> Тепловая сеть | B9: 450
A10: =списки!$C$41 -> Тепловая сеть | B10: 400
A11: =списки!$C$41 -> Тепловая сеть | B11: 350
A12: =списки!$C$41 -> Тепловая сеть | B12: 300
... A19: =списки!$C$41 -> Тепловая сеть | B19: 50
A20: =списки!$C$42 -> Паропровод | B20: 1400
A21: =списки!$C$42 -> Паропровод | B21: 1200
A22: =списки!$C$42 -> Паропровод | B22: 1000
A23: =списки!$C$42 -> Паропровод | B23: 900
A24: =списки!$C$42 -> Паропровод | B24: 800
A25: =списки!$C$42 -> Паропровод | B25: 700
A26: =списки!$C$42 -> Паропровод | B26: 600
A27: =списки!$C$42 -> Паропровод | B27: 500
A28: =списки!$C$42 -> Паропровод | B28: 450
A29: =списки!$C$42 -> Паропровод | B29: 400
A30: =списки!$C$42 -> Паропровод | B30: 350
A31: =списки!$C$42 -> Паропровод | B31: 300
... A38: =списки!$C$42 -> Паропровод | B38: 50
A39: =списки!$C$43 -> Конденсатопровод | B39: 1400
A40: =списки!$C$43 -> Конденсатопровод | B40: 1200
A41: =списки!$C$43 -> Конденсатопровод | B41: 1000
A42: =списки!$C$43 -> Конденсатопровод | B42: 900
A43: =списки!$C$43 -> Конденсатопровод | B43: 800
A44: =списки!$C$43 -> Конденсатопровод | B44: 700
A45: =списки!$C$43 -> Конденсатопровод | B45: 600
A46: =списки!$C$43 -> Конденсатопровод | B46: 500
A47: =списки!$C$43 -> Конденсатопровод | B47: 450
A48: =списки!$C$43 -> Конденсатопровод | B48: 400
A49: =списки!$C$43 -> Конденсатопровод | B49: 350
A50: =списки!$C$43 -> Конденсатопровод | B50: 300
... A57: =списки!$C$43 -> Конденсатопровод | B57: 50
A58: =списки!$C$44 -> Узел управления и обслуживания электрифицированных задвижек | B58: 1400
A59: =списки!$C$44 -> Узел управления и обслуживания электрифицированных задвижек | B59: 1200
A60: =списки!$C$44 -> Узел управления и обслуживания электрифицированных задвижек | B60: 1000
A61: =списки!$C$44 -> Узел управления и обслуживания электрифицированных задвижек | B61: 900
A62: =списки!$C$44 -> Узел управления и обслуживания электрифицированных задвижек | B62: 800
A63: =списки!$C$44 -> Узел управления и обслуживания электрифицированных задвижек | B63: 700
A64: =списки!$C$44 -> Узел управления и обслуживания электрифицированных задвижек | B64: 600
A65: =списки!$C$44 -> Узел управления и обслуживания электрифицированных задвижек | B65: 500
A66: =списки!$C$45 -> ПНС | B66: 1000
A67: =списки!$C$45 -> ПНС | B67: 1001
A68: =списки!$C$45 -> ПНС | B68: 1002
A69: =списки!$C$45 -> ПНС | B69: 1003
A70: =списки!$C$45 -> ПНС | B70: 1004
A71: =списки!$C$45 -> ПНС | B71: 1005
A72: =списки!$C$45 -> ПНС | B72: 1006
A73: =списки!$C$45 -> ПНС | B73: 1007
A74: =списки!$C$45 -> ПНС | B74: 1008
A75: =списки!$C$45 -> ПНС | B75: 1009
A76: =списки!$C$45 -> ПНС | B76: 1010
A77: =списки!$C$45 -> ПНС | B77: 1011
... A19066: =списки!$C$45 -> ПНС | B19066: 20000
A19067: =списки!$C$46 -> ЦТП | B19067: 160
A19068: =списки!$C$46 -> ЦТП | B19068: =ROUND(B19067-0.01,2) -> 159.99
A19069: =списки!$C$46 -> ЦТП | B19069: =ROUND(B19068-0.01,2) -> 159.98
A19070: =списки!$C$46 -> ЦТП | B19070: =ROUND(B19069-0.01,2) -> 159.97
A19071: =списки!$C$46 -> ЦТП | B19071: =ROUND(B19070-0.01,2) -> 159.96
A19072: =списки!$C$46 -> ЦТП | B19072: =ROUND(B19071-0.01,2) -> 159.95
A19073: =списки!$C$46 -> ЦТП | B19073: =ROUND(B19072-0.01,2) -> 159.94
A19074: =списки!$C$46 -> ЦТП | B19074: =ROUND(B19073-0.01,2) -> 159.93
A19075: =списки!$C$46 -> ЦТП | B19075: =ROUND(B19074-0.01,2) -> 159.92
A19076: =списки!$C$46 -> ЦТП | B19076: =ROUND(B19075-0.01,2) -> 159.91
A19077: =списки!$C$46 -> ЦТП | B19077: =ROUND(B19076-0.01,2) -> 159.9
A19078: =списки!$C$46 -> ЦТП | B19078: =ROUND(B19077-0.01,2) -> 159.89
A19079: =списки!$C$46 -> ЦТП | B19079: =ROUND(B19078-0.01,2) -> 159.88
... A34067: =списки!$C$46 -> ЦТП | B34067: =ROUND(B34066-0.01,2) -> 10
A34068: =списки!$C$47 -> БАГВ | B34068: 1
A34069: =списки!$C$47 -> БАГВ | B34069: 2
A34070: =списки!$C$47 -> БАГВ | B34070: 3
A34071: =списки!$C$47 -> БАГВ | B34071: 4
A34072: =списки!$C$47 -> БАГВ | B34072: 5
A34073: =списки!$C$47 -> БАГВ | B34073: 6
A34074: =списки!$C$47 -> БАГВ | B34074: 7
A34075: =списки!$C$47 -> БАГВ | B34075: 8
A34076: =списки!$C$47 -> БАГВ | B34076: 9
A34077: =списки!$C$47 -> БАГВ | B34077: 10
A34078: =списки!$C$47 -> БАГВ | B34078: 11
A34079: =списки!$C$47 -> БАГВ | B34079: 12
... A64067: =списки!$C$47 -> БАГВ | B64067: 30000

Sheet Списки_3
A1: Тип | B1: № | C1: Диаметр | F1: a, тыс. руб. | G1: в, тыс. руб.
D2: мин. | E2: макс.
A3: =списки!$C$41 -> Тепловая сеть | B3: Таб. №9, п.1 | C3: 50 | D3: 0 | E3: 0.05 | F3: 16.61 | G3: 0 | H3: =CONCATENATE(B3," - Тепловая сеть в 2-х трубном исчислении диаметром трубопровода ",C3," мм, протяженностью ",I3," - a=",F3,", ","b=",G3) -> Таб. №9, п.1 - Тепловая сеть в 2-х трубном исчислении диаметром трубопровода 50 мм, протяженностью до 0,05 км - a=16,61, b=0 | I3: до 0,05 км
A4: =списки!$C$41 -> Тепловая сеть | B4: Таб. №9, п.2 | C4: =C3 -> 50 | D4: 0.05 | E4: 0.1 | F4: 4.99 | G4: 232.47 | H4: =CONCATENATE(B4," - Тепловая сеть в 2-х трубном исчислении диаметром трубопровода ",C4," мм, протяженностью ",I4," - a=",F4,", ","b=",G4) -> Таб. №9, п.2 - Тепловая сеть в 2-х трубном исчислении диаметром трубопровода 50 мм, протяженностью свыше 0,05 км до 0,1 км - a=4,99, b=232,47 | I4: свыше 0,05 км до 0,1 км
A5: =списки!$C$41 -> Тепловая сеть | B5: Таб. №9, п.3 | C5: =C4 -> 50 | D5: 0.1 | E5: 1 | F5: 14.24 | G5: 139.96 | H5: =CONCATENATE(B5," - Тепловая сеть в 2-х трубном исчислении диаметром трубопровода ",C5," мм, протяженностью ",I5," - a=",F5,", ","b=",G5) -> Таб. №9, п.3 - Тепловая сеть в 2-х трубном исчислении диаметром трубопровода 50 мм, протяженностью свыше 0,1 км до 1 км - a=14,24, b=139,96 | I5: свыше 0,1 км до 1 км
A6: =списки!$C$41 -> Тепловая сеть | B6: Таб. №9, п.4 | C6: =C5 -> 50 | D6: 1 | E6: 5 | F6: 53.39 | G6: 100.82 | H6: =CONCATENATE(B6," - Тепловая сеть в 2-х трубном исчислении диаметром трубопровода ",C6," мм, протяженностью ",I6," - a=",F6,", ","b=",G6) -> Таб. №9, п.4 - Тепловая сеть в 2-х трубном исчислении диаметром трубопровода 50 мм, протяженностью свыше 1 км до 5 км - a=53,39, b=100,82 | I6: свыше 1 км до 5 км
A7: =списки!$C$41 -> Тепловая сеть | B7: Таб. №9, п.6 | C7: 80 | D7: 0 | E7: 0.05 | F7: 17.94 | G7: 0 | H7: =CONCATENATE(B7," - Тепловая сеть в 2-х трубном исчислении диаметром трубопровода ",C7," мм, протяженностью ",I7," - a=",F7,", ","b=",G7) -> Таб. №9, п.6 - Тепловая сеть в 2-х трубном исчислении диаметром трубопровода 80 мм, протяженностью до 0,05 км - a=17,94, b=0 | I7: до 0,05 км
A8: =списки!$C$41 -> Тепловая сеть | B8: Таб. №9, п.7 | C8: =C7 -> 80 | D8: 0.05 | E8: 0.1 | F8: 5.39 | G8: 251.07 | H8: =CONCATENATE(B8," - Тепловая сеть в 2-х трубном исчислении диаметром трубопровода ",C8," мм, протяженностью ",I8," - a=",F8,", ","b=",G8) -> Таб. №9, п.7 - Тепловая сеть в 2-х трубном исчислении диаметром трубопровода 80 мм, протяженностью свыше 0,05 км до 0,1 км - a=5,39, b=251,07 | I8: свыше 0,05 км до 0,1 км
A9: =списки!$C$41 -> Тепловая сеть | B9: Таб. №9, п.8 | C9: =C8 -> 80 | D9: 0.1 | E9: 1 | F9: 15.38 | G9: 151.16 | H9: =CONCATENATE(B9," - Тепловая сеть в 2-х трубном исчислении диаметром трубопровода ",C9," мм, протяженностью ",I9," - a=",F9,", ","b=",G9) -> Таб. №9, п.8 - Тепловая сеть в 2-х трубном исчислении диаметром трубопровода 80 мм, протяженностью свыше 0,1 км до 1 км - a=15,38, b=151,16 | I9: свыше 0,1 км до 1 км
A10: =списки!$C$41 -> Тепловая сеть | B10: Таб. №9, п.9 | C10: =C9 -> 80 | D10: 1 | E10: 5 | F10: 57.66 | G10: 108.88 | H10: =CONCATENATE(B10," - Тепловая сеть в 2-х трубном исчислении диаметром трубопровода ",C10," мм, протяженностью ",I10," - a=",F10,", ","b=",G10) -> Таб. №9, п.9 - Тепловая сеть в 2-х трубном исчислении диаметром трубопровода 80 мм, протяженностью свыше 1 км до 5 км - a=57,66, b=108,88 | I10: свыше 1 км до 5 км
A11: =списки!$C$41 -> Тепловая сеть | B11: Таб. №9, п.11 | C11: 100 | D11: 0 | E11: 0.05 | F11: 20.45 | G11: 0 | H11: =CONCATENATE(B11," - Тепловая сеть в 2-х трубном исчислении диаметром трубопровода ",C11," мм, протяженностью ",I11," - a=",F11,", ","b=",G11) -> Таб. №9, п.11 - Тепловая сеть в 2-х трубном исчислении диаметром трубопровода 100 мм, протяженностью до 0,05 км - a=20,45, b=0 | I11: до 0,05 км
A12: =списки!$C$41 -> Тепловая сеть | B12: Таб. №9, п.12 | C12: =C11 -> 100 | D12: 0.05 | E12: 0.1 | F12: 6.14 | G12: 286.22 | H12: =CONCATENATE(B12," - Тепловая сеть в 2-х трубном исчислении диаметром трубопровода ",C12," мм, протяженностью ",I12," - a=",F12,", ","b=",G12) -> Таб. №9, п.12 - Тепловая сеть в 2-х трубном исчислении диаметром трубопровода 100 мм, протяженностью свыше 0,05 км до 0,1 км - a=6,14, b=286,22 | I12: свыше 0,05 км до 0,1 км
